Workbook
Name _ftn1: 'Reference Tables'!$B$5
Name _ftn2: 'Reference Tables'!$B$6
Name _ftn3: 'Reference Tables'!$B$7
Name _ftnref3: 'Reference Tables'!$B$49
Name Commercial_MemberMonths_2024: 'Validation by Market'!$B$25
Name Commercial_MemberMonths_2025: 'Validation by Market'!$C$25
Name ICC1_MemberMonths_2024: 'Validation by Market'!$G$54
Name ICC1_MemberMonths_2025: 'Validation by Market'!$H$54
Name ICC2_MemberMonths_2024: 'Validation by Market'!$G$83
Name ICC2_MemberMonths_2025: 'Validation by Market'!$H$83
Name ICC3_MemberMonths_2024: 'Validation by Market'!$G$25
Name ICC3_MemberMonths_2025: 'Validation by Market'!$H$25
Name ICC4_MemberMonths_2024: 'Validation by Market'!$L$25
Name ICC4_MemberMonths_2025: 'Validation by Market'!$M$25
Name ICC5_MemberMonths_2024: 'Validation by Market'!$L$54
Name ICC5_MemberMonths_2025: 'Validation by Market'!$M$54
Name ICC6_MemberMonths_2024: 'Validation by Market'!$L$83
Name ICC6_MemberMonths_2025: 'Validation by Market'!$M$83
Name ICC7_MemberMonths_2024: 'Validation by Market'!$Q$25
Name ICC7_MemberMonths_2025: 'Validation by Market'!$R$25
Name ICC8_MemberMonths_2024: 'Validation by Market'!$Q$54
Name ICC8_MemberMonths_2025: 'Validation by Market'!$R$54
Name Insurer_Code: 'Data Validation Checks'!$B$7
Name Medicaid_MemberMonths_2024: 'Validation by Market'!$B$83
Name Medicaid_MemberMonths_2025: 'Validation by Market'!$C$83
Name Medicare_MemberMonths_2024: 'Validation by Market'!$B$54
Name Medicare_MemberMonths_2025: 'Validation by Market'!$C$54

Sheet Validation Report
A1: Validation Report
A2: ='1. Cover Page'!C17 -> 0
A3: Benchmark Data Submission ###nn##
A5: Carriers are receiving this report to provide feedback on their submission of cost growth benchmark data. This tab includes two tables:
A7: • Validation Overview summarizes the results and status of the data validation checks.
A8: • Findings Log details the specific data for which we identified errors or potential issues that may require clarification or confirmation from the carrier; please follow the guidance under the Carrier Instructions column to remediate any error(s) or potential issue(s).
A11: Important Notes:
A12: ̶ For more information on fixing data described in the Findings Log table below, please see the Data Submission and Validation Process section of the Carrier Benchmark Data Submission Guide.
A13: ̶ DOBI performs validation checks in stages, described further in the Guide; therefore, additional findings in your next submission may be uncovered.
A14: ̶ If the validation checks identified more than one issue in the same row of data, the Findings Log table will show each issue in a separate row; therefore, the table may list the same row of data more than once.
A15: ̶ Due date for resubmission: Please resubmit using this file or the most recent version of the Template within two weeks of receiving this report.
A16: ̶ Questions? For questions or requests to discuss issue remediation and timelines, please contact CarrierDataSubmission@dobi.nj.gov.
A19: Validation Overview
A20: Result | B20: Check Category | C20: Comment
A45: Findings Log
A46: File, Tab, or Row ID | B46: Check Category | C46: Carrier Instructions | D46: Feedback from Carrier

Sheet Contents
A1: New Jersey Health Care Cost Growth Target Benchmark Program
A2: Carrier Benchmark Data Submission Template
A3: Version 4.0 (2024-2025 Reporting Cycle)
A5: Introduction
A6: This Carrier Benchmark Data Submission Template is for commercial carriers to submit total medical expenses (TME) and other required information to the New Jersey (NJ) Department of Banking and Insurance (DOBI). DOBI is collecting these data for each annual health care cost growth benchmark reporting cycle as part of the Health Care Affordability, Responsibility, and Transparency (HART) Program.
A8: Note: The State requires carriers to correct and resubmit data in this Template if it does not adhere to the requirements in the Carrier Benchmark Data Submission Guide (that is, failure to follow requirements will result in state's non-acceptance of the data submission).
A11: Tab Overview
A12: This workbook contains the worksheet tabs described in the table below.
A13: Tab Name | B13: Contents
A14: Contents | B14: Current tab that provides an overview of the Template.
A15: Reference Tables | B15: Lookup and mapping tables for the data fields in tabs two through six that have codified values to categorize data.
A16: 1. Cover Page | B16: Carrier inputs their organization name and contact information for the individual(s) who the state will connect with for data validation questions and feedback.
A17: 2. Total Medical Expenses | B17: Carrier inputs member months, claims payment amounts, and non-claims payment amounts for all members who were NJ residents by insurance category and large provider entity for each reporting year.
A18: 3. Age and Sex Factors | B18: Carrier inputs member months and claims payment amounts by insurance category, large provider entity, age group, and sex for each reporting year.
A19: 4. Standard Deviation | B19: Carrier inputs member months, claims payment amounts, and standard deviation per member per month (PMPM) by market and large provider entity for each reporting year.
A20: 5. Line of Business Enrollment | B20: Carrier inputs member months by line of business (LOB) category for each reporting year.
A21: 6. Pharmacy Rebates | B21: Carrier inputs drug rebate amounts by insurance category for each reporting year.
A22: 7. Mandatory Questions | B22: After completing input tabs one through six, carrier attests they are submitting data that is accurate and complete, and responds to questions about the data they entered in the input tabs.
A23: Data Validation Checks | B23: Carrier reviews tables in tabs prior to submission to confirm consistency and reasonableness of data across and within tabs.
A24: Validation by Market | B24: Carrier reviews tables in tabs prior to submission to confirm accuracy of calculated member month and PMPM spending trends by payment service category for each market and insurance category.
A25: Validation by Provider | B25: Carrier reviews tables in tabs prior to submission to confirm accuracy of calculated member months and PMPM spending trends by provider entity for each market and insurance category.
A28: Version History
A29: For the list of updates and changes to this Template, please see the Version History section in the Carrier Benchmark Data Submission Guide posted to the following sites:
A30: • DOH OHCAT webpage: https://www.nj.gov/health/about/organization/offices/ohcat/#implementation-resources • Benchmark Data Submission Site (requires login, see the Access to the Benchmark Data Submission Site subsection in the Guide for more info): https://sonj.sharepoint.com/sites/DOBI-HART/General%20Information

Sheet Reference Tables
A1: Reference Tables
A2: This tab includes lookup and mapping tables for the row ID fields in input tabs two through six. The row ID fields are a combination of data elements that have a set of valid value options or category codes. For more information on the row ID fields that uniquely identify records, please see the Reporting Categories subsection in the Carrier Benchmark Data Submission Guide.
A4: Insurer Code Valid Values
A5: Insurer Code | B5: Description
A6: 201 | B6: Aetna Better Health
A7: 202 | B7: Amerigroup/ Wellpoint
A8: 203 | B8: AmeriHealth Insurance Co.
A9: 204 | B9: Cigna Health & Life Insurance Co.
A10: 205 | B10: Horizon Healthcare of New Jersey
A11: 206 | B11: United HealthCare Insurance Co.
A12: 207 | B12: WellCare Health Plans of NJ, Inc./ Fidelis Care
A14: Reporting Year Valid Values
A15: Reporting Year | B15: Description
A16: 2024 | B16: Calendar year of data
A17: 2025 | B17: Calendar year of data
A19: Insurance Category Code Valid Values
A20: Insurance Category Code | B20: Description
A21: 1 | B21: MA non-dual eligible members (excluding SHBP & SEHBP members)
A22: 2 | B22: Medicaid MCO non-dual eligible members
A23: 3 | B23: Commercial full claims members (excluding SHBP & SEHBP members)
A24: 4 | B24: Commercial partial claims members (excluding SHBP & SEHBP members)
A25: 5 | B25: MA dual eligible members
A26: 6 | B26: Medicaid MCO dual eligible members
A27: 7 | B27: Commercial SHBP & SEHBP members
A28: 8 | B28: MA SHBP & SEHBP members
A30: Large Provider Entity Code Valid Values
A31: Large Provider Entity Code | B31: Description
A32: 100 | B32: Carrier overall
A33: 101 | B33: Advocare
A34: 102 | B34: Aledade/ NJ MSSP Enhanced
A35: 104 | B35: AtlantiCare Health Solutions, Inc./ AtlantiCare
A36: 105 | B36: Capital Health/ Capital Health Accountable Care Organization, LLC
A37: 106 | B37: ColigoCare/ Valley Health System
A38: 107 | B38: Cooper University Health Care/ AllCare Health Alliance
A39: 108 | B39: Englewood Health Medical Center
A40: 109 | B40: Hackensack Alliance ACO/ Hackensack Meridian Health/ Hackensack Meridian Health Partners/ Meridian ACO, LLC
A41: 110 | B41: Hunterdon Healthcare
A42: 111 | B42: Inspira Care Connect, LLC/ Inspira Health Network
A43: 112 | B43: Partners in Care ACO/ Continuum Health Alliance
... A56: 999 | B56: Unattributed
A58: Age Band Code Valid Values
A59: Age Band Code | B59: Description
A60: 1 | B60: 0 to 1 year old
A61: 2 | B61: 2 to 18 years old
A62: 3 | B62: 19 to 39 years old
A63: 4 | B63: 40 to 54 years old
A64: 5 | B64: 55 to 64 years old
A65: 6 | B65: 65 to 74 years old
A66: 7 | B66: 75 to 84 years old
A67: 8 | B67: 85+ years old
A69: Sex Code Valid Values
A70: Sex Code | B70: Description
A71: 1 | B71: Female
A72: 2 | B72: Male
A74: Market Code Valid Values
A75: Market Code | B75: Description
A76: 1 | B76: Medicare
A77: 2 | B77: Medicaid
A78: 3 | B78: Commercial
A80: Line of Business Category Code Valid Values
A81: LOB Code | B81: Description
A82: 1 | B82: Large group plans, 51+ employees, fully insured (excluding SHBP & SEHBP)
A83: 2 | B83: Small group plans, 2-50 employees, fully insured
A84: 3 | B84: Self-insured plans
A85: 4 | B85: Individual plans (buy coverage on their own)
A86: 5 | B86: Student plans
A87: 6 | B87: MA non-dual eligible plans (excluding SHBP & SEHBP)
A88: 7 | B88: Medicaid MCO non-dual eligible plans
A89: 8 | B89: MA dual eligible plans
A90: 9 | B90: Medicaid MCO dual eligible plans
A91: 10 | B91: Commercial SHBP & SEHBP plans
A92: 11 | B92: MA SHBP & SEHBP plans
A94: Market, Insurance Category, and Line of Business Category Codes Crosswalk
A95: Market Code | B95: Insurance Category Code | C95: Line of Business Category Code
A96: 1 = Medicare | B96: 1 = MA non-dual eligible members (excluding SHBP & SEHBP members) | C96: 6 = MA non-dual eligible plans (excluding SHBP & SEHBP plans)
B97: 5 = MA dual eligible members | C97: 8 = MA dual eligible plans
B98: 8 = MA SHBP & SEHBP members | C98: 11 = MA SHBP & SEHBP plans
A99: 2 = Medicaid | B99: 2 = Medicaid MCO non-dual eligible members | C99: 7 = Medicaid MCO non-dual eligible plans
B100: 6 = Medicaid MCO dual eligible members | C100: 9 = Medicaid MCO dual eligible plans
A101: 3 = Commercial | B101: 3 = Commercial full claims members (excluding SHBP & SEHBP members) 4 = Commercial partial claims members (excluding SHBP & SEHBP members) | C101: 1 = Large group plans (51+ employees), fully insured (excluding SHBP & SEHBP plans) 2 = Small group plans (2-50 employees), fully insured 3 = Self-insured plans 4 = Individual plans (buy coverage on their own) 5 = Student plans
B102: 7 = Commercial SHBP & SEHBP members | C102: 10 = Commercial SHBP & SEHBP plans

Sheet 1. Cover Page
A1: 1. Cover Page
A2: Insurers must complete this tab following the specifications and requirements in the Carrier Benchmark Data Submission Guide (the Guide).
A4: Insurers must also submit this completed template with the following case sensitive naming convention: Dyyyy_Innn_Vnn_TME.xlsx, where:
A6: • “Dyyyy” is the four-digit year (yyyy) when DOBI issued the data request to carriers (i.e., use “2023” for the pre-benchmark submission, “2024” for the transition year and PY1 submission, and so on).
A7: • “Innn” is the three-digit Insurer Code (see the Reference Tables tab for the Insurer Codes).
A8: • “Vnn” is the submission number (i.e., use “V01” for first submission, “V02” if first submission requires corrections, and so on).
A9: • “.xlsx” is the required file extension to use when saving and submitting this file.
A11: Gray text in cells indicates the field ID
A12: Green cells indicate field requires input.
A13: Yellow cells indicate input is optional.
B16: Contact Information
A17: CP01 | B17: Insurer Name
A18: CP02 | B18: Primary Contact Name
A19: CP03 | B19: Primary Contact Email
A20: CP04 | B20: Secondary Contact Name (Optional)
A21: CP05 | B21: Secondary Contact Email (Optional)

Sheet 2. Total Medical Expenses
A1: 2. Total Medical Expenses (TME)
A2: Insurers must complete this tab following the specifications and requirements in the Carrier Benchmark Data Submission Guide.
A4: Gray text in cells indicates the field ID
A5: Dark green cells indicate row ID fields that must contain values that uniquely identify each row of data (i.e., the combination of Insurer Code, Reporting Year, Insurance Category Code, and Large Provider Entity Code must be unique in each row).
A6: Green cells indicate field requires input.
A7: Blue cell indicates template calculates value.
A8: Red cells indicate data does not meet requirements (see the Benchmark Data Submission Guide for more details), but note if carriers copy and paste data into template, it may override the data validation checks that highlight cells when there are issues.
A10: TM01 | B10: TM02 | C10: TM03 | D10: TM04 | E10: TM05 | F10: TM06 | G10: TM07 | H10: TM08 | I10: TM09 | J10: TM10 | K10: TM11 | L10: TM12 | M10: TM13 | N10: TM14 | O10: TM15 | P10: TM16 | Q10: TM17 | R10: TM18 | S10: TM19 | T10: TM20 | U10: TM21 | V10: TM22 | W10: TM23 | X10: TM24 | Y10: TM25 | Z10: TM26 | AA10: TM27 | AB10: TM28 | AC10: TM29
A11: Insurer Code | B11: Reporting Year | C11: Insurance Category Code | D11: Large Provider Entity Code | E11: Member Months | F11: Claims: Hospital Inpatient | G11: Claims: Hospital Outpatient | H11: Claims: Professional, Primary Care Providers | I11: Claims: Professional, Specialty Providers | J11: Claims: Professional, Other Providers | K11: Claims: Long-Term Care | L11: Claims: Retail Pharmacy | M11: Claims: Other | N11: Non-Claims: Capitation or Bundled Arrangements | O11: Non-Claims: Performance Incentives | P11: Non-Claims: Pop Health and Practice Infrastructure | Q11: Non-Claims: Provider Salaries | R11: Non-Claims: Recovery | S11: Non-Claims: Other | T11: Non-Claims: Total Primary Care | U11: Claims Amount Excluded Due to Truncation | V11: Member Count with Truncated Claims | W11: Total Non-Truncated Claims Spending | X11: Total Non-Claims Spending | Y11: Total Non-Truncated Claims and Non-Claims Spending | Z11: Total Truncated Claims Spending | AA11: Total Truncated Expenses | AB11: Non-Truncated TME PMPM | AC11: Truncated TME PMPM | AE11: Row ID
W12: =SUM(F12:M12) -> 0 | X12: =SUM(N12:S12) -> 0 | Y12: =W12+X12 -> 0 | Z12: =W12-U12 -> 0 | AA12: =Z12+X12 -> 0 | AB12: =Y12/E12 -> #DIV/0! | AC12: =AA12/E12 -> #DIV/0! | AE12: =AF12&TM[[#This Row],[Insurer Code]]&"; "&AG12&TM[[#This Row],[Reporting Year]]&"; "&AH12&TM[[#This Row],[Insurance Category Code]]&"; "&AI12&TM[[#This Row],[Large Provider Entity Code]] -> Insurer Code ; Reporting Year ; Insurance Category Code ; Large Provider Entity Code | AF12: Insurer Code | AG12: Reporting Year | AH12: Insurance Category Code | AI12: Large Provider Entity Code
W13: =SUM(F13:M13) -> 0 | X13: =SUM(N13:S13) -> 0 | Y13: =W13+X13 -> 0 | Z13: =W13-U13 -> 0 | AA13: =Z13+X13 -> 0 | AB13: =Y13/E13 -> #DIV/0! | AC13: =AA13/E13 -> #DIV/0! | AE13: =AF13&TM[[#This Row],[Insurer Code]]&"; "&AG13&TM[[#This Row],[Reporting Year]]&"; "&AH13&TM[[#This Row],[Insurance Category Code]]&"; "&AI13&TM[[#This Row],[Large Provider Entity Code]] -> Insurer Code ; Reporting Year ; Insurance Category Code ; Large Provider Entity Code | AF13: Insurer Code | AG13: Reporting Year | AH13: Insurance Category Code | AI13: Large Provider Entity Code
W14: =SUM(F14:M14) -> 0 | X14: =SUM(N14:S14) -> 0 | Y14: =W14+X14 -> 0 | Z14: =W14-U14 -> 0 | AA14: =Z14+X14 -> 0 | AB14: =Y14/E14 -> #DIV/0! | AC14: =AA14/E14 -> #DIV/0! | AE14: =AF14&TM[[#This Row],[Insurer Code]]&"; "&AG14&TM[[#This Row],[Reporting Year]]&"; "&AH14&TM[[#This Row],[Insurance Category Code]]&"; "&AI14&TM[[#This Row],[Large Provider Entity Code]] -> Insurer Code ; Reporting Year ; Insurance Category Code ; Large Provider Entity Code | AF14: Insurer Code | AG14: Reporting Year | AH14: Insurance Category Code | AI14: Large Provider Entity Code
W15: =SUM(F15:M15) -> 0 | X15: =SUM(N15:S15) -> 0 | Y15: =W15+X15 -> 0 | Z15: =W15-U15 -> 0 | AA15: =Z15+X15 -> 0 | AB15: =Y15/E15 -> #DIV/0! | AC15: =AA15/E15 -> #DIV/0! | AE15: =AF15&TM[[#This Row],[Insurer Code]]&"; "&AG15&TM[[#This Row],[Reporting Year]]&"; "&AH15&TM[[#This Row],[Insurance Category Code]]&"; "&AI15&TM[[#This Row],[Large Provider Entity Code]] -> Insurer Code ; Reporting Year ; Insurance Category Code ; Large Provider Entity Code | AF15: Insurer Code | AG15: Reporting Year | AH15: Insurance Category Code | AI15: Large Provider Entity Code
W16: =SUM(F16:M16) -> 0 | X16: =SUM(N16:S16) -> 0 | Y16: =W16+X16 -> 0 | Z16: =W16-U16 -> 0 | AA16: =Z16+X16 -> 0 | AB16: =Y16/E16 -> #DIV/0! | AC16: =AA16/E16 -> #DIV/0! | AE16: =AF16&TM[[#This Row],[Insurer Code]]&"; "&AG16&TM[[#This Row],[Reporting Year]]&"; "&AH16&TM[[#This Row],[Insurance Category Code]]&"; "&AI16&TM[[#This Row],[Large Provider Entity Code]] -> Insurer Code ; Reporting Year ; Insurance Category Code ; Large Provider Entity Code | AF16: Insurer Code | AG16: Reporting Year | AH16: Insurance Category Code | AI16: Large Provider Entity Code
W17: =SUM(F17:M17) -> 0 | X17: =SUM(N17:S17) -> 0 | Y17: =W17+X17 -> 0 | Z17: =W17-U17 -> 0 | AA17: =Z17+X17 -> 0 | AB17: =Y17/E17 -> #DIV/0! | AC17: =AA17/E17 -> #DIV/0! | AE17: =AF17&TM[[#This Row],[Insurer Code]]&"; "&AG17&TM[[#This Row],[Reporting Year]]&"; "&AH17&TM[[#This Row],[Insurance Category Code]]&"; "&AI17&TM[[#This Row],[Large Provider Entity Code]] -> Insurer Code ; Reporting Year ; Insurance Category Code ; Large Provider Entity Code | AF17: Insurer Code | AG17: Reporting Year | AH17: Insurance Category Code | AI17: Large Provider Entity Code
W18: =SUM(F18:M18) -> 0 | X18: =SUM(N18:S18) -> 0 | Y18: =W18+X18 -> 0 | Z18: =W18-U18 -> 0 | AA18: =Z18+X18 -> 0 | AB18: =Y18/E18 -> #DIV/0! | AC18: =AA18/E18 -> #DIV/0! | AE18: =AF18&TM[[#This Row],[Insurer Code]]&"; "&AG18&TM[[#This Row],[Reporting Year]]&"; "&AH18&TM[[#This Row],[Insurance Category Code]]&"; "&AI18&TM[[#This Row],[Large Provider Entity Code]] -> Insurer Code ; Reporting Year ; Insurance Category Code ; Large Provider Entity Code | AF18: Insurer Code | AG18: Reporting Year | AH18: Insurance Category Code | AI18: Large Provider Entity Code
W19: =SUM(F19:M19) -> 0 | X19: =SUM(N19:S19) -> 0 | Y19: =W19+X19 -> 0 | Z19: =W19-U19 -> 0 | AA19: =Z19+X19 -> 0 | AB19: =Y19/E19 -> #DIV/0! | AC19: =AA19/E19 -> #DIV/0! | AE19: =AF19&TM[[#This Row],[Insurer Code]]&"; "&AG19&TM[[#This Row],[Reporting Year]]&"; "&AH19&TM[[#This Row],[Insurance Category Code]]&"; "&AI19&TM[[#This Row],[Large Provider Entity Code]] -> Insurer Code ; Reporting Year ; Insurance Category Code ; Large Provider Entity Code | AF19: Insurer Code | AG19: Reporting Year | AH19: Insurance Category Code | AI19: Large Provider Entity Code
W20: =SUM(F20:M20) -> 0 | X20: =SUM(N20:S20) -> 0 | Y20: =W20+X20 -> 0 | Z20: =W20-U20 -> 0 | AA20: =Z20+X20 -> 0 | AB20: =Y20/E20 -> #DIV/0! | AC20: =AA20/E20 -> #DIV/0! | AE20: =AF20&TM[[#This Row],[Insurer Code]]&"; "&AG20&TM[[#This Row],[Reporting Year]]&"; "&AH20&TM[[#This Row],[Insurance Category Code]]&"; "&AI20&TM[[#This Row],[Large Provider Entity Code]] -> Insurer Code ; Reporting Year ; Insurance Category Code ; Large Provider Entity Code | AF20: Insurer Code | AG20: Reporting Year | AH20: Insurance Category Code | AI20: Large Provider Entity Code
W21: =SUM(F21:M21) -> 0 | X21: =SUM(N21:S21) -> 0 | Y21: =W21+X21 -> 0 | Z21: =W21-U21 -> 0 | AA21: =Z21+X21 -> 0 | AB21: =Y21/E21 -> #DIV/0! | AC21: =AA21/E21 -> #DIV/0! | AE21: =AF21&TM[[#This Row],[Insurer Code]]&"; "&AG21&TM[[#This Row],[Reporting Year]]&"; "&AH21&TM[[#This Row],[Insurance Category Code]]&"; "&AI21&TM[[#This Row],[Large Provider Entity Code]] -> Insurer Code ; Reporting Year ; Insurance Category Code ; Large Provider Entity Code | AF21: Insurer Code | AG21: Reporting Year | AH21: Insurance Category Code | AI21: Large Provider Entity Code
W22: =SUM(F22:M22) -> 0 | X22: =SUM(N22:S22) -> 0 | Y22: =W22+X22 -> 0 | Z22: =W22-U22 -> 0 | AA22: =Z22+X22 -> 0 | AB22: =Y22/E22 -> #DIV/0! | AC22: =AA22/E22 -> #DIV/0! | AE22: =AF22&TM[[#This Row],[Insurer Code]]&"; "&AG22&TM[[#This Row],[Reporting Year]]&"; "&AH22&TM[[#This Row],[Insurance Category Code]]&"; "&AI22&TM[[#This Row],[Large Provider Entity Code]] -> Insurer Code ; Reporting Year ; Insurance Category Code ; Large Provider Entity Code | AF22: Insurer Code | AG22: Reporting Year | AH22: Insurance Category Code | AI22: Large Provider Entity Code
W23: =SUM(F23:M23) -> 0 | X23: =SUM(N23:S23) -> 0 | Y23: =W23+X23 -> 0 | Z23: =W23-U23 -> 0 | AA23: =Z23+X23 -> 0 | AB23: =Y23/E23 -> #DIV/0! | AC23: =AA23/E23 -> #DIV/0! | AE23: =AF23&TM[[#This Row],[Insurer Code]]&"; "&AG23&TM[[#This Row],[Reporting Year]]&"; "&AH23&TM[[#This Row],[Insurance Category Code]]&"; "&AI23&TM[[#This Row],[Large Provider Entity Code]] -> Insurer Code ; Reporting Year ; Insurance Category Code ; Large Provider Entity Code | AF23: Insurer Code | AG23: Reporting Year | AH23: Insurance Category Code | AI23: Large Provider Entity Code
... W411: =SUM(F411:M411) -> 0 | X411: =SUM(N411:S411) -> 0 | Y411: =W411+X411 -> 0 | Z411: =W411-U411 -> 0 | AA411: =Z411+X411 -> 0 | AB411: =Y411/E411 -> #DIV/0! | AC411: =AA411/E411 -> #DIV/0! | AE411: =AF411&TM[[#This Row],[Insurer Code]]&"; "&AG411&TM[[#This Row],[Reporting Year]]&"; "&AH411&TM[[#This Row],[Insurance Category Code]]&"; "&AI411&TM[[#This Row],[Large Provider Entity Code]] -> Insurer Code ; Reporting Year ; Insurance Category Code ; Large Provider Entity Code | AF411: Insurer Code | AG411: Reporting Year | AH411: Insurance Category Code | AI411: Large Provider Entity Code

Sheet 3. Age and Sex Factors 
A1: 3. Age and Sex Factors
A2: Insurers must complete this tab following the specifications and requirements in the Carrier Benchmark Data Submission Guide.
A4: Gray text in cells indicates the field ID
A5: Dark green cells indicate row ID fields that must contain values that uniquely identify each row of data (i.e., the combination of Insurer Code, Reporting Year, Insurance Category Code, Large Provider Entity Code, Age Band Code, and Sex Code must be unique in each row).
A6: Green cells indicate field requires input.
A7: Red cells indicate data does not meet requirements (see the Benchmark Data Submission Guide for more details), but note if carriers copy and paste data into template, it may override the data validation checks that highlight cells when there are issues.
A10: AS01 | B10: AS02 | C10: AS03 | D10: AS04 | E10: AS05 | F10: AS06 | G10: AS07 | H10: AS08 | I10: AS09 | J10: AS10 | K10: AS11
A11: Insurer Code | B11: Reporting Year | C11: Insurance Category Code | D11: Large Provider Entity Code | E11: Age Band Code | F11: Sex Code | G11: Member Months | H11: Claims Amount Excluded Due to Truncation | I11: Member Count with Truncated Claims | J11: Total Non-Truncated Claims Spending | K11: Total Truncated Claims Spending | M11: Row ID
M12: =N12&AS[[#This Row],[Insurer Code]]&"; "&O12&AS[[#This Row],[Reporting Year]]&"; "&P12&AS[[#This Row],[Insurance Category Code]]&"; "&Q12&AS[[#This Row],[Large Provider Entity Code]]&"; "&R12&AS[[#This Row],[Age Band Code]]&"; "&S12&AS[[#This Row],[Sex Code]] -> Insurer Code ; Reporting Year ; Insurance Category Code ; Large Provider Entity Code ; Age Band Code ; Sex Code | N12: Insurer Code | O12: Reporting Year | P12: Insurance Category Code | Q12: Large Provider Entity Code | R12: Age Band Code | S12: Sex Code
M13: =N13&AS[[#This Row],[Insurer Code]]&"; "&O13&AS[[#This Row],[Reporting Year]]&"; "&P13&AS[[#This Row],[Insurance Category Code]]&"; "&Q13&AS[[#This Row],[Large Provider Entity Code]]&"; "&R13&AS[[#This Row],[Age Band Code]]&"; "&S13&AS[[#This Row],[Sex Code]] -> Insurer Code ; Reporting Year ; Insurance Category Code ; Large Provider Entity Code ; Age Band Code ; Sex Code | N13: Insurer Code | O13: Reporting Year | P13: Insurance Category Code | Q13: Large Provider Entity Code | R13: Age Band Code | S13: Sex Code
M14: =N14&AS[[#This Row],[Insurer Code]]&"; "&O14&AS[[#This Row],[Reporting Year]]&"; "&P14&AS[[#This Row],[Insurance Category Code]]&"; "&Q14&AS[[#This Row],[Large Provider Entity Code]]&"; "&R14&AS[[#This Row],[Age Band Code]]&"; "&S14&AS[[#This Row],[Sex Code]] -> Insurer Code ; Reporting Year ; Insurance Category Code ; Large Provider Entity Code ; Age Band Code ; Sex Code | N14: Insurer Code | O14: Reporting Year | P14: Insurance Category Code | Q14: Large Provider Entity Code | R14: Age Band Code | S14: Sex Code
M15: =N15&AS[[#This Row],[Insurer Code]]&"; "&O15&AS[[#This Row],[Reporting Year]]&"; "&P15&AS[[#This Row],[Insurance Category Code]]&"; "&Q15&AS[[#This Row],[Large Provider Entity Code]]&"; "&R15&AS[[#This Row],[Age Band Code]]&"; "&S15&AS[[#This Row],[Sex Code]] -> Insurer Code ; Reporting Year ; Insurance Category Code ; Large Provider Entity Code ; Age Band Code ; Sex Code | N15: Insurer Code | O15: Reporting Year | P15: Insurance Category Code | Q15: Large Provider Entity Code | R15: Age Band Code | S15: Sex Code
M16: =N16&AS[[#This Row],[Insurer Code]]&"; "&O16&AS[[#This Row],[Reporting Year]]&"; "&P16&AS[[#This Row],[Insurance Category Code]]&"; "&Q16&AS[[#This Row],[Large Provider Entity Code]]&"; "&R16&AS[[#This Row],[Age Band Code]]&"; "&S16&AS[[#This Row],[Sex Code]] -> Insurer Code ; Reporting Year ; Insurance Category Code ; Large Provider Entity Code ; Age Band Code ; Sex Code | N16: Insurer Code | O16: Reporting Year | P16: Insurance Category Code | Q16: Large Provider Entity Code | R16: Age Band Code | S16: Sex Code
M17: =N17&AS[[#This Row],[Insurer Code]]&"; "&O17&AS[[#This Row],[Reporting Year]]&"; "&P17&AS[[#This Row],[Insurance Category Code]]&"; "&Q17&AS[[#This Row],[Large Provider Entity Code]]&"; "&R17&AS[[#This Row],[Age Band Code]]&"; "&S17&AS[[#This Row],[Sex Code]] -> Insurer Code ; Reporting Year ; Insurance Category Code ; Large Provider Entity Code ; Age Band Code ; Sex Code | N17: Insurer Code | O17: Reporting Year | P17: Insurance Category Code | Q17: Large Provider Entity Code | R17: Age Band Code | S17: Sex Code
M18: =N18&AS[[#This Row],[Insurer Code]]&"; "&O18&AS[[#This Row],[Reporting Year]]&"; "&P18&AS[[#This Row],[Insurance Category Code]]&"; "&Q18&AS[[#This Row],[Large Provider Entity Code]]&"; "&R18&AS[[#This Row],[Age Band Code]]&"; "&S18&AS[[#This Row],[Sex Code]] -> Insurer Code ; Reporting Year ; Insurance Category Code ; Large Provider Entity Code ; Age Band Code ; Sex Code | N18: Insurer Code | O18: Reporting Year | P18: Insurance Category Code | Q18: Large Provider Entity Code | R18: Age Band Code | S18: Sex Code
M19: =N19&AS[[#This Row],[Insurer Code]]&"; "&O19&AS[[#This Row],[Reporting Year]]&"; "&P19&AS[[#This Row],[Insurance Category Code]]&"; "&Q19&AS[[#This Row],[Large Provider Entity Code]]&"; "&R19&AS[[#This Row],[Age Band Code]]&"; "&S19&AS[[#This Row],[Sex Code]] -> Insurer Code ; Reporting Year ; Insurance Category Code ; Large Provider Entity Code ; Age Band Code ; Sex Code | N19: Insurer Code | O19: Reporting Year | P19: Insurance Category Code | Q19: Large Provider Entity Code | R19: Age Band Code | S19: Sex Code
M20: =N20&AS[[#This Row],[Insurer Code]]&"; "&O20&AS[[#This Row],[Reporting Year]]&"; "&P20&AS[[#This Row],[Insurance Category Code]]&"; "&Q20&AS[[#This Row],[Large Provider Entity Code]]&"; "&R20&AS[[#This Row],[Age Band Code]]&"; "&S20&AS[[#This Row],[Sex Code]] -> Insurer Code ; Reporting Year ; Insurance Category Code ; Large Provider Entity Code ; Age Band Code ; Sex Code | N20: Insurer Code | O20: Reporting Year | P20: Insurance Category Code | Q20: Large Provider Entity Code | R20: Age Band Code | S20: Sex Code
M21: =N21&AS[[#This Row],[Insurer Code]]&"; "&O21&AS[[#This Row],[Reporting Year]]&"; "&P21&AS[[#This Row],[Insurance Category Code]]&"; "&Q21&AS[[#This Row],[Large Provider Entity Code]]&"; "&R21&AS[[#This Row],[Age Band Code]]&"; "&S21&AS[[#This Row],[Sex Code]] -> Insurer Code ; Reporting Year ; Insurance Category Code ; Large Provider Entity Code ; Age Band Code ; Sex Code | N21: Insurer Code | O21: Reporting Year | P21: Insurance Category Code | Q21: Large Provider Entity Code | R21: Age Band Code | S21: Sex Code
M22: =N22&AS[[#This Row],[Insurer Code]]&"; "&O22&AS[[#This Row],[Reporting Year]]&"; "&P22&AS[[#This Row],[Insurance Category Code]]&"; "&Q22&AS[[#This Row],[Large Provider Entity Code]]&"; "&R22&AS[[#This Row],[Age Band Code]]&"; "&S22&AS[[#This Row],[Sex Code]] -> Insurer Code ; Reporting Year ; Insurance Category Code ; Large Provider Entity Code ; Age Band Code ; Sex Code | N22: Insurer Code | O22: Reporting Year | P22: Insurance Category Code | Q22: Large Provider Entity Code | R22: Age Band Code | S22: Sex Code
M23: =N23&AS[[#This Row],[Insurer Code]]&"; "&O23&AS[[#This Row],[Reporting Year]]&"; "&P23&AS[[#This Row],[Insurance Category Code]]&"; "&Q23&AS[[#This Row],[Large Provider Entity Code]]&"; "&R23&AS[[#This Row],[Age Band Code]]&"; "&S23&AS[[#This Row],[Sex Code]] -> Insurer Code ; Reporting Year ; Insurance Category Code ; Large Provider Entity Code ; Age Band Code ; Sex Code | N23: Insurer Code | O23: Reporting Year | P23: Insurance Category Code | Q23: Large Provider Entity Code | R23: Age Band Code | S23: Sex Code
... M6411: =N6411&AS[[#This Row],[Insurer Code]]&"; "&O6411&AS[[#This Row],[Reporting Year]]&"; "&P6411&AS[[#This Row],[Insurance Category Code]]&"; "&Q6411&AS[[#This Row],[Large Provider Entity Code]]&"; "&R6411&AS[[#This Row],[Age Band Code]]&"; "&S6411&AS[[#This Row],[Sex Code]] -> Insurer Code ; Reporting Year ; Insurance Category Code ; Large Provider Entity Code ; Age Band Code ; Sex Code | N6411: Insurer Code | O6411: Reporting Year | P6411: Insurance Category Code | Q6411: Large Provider Entity Code | R6411: Age Band Code | S6411: Sex Code

Sheet 4. Standard Deviation
A1: 4. Standard Deviation (SD)
A2: Insurers must complete this tab following the specifications and requirements in the Carrier Benchmark Data Submission Guide.
A4: Gray text in cells indicates the field ID
A5: Dark green cells indicate row ID fields that must contain values that uniquely identify each row of data (i.e., the combination of Insurer Code, Reporting Year, Market Code, and Large Provider Entity Code must be unique in each row).
A6: Green cells indicate field requires input.
A7: Red cells indicate data does not meet requirements (see the Benchmark Data Submission Guide for more details), but note if carriers copy and paste data into template, it may override the data validation checks that highlight cells when there are issues.
A10: SD01 | B10: SD02 | C10: SD03 | D10: SD04 | E10: SD05 | F10: SD06 | G10: SD07 | H10: SD08
A11: Insurer Code | B11: Reporting Year | C11: Market Code | D11: Large Provider Entity Code | E11: Member Months | F11: Total Truncated Claims Spending | G11: Standard Deviation PMPM | H11: TCOC Member Months | J11: Row ID
J12: =K12&SD[[#This Row],[Insurer Code]]&"; "&L12&SD[[#This Row],[Reporting Year]]&"; "&M12&SD[[#This Row],[Market Code]]&"; "&N12&SD[[#This Row],[Large Provider Entity Code]] -> Insurer Code ; Reporting Year ; Market Code ; Large Provider Entity Code | K12: Insurer Code | L12: Reporting Year | M12: Market Code | N12: Large Provider Entity Code
J13: =K13&SD[[#This Row],[Insurer Code]]&"; "&L13&SD[[#This Row],[Reporting Year]]&"; "&M13&SD[[#This Row],[Market Code]]&"; "&N13&SD[[#This Row],[Large Provider Entity Code]] -> Insurer Code ; Reporting Year ; Market Code ; Large Provider Entity Code | K13: Insurer Code | L13: Reporting Year | M13: Market Code | N13: Large Provider Entity Code
J14: =K14&SD[[#This Row],[Insurer Code]]&"; "&L14&SD[[#This Row],[Reporting Year]]&"; "&M14&SD[[#This Row],[Market Code]]&"; "&N14&SD[[#This Row],[Large Provider Entity Code]] -> Insurer Code ; Reporting Year ; Market Code ; Large Provider Entity Code | K14: Insurer Code | L14: Reporting Year | M14: Market Code | N14: Large Provider Entity Code
J15: =K15&SD[[#This Row],[Insurer Code]]&"; "&L15&SD[[#This Row],[Reporting Year]]&"; "&M15&SD[[#This Row],[Market Code]]&"; "&N15&SD[[#This Row],[Large Provider Entity Code]] -> Insurer Code ; Reporting Year ; Market Code ; Large Provider Entity Code | K15: Insurer Code | L15: Reporting Year | M15: Market Code | N15: Large Provider Entity Code
J16: =K16&SD[[#This Row],[Insurer Code]]&"; "&L16&SD[[#This Row],[Reporting Year]]&"; "&M16&SD[[#This Row],[Market Code]]&"; "&N16&SD[[#This Row],[Large Provider Entity Code]] -> Insurer Code ; Reporting Year ; Market Code ; Large Provider Entity Code | K16: Insurer Code | L16: Reporting Year | M16: Market Code | N16: Large Provider Entity Code
J17: =K17&SD[[#This Row],[Insurer Code]]&"; "&L17&SD[[#This Row],[Reporting Year]]&"; "&M17&SD[[#This Row],[Market Code]]&"; "&N17&SD[[#This Row],[Large Provider Entity Code]] -> Insurer Code ; Reporting Year ; Market Code ; Large Provider Entity Code | K17: Insurer Code | L17: Reporting Year | M17: Market Code | N17: Large Provider Entity Code
J18: =K18&SD[[#This Row],[Insurer Code]]&"; "&L18&SD[[#This Row],[Reporting Year]]&"; "&M18&SD[[#This Row],[Market Code]]&"; "&N18&SD[[#This Row],[Large Provider Entity Code]] -> Insurer Code ; Reporting Year ; Market Code ; Large Provider Entity Code | K18: Insurer Code | L18: Reporting Year | M18: Market Code | N18: Large Provider Entity Code
J19: =K19&SD[[#This Row],[Insurer Code]]&"; "&L19&SD[[#This Row],[Reporting Year]]&"; "&M19&SD[[#This Row],[Market Code]]&"; "&N19&SD[[#This Row],[Large Provider Entity Code]] -> Insurer Code ; Reporting Year ; Market Code ; Large Provider Entity Code | K19: Insurer Code | L19: Reporting Year | M19: Market Code | N19: Large Provider Entity Code
J20: =K20&SD[[#This Row],[Insurer Code]]&"; "&L20&SD[[#This Row],[Reporting Year]]&"; "&M20&SD[[#This Row],[Market Code]]&"; "&N20&SD[[#This Row],[Large Provider Entity Code]] -> Insurer Code ; Reporting Year ; Market Code ; Large Provider Entity Code | K20: Insurer Code | L20: Reporting Year | M20: Market Code | N20: Large Provider Entity Code
J21: =K21&SD[[#This Row],[Insurer Code]]&"; "&L21&SD[[#This Row],[Reporting Year]]&"; "&M21&SD[[#This Row],[Market Code]]&"; "&N21&SD[[#This Row],[Large Provider Entity Code]] -> Insurer Code ; Reporting Year ; Market Code ; Large Provider Entity Code | K21: Insurer Code | L21: Reporting Year | M21: Market Code | N21: Large Provider Entity Code
J22: =K22&SD[[#This Row],[Insurer Code]]&"; "&L22&SD[[#This Row],[Reporting Year]]&"; "&M22&SD[[#This Row],[Market Code]]&"; "&N22&SD[[#This Row],[Large Provider Entity Code]] -> Insurer Code ; Reporting Year ; Market Code ; Large Provider Entity Code | K22: Insurer Code | L22: Reporting Year | M22: Market Code | N22: Large Provider Entity Code
J23: =K23&SD[[#This Row],[Insurer Code]]&"; "&L23&SD[[#This Row],[Reporting Year]]&"; "&M23&SD[[#This Row],[Market Code]]&"; "&N23&SD[[#This Row],[Large Provider Entity Code]] -> Insurer Code ; Reporting Year ; Market Code ; Large Provider Entity Code | K23: Insurer Code | L23: Reporting Year | M23: Market Code | N23: Large Provider Entity Code
... J161: =K161&SD[[#This Row],[Insurer Code]]&"; "&L161&SD[[#This Row],[Reporting Year]]&"; "&M161&SD[[#This Row],[Market Code]]&"; "&N161&SD[[#This Row],[Large Provider Entity Code]] -> Insurer Code ; Reporting Year ; Market Code ; Large Provider Entity Code | K161: Insurer Code | L161: Reporting Year | M161: Market Code | N161: Large Provider Entity Code

Sheet 5. Line of Business Enrollment
A1: 5. Line of Business (LOB) Enrollment
A2: Insurers must complete this tab following the specifications and requirements in the Carrier Benchmark Data Submission Guide.
A4: Gray text in cells indicates the field ID
A5: Dark green cells indicate row ID fields that must contain values that uniquely identify each row of data (i.e., the combination of Insurer Code, Reporting Year, and Line of Business Category Code must be unique in each row).
A6: Green cell indicates field requires input.
A7: Red cells indicate data does not meet requirements (see the Benchmark Data Submission Guide for more details), but note if carriers copy and paste data into template, it may override the data validation checks that highlight cells when there are issues.
A10: LB01 | B10: LB02 | C10: LB03 | D10: LB04
A11: Insurer Code | B11: Reporting Year | C11: Line of Business Category Code | D11: Member Months | F11: Row ID
F12: =G12&LB[[#This Row],[Insurer Code]]&"; "&H12&LB[[#This Row],[Reporting Year]]&"; "&I12&LB[[#This Row],[Line of Business Category Code]] -> Insurer Code ; Reporting Year ; Line of Business Category Code | G12: Insurer Code | H12: Reporting Year | I12: Line of Business Category Code
F13: =G13&LB[[#This Row],[Insurer Code]]&"; "&H13&LB[[#This Row],[Reporting Year]]&"; "&I13&LB[[#This Row],[Line of Business Category Code]] -> Insurer Code ; Reporting Year ; Line of Business Category Code | G13: Insurer Code | H13: Reporting Year | I13: Line of Business Category Code
F14: =G14&LB[[#This Row],[Insurer Code]]&"; "&H14&LB[[#This Row],[Reporting Year]]&"; "&I14&LB[[#This Row],[Line of Business Category Code]] -> Insurer Code ; Reporting Year ; Line of Business Category Code | G14: Insurer Code | H14: Reporting Year | I14: Line of Business Category Code
F15: =G15&LB[[#This Row],[Insurer Code]]&"; "&H15&LB[[#This Row],[Reporting Year]]&"; "&I15&LB[[#This Row],[Line of Business Category Code]] -> Insurer Code ; Reporting Year ; Line of Business Category Code | G15: Insurer Code | H15: Reporting Year | I15: Line of Business Category Code
F16: =G16&LB[[#This Row],[Insurer Code]]&"; "&H16&LB[[#This Row],[Reporting Year]]&"; "&I16&LB[[#This Row],[Line of Business Category Code]] -> Insurer Code ; Reporting Year ; Line of Business Category Code | G16: Insurer Code | H16: Reporting Year | I16: Line of Business Category Code
F17: =G17&LB[[#This Row],[Insurer Code]]&"; "&H17&LB[[#This Row],[Reporting Year]]&"; "&I17&LB[[#This Row],[Line of Business Category Code]] -> Insurer Code ; Reporting Year ; Line of Business Category Code | G17: Insurer Code | H17: Reporting Year | I17: Line of Business Category Code
F18: =G18&LB[[#This Row],[Insurer Code]]&"; "&H18&LB[[#This Row],[Reporting Year]]&"; "&I18&LB[[#This Row],[Line of Business Category Code]] -> Insurer Code ; Reporting Year ; Line of Business Category Code | G18: Insurer Code | H18: Reporting Year | I18: Line of Business Category Code
F19: =G19&LB[[#This Row],[Insurer Code]]&"; "&H19&LB[[#This Row],[Reporting Year]]&"; "&I19&LB[[#This Row],[Line of Business Category Code]] -> Insurer Code ; Reporting Year ; Line of Business Category Code | G19: Insurer Code | H19: Reporting Year | I19: Line of Business Category Code
F20: =G20&LB[[#This Row],[Insurer Code]]&"; "&H20&LB[[#This Row],[Reporting Year]]&"; "&I20&LB[[#This Row],[Line of Business Category Code]] -> Insurer Code ; Reporting Year ; Line of Business Category Code | G20: Insurer Code | H20: Reporting Year | I20: Line of Business Category Code
F21: =G21&LB[[#This Row],[Insurer Code]]&"; "&H21&LB[[#This Row],[Reporting Year]]&"; "&I21&LB[[#This Row],[Line of Business Category Code]] -> Insurer Code ; Reporting Year ; Line of Business Category Code | G21: Insurer Code | H21: Reporting Year | I21: Line of Business Category Code
F22: =G22&LB[[#This Row],[Insurer Code]]&"; "&H22&LB[[#This Row],[Reporting Year]]&"; "&I22&LB[[#This Row],[Line of Business Category Code]] -> Insurer Code ; Reporting Year ; Line of Business Category Code | G22: Insurer Code | H22: Reporting Year | I22: Line of Business Category Code
F23: =G23&LB[[#This Row],[Insurer Code]]&"; "&H23&LB[[#This Row],[Reporting Year]]&"; "&I23&LB[[#This Row],[Line of Business Category Code]] -> Insurer Code ; Reporting Year ; Line of Business Category Code | G23: Insurer Code | H23: Reporting Year | I23: Line of Business Category Code
... F33: =G33&LB[[#This Row],[Insurer Code]]&"; "&H33&LB[[#This Row],[Reporting Year]]&"; "&I33&LB[[#This Row],[Line of Business Category Code]] -> Insurer Code ; Reporting Year ; Line of Business Category Code | G33: Insurer Code | H33: Reporting Year | I33: Line of Business Category Code

Sheet 6. Pharmacy Rebates
A1: 6. Pharmacy Rebates Data
A2: Insurers must complete this tab following the specifications and requirements in the Carrier Benchmark Data Submission Guide.
A4: Gray text in cells indicates the field ID
A5: Dark green cells indicate row ID fields that must contain values that uniquely identify each row of data (i.e., the combination of Insurer Code, Reporting Year, and Insurance Category Code must be unique in each row).
A6: Yellow cells indicate field conditionally requires input based on whether insurer can separate out medical and retail pharmacy rebates (see the Benchmark Data Submission Guide for more details).
A7: Blue cell indicates template calculates value.
A8: Red cells indicate data does not meet requirements (see the Benchmark Data Submission Guide for more details), but note if carriers copy and paste data into template, it may override the data validation checks that highlight cells when there are issues.
A10: RX01 | B10: RX02 | C10: RX03 | D10: RX04 | E10: RX05 | F10: RX06 | G10: RX07
A11: Insurer Code | B11: Reporting Year | C11: Insurance Category Code | D11: Medical Pharmacy Rebate Amount | E11: Retail Pharmacy Rebate Amount | F11: Total Pharmacy Rebate Amount | G11: Total Medical and Retail Pharmacy Rebate Amount | I11: Row ID
G12: =IF(RX[[#This Row],[Total Pharmacy Rebate Amount]]=0,SUM(RX[[#This Row],[Medical Pharmacy Rebate Amount]:[Retail Pharmacy Rebate Amount]]),RX[[#This Row],[Total Pharmacy Rebate Amount]]) -> 0 | I12: =J12&RX[[#This Row],[Insurer Code]]&"; "&K12&RX[[#This Row],[Reporting Year]]&"; "&L12&RX[[#This Row],[Insurance Category Code]] -> Insurer Code ; Reporting Year ; Insurance Category Code | J12: Insurer Code | K12: Reporting Year | L12: Insurance Category Code
G13: =IF(RX[[#This Row],[Total Pharmacy Rebate Amount]]=0,SUM(RX[[#This Row],[Medical Pharmacy Rebate Amount]:[Retail Pharmacy Rebate Amount]]),RX[[#This Row],[Total Pharmacy Rebate Amount]]) -> 0 | I13: =J13&RX[[#This Row],[Insurer Code]]&"; "&K13&RX[[#This Row],[Reporting Year]]&"; "&L13&RX[[#This Row],[Insurance Category Code]] -> Insurer Code ; Reporting Year ; Insurance Category Code | J13: Insurer Code | K13: Reporting Year | L13: Insurance Category Code
G14: =IF(RX[[#This Row],[Total Pharmacy Rebate Amount]]=0,SUM(RX[[#This Row],[Medical Pharmacy Rebate Amount]:[Retail Pharmacy Rebate Amount]]),RX[[#This Row],[Total Pharmacy Rebate Amount]]) -> 0 | I14: =J14&RX[[#This Row],[Insurer Code]]&"; "&K14&RX[[#This Row],[Reporting Year]]&"; "&L14&RX[[#This Row],[Insurance Category Code]] -> Insurer Code ; Reporting Year ; Insurance Category Code | J14: Insurer Code | K14: Reporting Year | L14: Insurance Category Code
G15: =IF(RX[[#This Row],[Total Pharmacy Rebate Amount]]=0,SUM(RX[[#This Row],[Medical Pharmacy Rebate Amount]:[Retail Pharmacy Rebate Amount]]),RX[[#This Row],[Total Pharmacy Rebate Amount]]) -> 0 | I15: =J15&RX[[#This Row],[Insurer Code]]&"; "&K15&RX[[#This Row],[Reporting Year]]&"; "&L15&RX[[#This Row],[Insurance Category Code]] -> Insurer Code ; Reporting Year ; Insurance Category Code | J15: Insurer Code | K15: Reporting Year | L15: Insurance Category Code
G16: =IF(RX[[#This Row],[Total Pharmacy Rebate Amount]]=0,SUM(RX[[#This Row],[Medical Pharmacy Rebate Amount]:[Retail Pharmacy Rebate Amount]]),RX[[#This Row],[Total Pharmacy Rebate Amount]]) -> 0 | I16: =J16&RX[[#This Row],[Insurer Code]]&"; "&K16&RX[[#This Row],[Reporting Year]]&"; "&L16&RX[[#This Row],[Insurance Category Code]] -> Insurer Code ; Reporting Year ; Insurance Category Code | J16: Insurer Code | K16: Reporting Year | L16: Insurance Category Code
G17: =IF(RX[[#This Row],[Total Pharmacy Rebate Amount]]=0,SUM(RX[[#This Row],[Medical Pharmacy Rebate Amount]:[Retail Pharmacy Rebate Amount]]),RX[[#This Row],[Total Pharmacy Rebate Amount]]) -> 0 | I17: =J17&RX[[#This Row],[Insurer Code]]&"; "&K17&RX[[#This Row],[Reporting Year]]&"; "&L17&RX[[#This Row],[Insurance Category Code]] -> Insurer Code ; Reporting Year ; Insurance Category Code | J17: Insurer Code | K17: Reporting Year | L17: Insurance Category Code
G18: =IF(RX[[#This Row],[Total Pharmacy Rebate Amount]]=0,SUM(RX[[#This Row],[Medical Pharmacy Rebate Amount]:[Retail Pharmacy Rebate Amount]]),RX[[#This Row],[Total Pharmacy Rebate Amount]]) -> 0 | I18: =J18&RX[[#This Row],[Insurer Code]]&"; "&K18&RX[[#This Row],[Reporting Year]]&"; "&L18&RX[[#This Row],[Insurance Category Code]] -> Insurer Code ; Reporting Year ; Insurance Category Code | J18: Insurer Code | K18: Reporting Year | L18: Insurance Category Code
G19: =IF(RX[[#This Row],[Total Pharmacy Rebate Amount]]=0,SUM(RX[[#This Row],[Medical Pharmacy Rebate Amount]:[Retail Pharmacy Rebate Amount]]),RX[[#This Row],[Total Pharmacy Rebate Amount]]) -> 0 | I19: =J19&RX[[#This Row],[Insurer Code]]&"; "&K19&RX[[#This Row],[Reporting Year]]&"; "&L19&RX[[#This Row],[Insurance Category Code]] -> Insurer Code ; Reporting Year ; Insurance Category Code | J19: Insurer Code | K19: Reporting Year | L19: Insurance Category Code
G20: =IF(RX[[#This Row],[Total Pharmacy Rebate Amount]]=0,SUM(RX[[#This Row],[Medical Pharmacy Rebate Amount]:[Retail Pharmacy Rebate Amount]]),RX[[#This Row],[Total Pharmacy Rebate Amount]]) -> 0 | I20: =J20&RX[[#This Row],[Insurer Code]]&"; "&K20&RX[[#This Row],[Reporting Year]]&"; "&L20&RX[[#This Row],[Insurance Category Code]] -> Insurer Code ; Reporting Year ; Insurance Category Code | J20: Insurer Code | K20: Reporting Year | L20: Insurance Category Code
G21: =IF(RX[[#This Row],[Total Pharmacy Rebate Amount]]=0,SUM(RX[[#This Row],[Medical Pharmacy Rebate Amount]:[Retail Pharmacy Rebate Amount]]),RX[[#This Row],[Total Pharmacy Rebate Amount]]) -> 0 | I21: =J21&RX[[#This Row],[Insurer Code]]&"; "&K21&RX[[#This Row],[Reporting Year]]&"; "&L21&RX[[#This Row],[Insurance Category Code]] -> Insurer Code ; Reporting Year ; Insurance Category Code | J21: Insurer Code | K21: Reporting Year | L21: Insurance Category Code
G22: =IF(RX[[#This Row],[Total Pharmacy Rebate Amount]]=0,SUM(RX[[#This Row],[Medical Pharmacy Rebate Amount]:[Retail Pharmacy Rebate Amount]]),RX[[#This Row],[Total Pharmacy Rebate Amount]]) -> 0 | I22: =J22&RX[[#This Row],[Insurer Code]]&"; "&K22&RX[[#This Row],[Reporting Year]]&"; "&L22&RX[[#This Row],[Insurance Category Code]] -> Insurer Code ; Reporting Year ; Insurance Category Code | J22: Insurer Code | K22: Reporting Year | L22: Insurance Category Code
G23: =IF(RX[[#This Row],[Total Pharmacy Rebate Amount]]=0,SUM(RX[[#This Row],[Medical Pharmacy Rebate Amount]:[Retail Pharmacy Rebate Amount]]),RX[[#This Row],[Total Pharmacy Rebate Amount]]) -> 0 | I23: =J23&RX[[#This Row],[Insurer Code]]&"; "&K23&RX[[#This Row],[Reporting Year]]&"; "&L23&RX[[#This Row],[Insurance Category Code]] -> Insurer Code ; Reporting Year ; Insurance Category Code | J23: Insurer Code | K23: Reporting Year | L23: Insurance Category Code
... G27: =IF(RX[[#This Row],[Total Pharmacy Rebate Amount]]=0,SUM(RX[[#This Row],[Medical Pharmacy Rebate Amount]:[Retail Pharmacy Rebate Amount]]),RX[[#This Row],[Total Pharmacy Rebate Amount]]) -> 0 | I27: =J27&RX[[#This Row],[Insurer Code]]&"; "&K27&RX[[#This Row],[Reporting Year]]&"; "&L27&RX[[#This Row],[Insurance Category Code]] -> Insurer Code ; Reporting Year ; Insurance Category Code | J27: Insurer Code | K27: Reporting Year | L27: Insurance Category Code

Sheet 7. Mandatory Questions
A1: 7. Mandatory Questions
A2: Insurers must complete this tab after they enter data in each input tab, following the specifications and requirements in the Carrier Benchmark Data Submission Guide.
A4: Gray text in cells indicates the field ID
A5: Green cells indicate field requires input.
A6: Yellow cells indicate input is optional; insurers should enter comments where applicable to provide context on submitted data.
A7: Red cells indicate data does not meet requirements (see the Benchmark Data Submission Guide for more details).
B10: Attestation
B11: I hereby attest that the information submitted in this data submission template is current, complete and accurate to the best of my knowledge. Failure to attest will result in DOBI's non-acceptance of the data submission.
A12: MQ01 | B12: Authorized Signatory
A13: MQ02 | B13: Sign Date
B15: Data Completeness and Estimation Questions
B16: Question | C16: Response | D16: Comments
A17: MQ03 | B17: What is the overall completeness of the claims data (report as %)? | E17: =CONCATENATE(A17,"C") -> MQ03C
A18: MQ04 | B18: How long was the run-out period for claims payments (report as days)? | E18: =CONCATENATE(A18,"C") -> MQ04C
A19: MQ05 | B19: How long was the run-out period for non-claims payments (report as days)? | E19: =CONCATENATE(A19,"C") -> MQ05C
A20: MQ06 | B20: Are IBNR and IBNP factors applied to claims payments? | E20: =CONCATENATE(A20,"C") -> MQ06C
A21: MQ07 | B21: Is pharmacy rebate data estimated? | E21: =CONCATENATE(A21,"C") -> MQ07C
A22: MQ08 | B22: If yes, enter how you estimated the rebate amounts. | E22: =CONCATENATE(A22,"C") -> MQ08C
A23: MQ09 | B23: Are carve-out services for commercial partial claims estimated? | E23: =CONCATENATE(A23,"C") -> MQ09C
A24: MQ10 | B24: If yes, enter which carve-out services you estimated and describe how you calculated the estimate. | E24: =CONCATENATE(A24,"C") -> MQ10C
B26: TME Inclusion and Exclusion Questions
B27: Question | C27: Response | D27: Comments
A28: MQ11 | B28: Are claims payments reported as allowed amounts, including both payments that insurer paid to providers and member cost sharing? | E28: =CONCATENATE(A28,"C") -> MQ11C
A29: MQ12 | B29: Is the spending reported in a manner consistent with the payment service category definitions in the Benchmark Data Submission Guide? | E29: =CONCATENATE(A29,"C") -> MQ12C
A30: MQ13 | B30: Does the TME include NJ residents only? | E30: =CONCATENATE(A30,"C") -> MQ13C
A31: MQ14 | B31: Does the TME include services rendered by providers, regardless of location of provider? | E31: =CONCATENATE(A31,"C") -> MQ14C
A32: MQ15 | B32: Does the TME include services rendered by providers, regardless of the situs of the member's plan? | E32: =CONCATENATE(A32,"C") -> MQ15C
A33: MQ16 | B33: Are data limited only to members for whom the insurer is primary on the claim? | E33: =CONCATENATE(A33,"C") -> MQ16C
A34: MQ17 | B34: Are members attributed to provider organizations using an approach that is consistent with your internal attribution methodology? | E34: =CONCATENATE(A34,"C") -> MQ17C
A35: MQ18 | B35: Are TME submitted based on the incurred date/ date of service? | E35: =CONCATENATE(A35,"C") -> MQ18C
A36: MQ19 | B36: Is truncation applied at the member level? | E36: =CONCATENATE(A36,"C") -> MQ19C
A37: MQ20 | B37: Does the truncated spending include only claims data? | E37: =CONCATENATE(A37,"C") -> MQ20C
A38: MQ21 | B38: Are spending estimates on carved out services (commercial partial claims) included in the calculation of claims at the member level before applying truncation? | E38: =CONCATENATE(A38,"C") -> MQ21C
B40: Standard Deviation Questions
B41: Question | C41: Response | D41: Comments
A42: MQ22 | B42: Are standard deviations calculated using the formula for population standard deviation? | E42: =CONCATENATE(A42,"C") -> MQ22C
A43: MQ23 | B43: Are non-claims expenses excluded from the standard deviation calculations? | E43: =CONCATENATE(A43,"C") -> MQ23C
A44: MQ24 | B44: Are spending estimates on carved out services (commercial partial claims) at the member month level included in the standard deviation calculations? | E44: =CONCATENATE(A44,"C") -> MQ24C
A45: MQ25 | B45: When calculating the standard deviation, did you include all the member months, regardless of whether the member has paid claims for that month? | E45: =CONCATENATE(A45,"C") -> MQ25C
A46: MQ26 | B46: When calculating the standard deviation, did you use each member’s average cost per month applied to each month they were enrolled, instead of the actual utilization each month? | E46: =CONCATENATE(A46,"C") -> MQ26C
A47: MQ27 | B47: Is standard deviation calculated by market, which combines certain Insurance Category Codes? | E47: =CONCATENATE(A47,"C") -> MQ27C
B49: Income from Fees of Uninsured Plans Questions
B50: Question | C50: Response | D50: Comments
A51: MQ28 | B51: Did you have members in self-insured plans during calendar year 2024? | E51: =CONCATENATE(A51,"C") -> MQ28C
A52: MQ29 | B52: If yes, enter the income from fees of uninsured plans for 2024. | E52: =CONCATENATE(A52,"C") -> MQ29C
A53: MQ30 | B53: Did you have members in self-insured plans during calendar year 2025? | E53: =CONCATENATE(A53,"C") -> MQ30C
A54: MQ31 | B54: If yes, enter the income from fees of uninsured plans for 2025. | E54: =CONCATENATE(A54,"C") -> MQ31C
B56: "Doing Business As" Questions
B57: Question | C57: Response | D57: Comments
A58: MQ32 | B58: For Medicare managed care organizations, what are all the names under which you are "doing business as” in the state of NJ? | E58: =CONCATENATE(A58,"C") -> MQ32C
A59: MQ35 | B59: What are all the NAIC codes under which you are doing business as in the state of NJ (include all markets)? | E59: =CONCATENATE(A59,"C") -> MQ35C
B61: TIN List and Attribution Questions
B62: Question | C62: Response | D62: Comments
A63: MQ36 | B63: Did you use the TIN list in the attribution process? | E63: =CONCATENATE(A63,"C") -> MQ36C
A64: MQ37 | B64: Did you identify any discrepancies between the TIN list provided by LPEs and your internal records? | E64: =CONCATENATE(A64,"C") -> MQ37C
A65: MQ38 | B65: If yes, enter information about the discrepancies you identified. | E65: =CONCATENATE(A65,"C") -> MQ38C

Sheet Data Validation Checks
A1: Data Validation Checks
A2: This tab includes various data validation checks to confirm consistency and reasonableness of data across and within tabs. Please review the data in this tab prior to submission to ensure that you are comfortable with the values and trends reflected in the tables below.
A5: Table 1. Alignment of Insurer Code from TME Tab with Insurer Name from Cover Page
A6: Red cells indicate the insurer code and name do not align and the carrier must correct in the applicable input tab(s) (see the Insurer Code Valid Values table in the Reference Tables tab for your organization's Insurer Code).
A7: Carrier Inputted Insurer Code (Field ID TM01) | B7: Carrier Inputted Insurer Name (Field ID CP01) | C7: Insurer Name Associated With TM01 | D7: Insurer Name Aligns with Insurer Code?
A8: ='2. Total Medical Expenses'!A12 -> 0 | B8: ='1. Cover Page'!C17 -> 0 | C8: {=INDEX(INS_Code[Description],MATCH(INS_CD39[Carrier Inputted Insurer Name (Field ID CP01)],INS_Code[Description],0))} -> #N/A | D8: =IF(AND(B8=C8),"Yes", "No") -> #N/A
A11: Table 2. Consistency of Member Months for Carrier Overall (Large Provider Entity Code 100) Across TME, Age & Sex Factors, and LOB Enrollment Tabs
A12: Red cells indicate that member months do not match across tabs and the carrier must correct in the applicable input tab(s).
A13: Category | B13: 2024 | I13: 2025
B14: TME Tab Member Months | C14: Age & Sex Factors Tab Member Months | D14: Age & Sex Factors Tab Member Months Consistent with TME Tab? | E14: Member Months Variation | F14: LOB Enrollment Tab Member Months | G14: LOB Enrollment Tab Member Months Consistent with TME Tab? | H14: Member Months Variation | I14: TME Tab Member Months | J14: Age & Sex Factors Tab Member Months | K14: Age & Sex Factors Tab Member Months Consistent with TME Tab? | L14: Member Months Variation | M14: LOB Enrollment Tab Member Months | N14: LOB Enrollment Tab Member Months Consistent with TME Tab? | O14: Member Months Variation
A15: Commercial total | B15: =SUM(B16:B17) -> 0 | C15: =SUM(C16:C17) -> 0 | D15: =IF(AND(B15=C15),"Yes", "No") -> Yes | E15: =ABS(B15-C15) -> 0 | F15: =SUM(F16:F17) -> 0 | G15: =IF(AND(B15=F15),"Yes", "No") -> Yes | H15: =ABS(B15-F15) -> 0 | I15: =SUM(I16:I17) -> 0 | J15: =SUM(J16:J17) -> 0 | K15: =IF(AND(I15=J15),"Yes", "No") -> Yes | L15: =ABS(I15-J15) -> 0 | M15: =SUM(M16:M17) -> 0 | N15: =IF(AND(I15=M15),"Yes", "No") -> Yes | O15: =ABS(I15-M15) -> 0
A16: Commercial, excluding SHBP & SEHBP (Insurance Category Codes 3+4; LOB Category Codes 1+2+3+4+5) | B16: =SUM(B113:B114) -> 0 | C16: =SUM(B126:B127) -> 0 | D16: =IF(AND(B16=C16),"Yes", "No") -> Yes | E16: =ABS(B16-C16) -> 0 | F16: =SUM(B171:B175) -> 0 | G16: =IF(AND(B16=F16),"Yes", "No") -> Yes | H16: =ABS(B16-F16) -> 0 | I16: =SUM(C113:C114) -> 0 | J16: =SUM(C126:C127) -> 0 | K16: =IF(AND(I16=J16),"Yes", "No") -> Yes | L16: =ABS(I16-J16) -> 0 | M16: =SUM(C171:C175) -> 0 | N16: =IF(AND(I16=M16),"Yes", "No") -> Yes | O16: =ABS(I16-M16) -> 0
A17: Commercial SHBP & SEHBP (Insurance Category Code 7; LOB Category Code 10) | B17: =B117 -> 0 | C17: =B130 -> 0 | D17: =IF(AND(B17=C17),"Yes", "No") -> Yes | E17: =ABS(B17-C17) -> 0 | F17: =B180 -> 0 | G17: =IF(AND(B17=F17),"Yes", "No") -> Yes | H17: =ABS(B17-F17) -> 0 | I17: =C117 -> 0 | J17: =C130 -> 0 | K17: =IF(AND(I17=J17),"Yes", "No") -> Yes | L17: =ABS(I17-J17) -> 0 | M17: =C180 -> 0 | N17: =IF(AND(I17=M17),"Yes", "No") -> Yes | O17: =ABS(I17-M17) -> 0
A18: MA total | B18: =SUM(B19:B21) -> 0 | C18: =SUM(C19:C21) -> 0 | D18: =IF(AND(B18=C18),"Yes", "No") -> Yes | E18: =ABS(B18-C18) -> 0 | F18: =SUM(F19:F21) -> 0 | G18: =IF(AND(B18=F18),"Yes", "No") -> Yes | H18: =ABS(B18-F18) -> 0 | I18: =SUM(I19:I21) -> 0 | J18: =SUM(J19:J21) -> 0 | K18: =IF(AND(I18=J18),"Yes", "No") -> Yes | L18: =ABS(I18-J18) -> 0 | M18: =SUM(M19:M21) -> 0 | N18: =IF(AND(I18=M18),"Yes", "No") -> Yes | O18: =ABS(I18-M18) -> 0
A19: MA non-dual eligibles, excluding SHBP & SEHBP (Insurance Category Code 1; LOB Category Code 6) | B19: =B111 -> 0 | C19: =B124 -> 0 | D19: =IF(AND(B19=C19),"Yes", "No") -> Yes | E19: =ABS(B19-C19) -> 0 | F19: =B176 -> 0 | G19: =IF(AND(B19=F19),"Yes", "No") -> Yes | H19: =ABS(B19-F19) -> 0 | I19: =C111 -> 0 | J19: =C124 -> 0 | K19: =IF(AND(I19=J19),"Yes", "No") -> Yes | L19: =ABS(I19-J19) -> 0 | M19: =C176 -> 0 | N19: =IF(AND(I19=M19),"Yes", "No") -> Yes | O19: =ABS(I19-M19) -> 0
A20: MA dual eligibles (Insurance Category Code 5; LOB Category Code 8) | B20: =B115 -> 0 | C20: =B128 -> 0 | D20: =IF(AND(B20=C20),"Yes", "No") -> Yes | E20: =ABS(B20-C20) -> 0 | F20: =B178 -> 0 | G20: =IF(AND(B20=F20),"Yes", "No") -> Yes | H20: =ABS(B20-F20) -> 0 | I20: =C115 -> 0 | J20: =C128 -> 0 | K20: =IF(AND(I20=J20),"Yes", "No") -> Yes | L20: =ABS(I20-J20) -> 0 | M20: =C178 -> 0 | N20: =IF(AND(I20=M20),"Yes", "No") -> Yes | O20: =ABS(I20-M20) -> 0
A21: MA SHBP & SEHBP (Insurance Category Code 8; LOB Category Code 11) | B21: =B118 -> 0 | C21: =B131 -> 0 | D21: =IF(AND(B21=C21),"Yes", "No") -> Yes | E21: =ABS(B21-C21) -> 0 | F21: =B181 -> 0 | G21: =IF(AND(B21=F21),"Yes", "No") -> Yes | H21: =ABS(B21-F21) -> 0 | I21: =C118 -> 0 | J21: =C131 -> 0 | K21: =IF(AND(I21=J21),"Yes", "No") -> Yes | L21: =ABS(I21-J21) -> 0 | M21: =C181 -> 0 | N21: =IF(AND(I21=M21),"Yes", "No") -> Yes | O21: =ABS(I21-M21) -> 0
A22: Medicaid MCO total | B22: =SUM(B23:B24) -> 0 | C22: =SUM(C23:C24) -> 0 | D22: =IF(AND(B22=C22),"Yes", "No") -> Yes | E22: =ABS(B22-C22) -> 0 | F22: =SUM(F23:F24) -> 0 | G22: =IF(AND(B22=F22),"Yes", "No") -> Yes | H22: =ABS(B22-F22) -> 0 | I22: =SUM(I23:I24) -> 0 | J22: =SUM(J23:J24) -> 0 | K22: =IF(AND(I22=J22),"Yes", "No") -> Yes | L22: =ABS(I22-J22) -> 0 | M22: =SUM(M23:M24) -> 0 | N22: =IF(AND(I22=M22),"Yes", "No") -> Yes | O22: =ABS(I22-M22) -> 0
A23: Medicaid MCO non-dual eligibles (Insurance Category Code 2; LOB Category Code 7) | B23: =B112 -> 0 | C23: =B125 -> 0 | D23: =IF(AND(B23=C23),"Yes", "No") -> Yes | E23: =ABS(B23-C23) -> 0 | F23: =B177 -> 0 | G23: =IF(AND(B23=F23),"Yes", "No") -> Yes | H23: =ABS(B23-F23) -> 0 | I23: =C112 -> 0 | J23: =C125 -> 0 | K23: =IF(AND(I23=J23),"Yes", "No") -> Yes | L23: =ABS(I23-J23) -> 0 | M23: =C177 -> 0 | N23: =IF(AND(I23=M23),"Yes", "No") -> Yes | O23: =ABS(I23-M23) -> 0
A24: Medicaid MCO dual eligibles (Insurance Category Code 6; LOB Category Code 9) | B24: =B116 -> 0 | C24: =B129 -> 0 | D24: =IF(AND(B24=C24),"Yes", "No") -> Yes | E24: =ABS(B24-C24) -> 0 | F24: =B179 -> 0 | G24: =IF(AND(B24=F24),"Yes", "No") -> Yes | H24: =ABS(B24-F24) -> 0 | I24: =C116 -> 0 | J24: =C129 -> 0 | K24: =IF(AND(I24=J24),"Yes", "No") -> Yes | L24: =ABS(I24-J24) -> 0 | M24: =C179 -> 0 | N24: =IF(AND(I24=M24),"Yes", "No") -> Yes | O24: =ABS(I24-M24) -> 0
A27: Table 3. Consistency of Total Truncated Claims Spending and Member Months for Carrier Overall (Large Provider Entity Code 100) Across TME, Age & Sex Factors, and Standard Deviation Tabs | AG27: `
A28: Red cells indicate that claims spending and/or member months for carrier overall (Large Provider Entity Code 100) do not match across tabs and the carrier must correct in the applicable input tab(s).
A29: Market | B29: 2024 | P29: 2025
B30: TME Tab Total Truncated Claims Spending | C30: Age & Sex Factors Tab Total Truncated Claims Spending | D30: Age & Sex Factors Tab Total Truncated Claims Spending Consistent with TME Tab? | E30: Total Truncated Claims Spending Variation | F30: Standard Deviation Tab Total Truncated Claims Spending | G30: Standard Deviation Tab Total Truncated Claims Spending Consistent with TME Tab? | H30: Total Truncated Claims Spending Variation Between Standard Deviation and TME Tabs | I30: TME Tab Member Months | J30: Age & Sex Factors Tab Member Months | K30: Age & Sex Factors Tab Member Months Consistent with TME Tab? | L30: Member Months Variation | M30: Standard Deviation Member Months | N30: Standard Deviation Tab Member Months Consistent with TME Tab? | O30: Member Months Variation | P30: TME Tab Total Truncated Claims Spending | Q30: Age & Sex Factors Tab Total Truncated Claims Spending | R30: Age & Sex Factors Tab Consistent with TME Tab? | S30: Age & Sex Factors and TME Tabs Variation | T30: Standard Deviation Tab Total Truncated Claims Spending | U30: Standard Deviation Tab Consistent with TME Tab? | V30: Standard Deviation and TME Tabs Variation | W30: TME Tab Member Months | X30: Age & Sex Factors Tab Member Months | Y30: Age & Sex Factors Tab Consistent with TME Tab? | Z30: Age & Sex Factors and TME Tabs Variation | AA30: Standard Deviation Member Months | AB30: Standard Deviation Tab Consistent with TME Tab? | AC30: Standard Deviation and TME Tabs Variation
A31: MA (Insurance Category Codes 1+5+8; Market Code 1) | B31: =SUM(L111,L115,L118) -> 0 | C31: =SUM(H124,H128,H131) -> 0 | D31: =IFERROR(IF(AND(E31<10),"Yes","No"),"NA") -> Yes | E31: =IFERROR(ABS(B31-C31),"NA") -> 0 | F31: =D163 -> 0 | G31: =IFERROR(IF(AND(H31<10),"Yes","No"),"NA") -> Yes | H31: =IFERROR(ABS(B31-F31),"NA") -> 0 | I31: =SUM(B111,B115,B118) -> 0 | J31: =SUM(B124,B128,B131) -> 0 | K31: =IFERROR(IF(AND(L31<10),"Yes","No"),"NA") -> Yes | L31: =IFERROR(ABS(I31-J31),"NA") -> 0 | M31: =B163 -> 0 | N31: =IFERROR(IF(AND(O31<10),"Yes","No"),"NA") -> Yes | O31: =IFERROR(ABS(I31-M31),"NA") -> 0 | P31: =SUM(M111,M115,M118) -> 0 | Q31: =SUM(I124,I128,I131) -> 0 | R31: =IFERROR(IF(AND(S31<10),"Yes","No"),"NA") -> Yes | S31: =IFERROR(ABS(P31-Q31),"NA") -> 0 | T31: =E163 -> 0 | U31: =IFERROR(IF(AND(V31<10),"Yes","No"),"NA") -> Yes | V31: =IFERROR(ABS(P31-T31),"NA") -> 0 | W31: =SUM(C111,C115,C118) -> 0 | X31: =SUM(C124,C128,C131) -> 0 | Y31: =IFERROR(IF(AND(Z31<10),"Yes","No"),"NA") -> Yes | Z31: =IFERROR(ABS(W31-X31),"NA") -> 0 | AA31: =C163 -> 0 | AB31: =IFERROR(IF(AND(AC31<10),"Yes","No"),"NA") -> Yes | AC31: =IFERROR(ABS(W31-AA31),"NA") -> 0
A32: Medicaid MCO (Insurance Category Codes 2+6; Market Code 2) | B32: =SUM(L112,L116) -> 0 | C32: =SUM(H125,H129) -> 0 | D32: =IFERROR(IF(AND(E32<10),"Yes","No"),"NA") -> Yes | E32: =IFERROR(ABS(B32-C32),"NA") -> 0 | F32: =D164 -> 0 | G32: =IFERROR(IF(AND(H32<10),"Yes","No"),"NA") -> Yes | H32: =IFERROR(ABS(B32-F32),"NA") -> 0 | I32: =SUM(B112,B116) -> 0 | J32: =SUM(B125,B129) -> 0 | K32: =IFERROR(IF(AND(L32<10),"Yes","No"),"NA") -> Yes | L32: =IFERROR(ABS(I32-J32),"NA") -> 0 | M32: =B164 -> 0 | N32: =IFERROR(IF(AND(O32<10),"Yes","No"),"NA") -> Yes | O32: =IFERROR(ABS(I32-M32),"NA") -> 0 | P32: =SUM(M112,M116) -> 0 | Q32: =SUM(I125,I129) -> 0 | R32: =IFERROR(IF(AND(S32<10),"Yes","No"),"NA") -> Yes | S32: =IFERROR(ABS(P32-Q32),"NA") -> 0 | T32: =E164 -> 0 | U32: =IFERROR(IF(AND(V32<10),"Yes","No"),"NA") -> Yes | V32: =IFERROR(ABS(P32-T32),"NA") -> 0 | W32: =SUM(C112,C116) -> 0 | X32: =SUM(C125,C129) -> 0 | Y32: =IFERROR(IF(AND(Z32<10),"Yes","No"),"NA") -> Yes | Z32: =IFERROR(ABS(W32-X32),"NA") -> 0 | AA32: =C164 -> 0 | AB32: =IFERROR(IF(AND(AC32<10),"Yes","No"),"NA") -> Yes | AC32: =IFERROR(ABS(W32-AA32),"NA") -> 0
A33: Commercial (Insurance Category Codes 3+4+7; Market Code 3) | B33: =SUM(L113,L114,L117) -> 0 | C33: =SUM(H126,H127,H130) -> 0 | D33: =IFERROR(IF(AND(E33<10),"Yes","No"),"NA") -> Yes | E33: =IFERROR(ABS(B33-C33),"NA") -> 0 | F33: =D165 -> 0 | G33: =IFERROR(IF(AND(H33<10),"Yes","No"),"NA") -> Yes | H33: =IFERROR(ABS(B33-F33),"NA") -> 0 | I33: =SUM(B113, B114,B117) -> 0 | J33: =SUM(B126,B127,B130) -> 0 | K33: =IFERROR(IF(AND(L33<10),"Yes","No"),"NA") -> Yes | L33: =IFERROR(ABS(I33-J33),"NA") -> 0 | M33: =B165 -> 0 | N33: =IFERROR(IF(AND(O33<10),"Yes","No"),"NA") -> Yes | O33: =IFERROR(ABS(I33-M33),"NA") -> 0 | P33: =SUM(M113,M114,M117) -> 0 | Q33: =SUM(I126,I127,I130) -> 0 | R33: =IFERROR(IF(AND(S33<10),"Yes","No"),"NA") -> Yes | S33: =IFERROR(ABS(P33-Q33),"NA") -> 0 | T33: =E165 -> 0 | U33: =IFERROR(IF(AND(V33<10),"Yes","No"),"NA") -> Yes | V33: =IFERROR(ABS(P33-T33),"NA") -> 0 | W33: =SUM(C113,C114,C117) -> 0 | X33: =SUM(C126,C127,C130) -> 0 | Y33: =IFERROR(IF(AND(Z33<10),"Yes","No"),"NA") -> Yes | Z33: =IFERROR(ABS(W33-X33),"NA") -> 0 | AA33: =C165 -> 0 | AB33: =IFERROR(IF(AND(AC33<10),"Yes","No"),"NA") -> Yes | AC33: =IFERROR(ABS(W33-AA33),"NA") -> 0
A36: Table 4. Truncation Validation for Carrier Overall (Large Provider Entity Code 100) in TME Tab
A37: Red cells indicate the following errors that the carrier must correct in the applicable input tab(s):
A38: • Member Count with Truncated Claims (TM22) for carrier overall (Large Provider Entity Code 100) is more than the Total Member Count (TM05 divided by 12) for the respective Reporting Year (TM02) and Insurance Category Code (TM03); and/or • Member Count with Truncated Claims as a proportion of Total Member Count (TM22/[TM05/12]) is greater than 3%; and/or • Total Truncated Claims Spending (TM26) for carrier overall (Large Provider Entity Code 100) is more than Total Non-Truncated Claims Spending (TM23) for the respective Reporting Year (TM02) and Insurance Category Code (TM03); and/or • Total Non-Truncated Claims Spending (AS10) for carrier overall (Large Provider Entity Code 100) does not match Total Non-Truncated Claims Spending (TM23) for the respective Reporting Year and Insurance Category Code
A39: Insurance Category Code | B39: 2024 | L39: 2025
B40: Member Count (Member Months Divided by 12) | C40: Member Count with Truncated Claims | D40: Member Count with Truncated Claims Less Than Total Member Count? | E40: Member Count with Truncated Claims as a Proportion of Total Member Count | F40: TME Tab Total Non-Truncated Claims Spending | G40: Age & Sex Factors Tab Total Non-Truncated Claims Spending | H40: TME Tab Total Truncated Claims Spending | I40: Total Truncated Claims Spending Less Than Or Equal To Total Non-Truncated Claims Spending? | J40: Age & Sex Factors Tab Total Non-Truncated Claims Spending Consistent with TME Tab? | K40: Total Non-Truncated Claims Spending Variation | L40: Member Count (Member Months Divided by 12) | M40: Member Count with Truncated Claims | N40: Member Count with Truncated Claims Less Than Total Member Count? | O40: Member Count with Truncated Claims as a Proportion of Total Member Count | P40: TME Tab Total Non-Truncated Claims Spending | Q40: Age & Sex Factors Tab Total Non-Truncated Claims Spending | R40: TME Tab Total Truncated Claims Spending | S40: Total Truncated Claims Spending Less Than Or Equal To Total Non-Truncated Claims Spending? | T40: Age & Sex Factors Tab Total Non-Truncated Claims Spending Consistent with TME Tab? | U40: Total Non-Truncated Claims Spending Variation
A41: 1 | B41: =B111/12 -> 0 | C41: =D111 -> 0 | D41: {=_xlfn.IFS(B41>C41,"Yes",B41<C41,"No", B41=0,"NA")} -> NA | E41: =IFERROR(C41/B41,"NA") -> NA | F41: =F111 -> 0 | G41: =F124 -> 0 | H41: =L111 -> 0 | I41: {=_xlfn.IFS(F41>H41,"Yes",F41<H41,"No",F41=0,"NA",F41=H41,"Equal")} -> NA | J41: =IFERROR(IF(AND((ABS(F41-G41)<1)),"Yes","No"),"NA") -> Yes | K41: =IFERROR(ABS(F41-G41),"NA") -> 0 | L41: =C111/12 -> 0 | M41: =E111 -> 0 | N41: {=_xlfn.IFS(L41>M41,"Yes",L41<M41,"No",L41=0,"NA")} -> NA | O41: =IFERROR(M41/L41,"NA") -> NA | P41: =G111 -> 0 | Q41: =G124 -> 0 | R41: =M111 -> 0 | S41: {=_xlfn.IFS(P41>R41,"Yes",P41<R41,"No",P41=0,"NA",P41=R41,"Equal")} -> NA | T41: =IFERROR(IF(AND((ABS(P41-Q41)<1)),"Yes","No"),"NA") -> Yes | U41: =IFERROR(ABS(P41-Q41),"NA") -> 0
A42: 2 | B42: =B112/12 -> 0 | C42: =D112 -> 0 | D42: {=_xlfn.IFS(B42>C42,"Yes",B42<C42,"No", B42=0,"NA")} -> NA | E42: =IFERROR(C42/B42,"NA") -> NA | F42: =F112 -> 0 | G42: =F125 -> 0 | H42: =L112 -> 0 | I42: {=_xlfn.IFS(F42>H42,"Yes",F42<H42,"No",F42=0,"NA",F42=H42,"Equal")} -> NA | J42: =IFERROR(IF(AND((ABS(F42-G42)<1)),"Yes","No"),"NA") -> Yes | K42: =IFERROR(ABS(F42-G42),"NA") -> 0 | L42: =C112/12 -> 0 | M42: =E112 -> 0 | N42: {=_xlfn.IFS(L42>M42,"Yes",L42<M42,"No",L42=0,"NA")} -> NA | O42: =IFERROR(M42/L42,"NA") -> NA | P42: =G112 -> 0 | Q42: =G125 -> 0 | R42: =M112 -> 0 | S42: {=_xlfn.IFS(P42>R42,"Yes",P42<R42,"No",P42=0,"NA",P42=R42,"Equal")} -> NA | T42: =IFERROR(IF(AND((ABS(P42-Q42)<1)),"Yes","No"),"NA") -> Yes | U42: =IFERROR(ABS(P42-Q42),"NA") -> 0
A43: 3 | B43: =B113/12 -> 0 | C43: =D113 -> 0 | D43: {=_xlfn.IFS(B43>C43,"Yes",B43<C43,"No", B43=0,"NA")} -> NA | E43: =IFERROR(C43/B43,"NA") -> NA | F43: =F113 -> 0 | G43: =F126 -> 0 | H43: =L113 -> 0 | I43: {=_xlfn.IFS(F43>H43,"Yes",F43<H43,"No",F43=0,"NA",F43=H43,"Equal")} -> NA | J43: =IFERROR(IF(AND((ABS(F43-G43)<1)),"Yes","No"),"NA") -> Yes | K43: =IFERROR(ABS(F43-G43),"NA") -> 0 | L43: =C113/12 -> 0 | M43: =E113 -> 0 | N43: {=_xlfn.IFS(L43>M43,"Yes",L43<M43,"No",L43=0,"NA")} -> NA | O43: =IFERROR(M43/L43,"NA") -> NA | P43: =G113 -> 0 | Q43: =G126 -> 0 | R43: =M113 -> 0 | S43: {=_xlfn.IFS(P43>R43,"Yes",P43<R43,"No",P43=0,"NA",P43=R43,"Equal")} -> NA | T43: =IFERROR(IF(AND((ABS(P43-Q43)<1)),"Yes","No"),"NA") -> Yes | U43: =IFERROR(ABS(P43-Q43),"NA") -> 0
A44: 4 | B44: =B114/12 -> 0 | C44: =D114 -> 0 | D44: {=_xlfn.IFS(B44>C44,"Yes",B44<C44,"No", B44=0,"NA")} -> NA | E44: =IFERROR(C44/B44,"NA") -> NA | F44: =F114 -> 0 | G44: =F127 -> 0 | H44: =L114 -> 0 | I44: {=_xlfn.IFS(F44>H44,"Yes",F44<H44,"No",F44=0,"NA",F44=H44,"Equal")} -> NA | J44: =IFERROR(IF(AND((ABS(F44-G44)<1)),"Yes","No"),"NA") -> Yes | K44: =IFERROR(ABS(F44-G44),"NA") -> 0 | L44: =C114/12 -> 0 | M44: =E114 -> 0 | N44: {=_xlfn.IFS(L44>M44,"Yes",L44<M44,"No",L44=0,"NA")} -> NA | O44: =IFERROR(M44/L44,"NA") -> NA | P44: =G114 -> 0 | Q44: =G127 -> 0 | R44: =M114 -> 0 | S44: {=_xlfn.IFS(P44>R44,"Yes",P44<R44,"No",P44=0,"NA",P44=R44,"Equal")} -> NA | T44: =IFERROR(IF(AND((ABS(P44-Q44)<1)),"Yes","No"),"NA") -> Yes | U44: =IFERROR(ABS(P44-Q44),"NA") -> 0
A45: 5 | B45: =B115/12 -> 0 | C45: =D115 -> 0 | D45: {=_xlfn.IFS(B45>C45,"Yes",B45<C45,"No", B45=0,"NA")} -> NA | E45: =IFERROR(C45/B45,"NA") -> NA | F45: =F115 -> 0 | G45: =F128 -> 0 | H45: =L115 -> 0 | I45: {=_xlfn.IFS(F45>H45,"Yes",F45<H45,"No",F45=0,"NA",F45=H45,"Equal")} -> NA | J45: =IFERROR(IF(AND((ABS(F45-G45)<1)),"Yes","No"),"NA") -> Yes | K45: =IFERROR(ABS(F45-G45),"NA") -> 0 | L45: =C115/12 -> 0 | M45: =E115 -> 0 | N45: {=_xlfn.IFS(L45>M45,"Yes",L45<M45,"No",L45=0,"NA")} -> NA | O45: =IFERROR(M45/L45,"NA") -> NA | P45: =G115 -> 0 | Q45: =G128 -> 0 | R45: =M115 -> 0 | S45: {=_xlfn.IFS(P45>R45,"Yes",P45<R45,"No",P45=0,"NA",P45=R45,"Equal")} -> NA | T45: =IFERROR(IF(AND((ABS(P45-Q45)<1)),"Yes","No"),"NA") -> Yes | U45: =IFERROR(ABS(P45-Q45),"NA") -> 0
A46: 6 | B46: =B116/12 -> 0 | C46: =D116 -> 0 | D46: {=_xlfn.IFS(B46>C46,"Yes",B46<C46,"No", B46=0,"NA")} -> NA | E46: =IFERROR(C46/B46,"NA") -> NA | F46: =F116 -> 0 | G46: =F129 -> 0 | H46: =L116 -> 0 | I46: {=_xlfn.IFS(F46>H46,"Yes",F46<H46,"No",F46=0,"NA",F46=H46,"Equal")} -> NA | J46: =IFERROR(IF(AND((ABS(F46-G46)<1)),"Yes","No"),"NA") -> Yes | K46: =IFERROR(ABS(F46-G46),"NA") -> 0 | L46: =C116/12 -> 0 | M46: =E116 -> 0 | N46: {=_xlfn.IFS(L46>M46,"Yes",L46<M46,"No",L46=0,"NA")} -> NA | O46: =IFERROR(M46/L46,"NA") -> NA | P46: =G116 -> 0 | Q46: =G129 -> 0 | R46: =M116 -> 0 | S46: {=_xlfn.IFS(P46>R46,"Yes",P46<R46,"No",P46=0,"NA",P46=R46,"Equal")} -> NA | T46: =IFERROR(IF(AND((ABS(P46-Q46)<1)),"Yes","No"),"NA") -> Yes | U46: =IFERROR(ABS(P46-Q46),"NA") -> 0
A47: 7 | B47: =B117/12 -> 0 | C47: =D117 -> 0 | D47: {=_xlfn.IFS(B47>C47,"Yes",B47<C47,"No", B47=0,"NA")} -> NA | E47: =IFERROR(C47/B47,"NA") -> NA | F47: =F117 -> 0 | G47: =F130 -> 0 | H47: =L117 -> 0 | I47: {=_xlfn.IFS(F47>H47,"Yes",F47<H47,"No",F47=0,"NA",F47=H47,"Equal")} -> NA | J47: =IFERROR(IF(AND((ABS(F47-G47)<1)),"Yes","No"),"NA") -> Yes | K47: =IFERROR(ABS(F47-G47),"NA") -> 0 | L47: =C117/12 -> 0 | M47: =E117 -> 0 | N47: {=_xlfn.IFS(L47>M47,"Yes",L47<M47,"No",L47=0,"NA")} -> NA | O47: =IFERROR(M47/L47,"NA") -> NA | P47: =G117 -> 0 | Q47: =G130 -> 0 | R47: =M117 -> 0 | S47: {=_xlfn.IFS(P47>R47,"Yes",P47<R47,"No",P47=0,"NA",P47=R47,"Equal")} -> NA | T47: =IFERROR(IF(AND((ABS(P47-Q47)<1)),"Yes","No"),"NA") -> Yes | U47: =IFERROR(ABS(P47-Q47),"NA") -> 0
A48: 8 | B48: =B118/12 -> 0 | C48: =D118 -> 0 | D48: {=_xlfn.IFS(B48>C48,"Yes",B48<C48,"No", B48=0,"NA")} -> NA | E48: =IFERROR(C48/B48,"NA") -> NA | F48: =F118 -> 0 | G48: =F131 -> 0 | H48: =L118 -> 0 | I48: {=_xlfn.IFS(F48>H48,"Yes",F48<H48,"No",F48=0,"NA",F48=H48,"Equal")} -> NA | J48: =IFERROR(IF(AND((ABS(F48-G48)<1)),"Yes","No"),"NA") -> Yes | K48: =IFERROR(ABS(F48-G48),"NA") -> 0 | L48: =C118/12 -> 0 | M48: =E118 -> 0 | N48: {=_xlfn.IFS(L48>M48,"Yes",L48<M48,"No",L48=0,"NA")} -> NA | O48: =IFERROR(M48/L48,"NA") -> NA | P48: =G118 -> 0 | Q48: =G131 -> 0 | R48: =M118 -> 0 | S48: {=_xlfn.IFS(P48>R48,"Yes",P48<R48,"No",P48=0,"NA",P48=R48,"Equal")} -> NA | T48: =IFERROR(IF(AND((ABS(P48-Q48)<1)),"Yes","No"),"NA") -> Yes | U48: =IFERROR(ABS(P48-Q48),"NA") -> 0
A51: Table 5. Reasonableness of PMPMs for Carrier Overall (Large Provider Entity Code 100)
A52: Red cells indicate the following potential errors that the carrier must either notify DOBI that data are accurate or correct in the applicable input tab(s): -PMPM is less than $10; and/or -Difference in PMPM between commercial full and partial claims (Insurance Category Codes 3 & 4) increased or decreased by more than 9%
A53: • MPM is less than $10, except for TM11 & TM24 PMPMs; and/or • Difference in PMPM between commercial full and partial claims (Insurance Category Codes 3 & 4) was more than 49%
A54: Insurance Category Code | B54: 2024 | L54: 2025
B55: Claims: Hospital Inpatient (TM06) PMPM | C55: Claims: Hospital Outpatient (TM07) PMPM | D55: Claims: Professional, Primary Care Providers (TM08) PMPM | E55: Claims: Professional, Specialty Providers (TM09) PMPM | F55: Claims: Professional, Other Providers (TM10) PMPM | G55: Claims: Long-Term Care (TM11) PMPM | H55: Claims: Retail Pharmacy (TM12) PMPM | I55: Claims: Other (TM13) PMPM | J55: Total Non-Claims Spending (TM24) PMPM | K55: Total Non-Truncated Claims and Non-Claims Spending (TM25) PMPM | L55: Claims: Hospital Inpatient (TM06) PMPM | M55: Claims: Hospital Outpatient (TM07) PMPM | N55: Claims: Professional, Primary Care Providers (TM08) PMPM | O55: Claims: Professional, Specialty Providers (TM09) PMPM | P55: Claims: Professional, Other Providers (TM10) PMPM | Q55: Claims: Long-Term Care (TM11) PMPM | R55: Claims: Retail Pharmacy (TM12) PMPM | S55: Claims: Other (TM13) PMPM | T55: Total Non-Claims Spending (TM24) PMPM | U55: Total Non-Truncated Claims and Non-Claims Spending (TM25) PMPM
A56: 1 | B56: =IF(B111<>0,((SUMIFS(TM[[#All],[Claims: Hospital Inpatient]],TM[[#All],[Reporting Year]],2024,TM[[#All],[Insurance Category Code]],A56,TM[[#All],[Large Provider Entity Code]],100))/'Data Validation Checks'!B111),"NA") -> NA | C56: =IF(B111<>0,((SUMIFS(TM[[#All],[Claims: Hospital Outpatient]],TM[[#All],[Reporting Year]],2024,TM[[#All],[Insurance Category Code]],'Data Validation Checks'!A56,TM[[#All],[Large Provider Entity Code]],100))/'Data Validation Checks'!B111),"NA") -> NA | D56: =IF(B111<>0,((SUMIFS(TM[[#All],[Claims: Professional, Primary Care Providers]],TM[[#All],[Reporting Year]],2024,TM[[#All],[Insurance Category Code]],'Data Validation Checks'!A56,TM[[#All],[Large Provider Entity Code]],100))/'Data Validation Checks'!B111),"NA") -> NA | E56: =IF(B111<>0,((SUMIFS(TM[[#All],[Claims: Professional, Specialty Providers]],TM[[#All],[Reporting Year]],2024,TM[[#All],[Insurance Category Code]],'Data Validation Checks'!A56,TM[[#All],[Large Provider Entity Code]],100))/'Data Validation Checks'!B111),"NA") -> NA | F56: =IF(B111<>0,((SUMIFS(TM[[#All],[Claims: Professional, Other Providers]],TM[[#All],[Reporting Year]],2024,TM[[#All],[Insurance Category Code]],'Data Validation Checks'!A56,TM[[#All],[Large Provider Entity Code]],100))/'Data Validation Checks'!B111),"NA") -> NA | G56: =IF(B111<>0,((SUMIFS(TM[[#All],[Claims: Long-Term Care]],TM[[#All],[Reporting Year]],2024,TM[[#All],[Insurance Category Code]],'Data Validation Checks'!A56,TM[[#All],[Large Provider Entity Code]],100))/'Data Validation Checks'!B111),"NA") -> NA | H56: =IF(B111<>0,((SUMIFS(TM[[#All],[Claims: Retail Pharmacy]],TM[[#All],[Reporting Year]],2024,TM[[#All],[Insurance Category Code]],'Data Validation Checks'!A56,TM[[#All],[Large Provider Entity Code]],100))/'Data Validation Checks'!B111),"NA") -> NA | I56: =IF(B111<>0,((SUMIFS(TM[[#All],[Claims: Other]],TM[[#All],[Reporting Year]],2024,TM[[#All],[Insurance Category Code]],'Data Validation Checks'!A56,TM[[#All],[Large Provider Entity Code]],100))/'Data Validation Checks'!B111),"NA") -> NA | J56: =IF(B111<>0,((SUMIFS(TM[[#All],[Total Non-Claims Spending]],TM[[#All],[Reporting Year]],2024,TM[[#All],[Insurance Category Code]],'Data Validation Checks'!A56,TM[[#All],[Large Provider Entity Code]],100))/'Data Validation Checks'!B111),"NA") -> NA | K56: =IF(B111<>0,((SUMIFS(TM[[#All],[Total Non-Truncated Claims and Non-Claims Spending]],TM[[#All],[Reporting Year]],2024,TM[[#All],[Insurance Category Code]],'Data Validation Checks'!A56,TM[[#All],[Large Provider Entity Code]],100))/'Data Validation Checks'!B111),"NA") -> NA | L56: =IF(C111<>0,((SUMIFS(TM[[#All],[Claims: Hospital Inpatient]],TM[[#All],[Reporting Year]],2025,TM[[#All],[Insurance Category Code]],'Data Validation Checks'!A56,TM[[#All],[Large Provider Entity Code]],100))/'Data Validation Checks'!C111),"NA") -> NA | M56: =IF(C111<>0,((SUMIFS(TM[[#All],[Claims: Hospital Outpatient]],TM[[#All],[Reporting Year]],2025,TM[[#All],[Insurance Category Code]],'Data Validation Checks'!A56,TM[[#All],[Large Provider Entity Code]],100))/'Data Validation Checks'!C111),"NA") -> NA | N56: =IF(C111<>0,((SUMIFS(TM[[#All],[Claims: Professional, Primary Care Providers]],TM[[#All],[Reporting Year]],2025,TM[[#All],[Insurance Category Code]],'Data Validation Checks'!A56,TM[[#All],[Large Provider Entity Code]],100))/'Data Validation Checks'!C111),"NA") -> NA | O56: =IF(C111<>0,((SUMIFS(TM[[#All],[Claims: Professional, Specialty Providers]],TM[[#All],[Reporting Year]],2025,TM[[#All],[Insurance Category Code]],'Data Validation Checks'!A56,TM[[#All],[Large Provider Entity Code]],100))/'Data Validation Checks'!C111),"NA") -> NA | P56: =IF(C111<>0,((SUMIFS(TM[[#All],[Claims: Professional, Other Providers]],TM[[#All],[Reporting Year]],2025,TM[[#All],[Insurance Category Code]],'Data Validation Checks'!A56,TM[[#All],[Large Provider Entity Code]],100))/'Data Validation Checks'!C111),"NA") -> NA | Q56: =IF(C111<>0,((SUMIFS(TM[[#All],[Claims: Long-Term Care]],TM[[#All],[Reporting Year]],2025,TM[[#All],[Insurance Category Code]],'Data Validation Checks'!A56,TM[[#All],[Large Provider Entity Code]],100))/'Data Validation Checks'!C111),"NA") -> NA | R56: =IF(C111<>0,((SUMIFS(TM[[#All],[Claims: Retail Pharmacy]],TM[[#All],[Reporting Year]],2025,TM[[#All],[Insurance Category Code]],'Data Validation Checks'!A56,TM[[#All],[Large Provider Entity Code]],100))/'Data Validation Checks'!C111),"NA") -> NA | S56: =IF(C111<>0,((SUMIFS(TM[[#All],[Claims: Other]],TM[[#All],[Reporting Year]],2025,TM[[#All],[Insurance Category Code]],'Data Validation Checks'!A56,TM[[#All],[Large Provider Entity Code]],100))/'Data Validation Checks'!C111),"NA") -> NA | T56: =IF(C111<>0,((SUMIFS(TM[[#All],[Total Non-Claims Spending]],TM[[#All],[Reporting Year]],2025,TM[[#All],[Insurance Category Code]],'Data Validation Checks'!A56,TM[[#All],[Large Provider Entity Code]],100))/'Data Validation Checks'!C111),"NA") -> NA | U56: =IF(C111<>0,((SUMIFS(TM[[#All],[Total Non-Truncated Claims and Non-Claims Spending]],TM[[#All],[Reporting Year]],2025,TM[[#All],[Insurance Category Code]],'Data Validation Checks'!A56,TM[[#All],[Large Provider Entity Code]],100))/'Data Validation Checks'!C111),"NA") -> NA
A57: 2 | B57: =IF(B112<>0,((SUMIFS(TM[[#All],[Claims: Hospital Inpatient]],TM[[#All],[Reporting Year]],2024,TM[[#All],[Insurance Category Code]],'Data Validation Checks'!A57,TM[[#All],[Large Provider Entity Code]],100))/'Data Validation Checks'!B112),"NA") -> NA | C57: =IF(B112<>0,((SUMIFS(TM[[#All],[Claims: Hospital Outpatient]],TM[[#All],[Reporting Year]],2024,TM[[#All],[Insurance Category Code]],'Data Validation Checks'!A57,TM[[#All],[Large Provider Entity Code]],100))/'Data Validation Checks'!B112),"NA") -> NA | D57: =IF(B112<>0,((SUMIFS(TM[[#All],[Claims: Professional, Primary Care Providers]],TM[[#All],[Reporting Year]],2024,TM[[#All],[Insurance Category Code]],'Data Validation Checks'!A57,TM[[#All],[Large Provider Entity Code]],100))/'Data Validation Checks'!B112),"NA") -> NA | E57: =IF(B112<>0,((SUMIFS(TM[[#All],[Claims: Professional, Specialty Providers]],TM[[#All],[Reporting Year]],2024,TM[[#All],[Insurance Category Code]],'Data Validation Checks'!A57,TM[[#All],[Large Provider Entity Code]],100))/'Data Validation Checks'!B112),"NA") -> NA | F57: =IF(B112<>0,((SUMIFS(TM[[#All],[Claims: Professional, Other Providers]],TM[[#All],[Reporting Year]],2024,TM[[#All],[Insurance Category Code]],'Data Validation Checks'!A57,TM[[#All],[Large Provider Entity Code]],100))/'Data Validation Checks'!B112),"NA") -> NA | G57: =IF(B112<>0,((SUMIFS(TM[[#All],[Claims: Long-Term Care]],TM[[#All],[Reporting Year]],2024,TM[[#All],[Insurance Category Code]],'Data Validation Checks'!A57,TM[[#All],[Large Provider Entity Code]],100))/'Data Validation Checks'!B112),"NA") -> NA | H57: =IF(B112<>0,((SUMIFS(TM[[#All],[Claims: Retail Pharmacy]],TM[[#All],[Reporting Year]],2024,TM[[#All],[Insurance Category Code]],'Data Validation Checks'!A57,TM[[#All],[Large Provider Entity Code]],100))/'Data Validation Checks'!B112),"NA") -> NA | I57: =IF(B112<>0,((SUMIFS(TM[[#All],[Claims: Other]],TM[[#All],[Reporting Year]],2024,TM[[#All],[Insurance Category Code]],'Data Validation Checks'!A57,TM[[#All],[Large Provider Entity Code]],100))/'Data Validation Checks'!B112),"NA") -> NA | J57: =IF(B112<>0,((SUMIFS(TM[[#All],[Total Non-Claims Spending]],TM[[#All],[Reporting Year]],2024,TM[[#All],[Insurance Category Code]],'Data Validation Checks'!A57,TM[[#All],[Large Provider Entity Code]],100))/'Data Validation Checks'!B112),"NA") -> NA | K57: =IF(B112<>0,((SUMIFS(TM[[#All],[Total Non-Truncated Claims and Non-Claims Spending]],TM[[#All],[Reporting Year]],2024,TM[[#All],[Insurance Category Code]],'Data Validation Checks'!A57,TM[[#All],[Large Provider Entity Code]],100))/'Data Validation Checks'!B112),"NA") -> NA | L57: =IF(C112<>0,((SUMIFS(TM[[#All],[Claims: Hospital Inpatient]],TM[[#All],[Reporting Year]],2025,TM[[#All],[Insurance Category Code]],'Data Validation Checks'!A57,TM[[#All],[Large Provider Entity Code]],100))/'Data Validation Checks'!C112),"NA") -> NA | M57: =IF(C112<>0,((SUMIFS(TM[[#All],[Claims: Hospital Outpatient]],TM[[#All],[Reporting Year]],2025,TM[[#All],[Insurance Category Code]],'Data Validation Checks'!A57,TM[[#All],[Large Provider Entity Code]],100))/'Data Validation Checks'!C112),"NA") -> NA | N57: =IF(C112<>0,((SUMIFS(TM[[#All],[Claims: Professional, Primary Care Providers]],TM[[#All],[Reporting Year]],2025,TM[[#All],[Insurance Category Code]],'Data Validation Checks'!A57,TM[[#All],[Large Provider Entity Code]],100))/'Data Validation Checks'!C112),"NA") -> NA | O57: =IF(C112<>0,((SUMIFS(TM[[#All],[Claims: Professional, Specialty Providers]],TM[[#All],[Reporting Year]],2025,TM[[#All],[Insurance Category Code]],'Data Validation Checks'!A57,TM[[#All],[Large Provider Entity Code]],100))/'Data Validation Checks'!C112),"NA") -> NA | P57: =IF(C112<>0,((SUMIFS(TM[[#All],[Claims: Professional, Other Providers]],TM[[#All],[Reporting Year]],2025,TM[[#All],[Insurance Category Code]],'Data Validation Checks'!A57,TM[[#All],[Large Provider Entity Code]],100))/'Data Validation Checks'!C112),"NA") -> NA | Q57: =IF(C112<>0,((SUMIFS(TM[[#All],[Claims: Long-Term Care]],TM[[#All],[Reporting Year]],2025,TM[[#All],[Insurance Category Code]],'Data Validation Checks'!A57,TM[[#All],[Large Provider Entity Code]],100))/'Data Validation Checks'!C112),"NA") -> NA | R57: =IF(C112<>0,((SUMIFS(TM[[#All],[Claims: Retail Pharmacy]],TM[[#All],[Reporting Year]],2025,TM[[#All],[Insurance Category Code]],'Data Validation Checks'!A57,TM[[#All],[Large Provider Entity Code]],100))/'Data Validation Checks'!C112),"NA") -> NA | S57: =IF(C112<>0,((SUMIFS(TM[[#All],[Claims: Other]],TM[[#All],[Reporting Year]],2025,TM[[#All],[Insurance Category Code]],'Data Validation Checks'!A57,TM[[#All],[Large Provider Entity Code]],100))/'Data Validation Checks'!C112),"NA") -> NA | T57: =IF(C112<>0,((SUMIFS(TM[[#All],[Total Non-Claims Spending]],TM[[#All],[Reporting Year]],2025,TM[[#All],[Insurance Category Code]],'Data Validation Checks'!A57,TM[[#All],[Large Provider Entity Code]],100))/'Data Validation Checks'!C112),"NA") -> NA | U57: =IF(C112<>0,((SUMIFS(TM[[#All],[Total Non-Truncated Claims and Non-Claims Spending]],TM[[#All],[Reporting Year]],2025,TM[[#All],[Insurance Category Code]],'Data Validation Checks'!A57,TM[[#All],[Large Provider Entity Code]],100))/'Data Validation Checks'!C112),"NA") -> NA
A58: 3 | B58: =IF(B113<>0,((SUMIFS(TM[[#All],[Claims: Hospital Inpatient]],TM[[#All],[Reporting Year]],2024,TM[[#All],[Insurance Category Code]],'Data Validation Checks'!A58,TM[[#All],[Large Provider Entity Code]],100))/'Data Validation Checks'!B113),"NA") -> NA | C58: =IF(B113<>0,((SUMIFS(TM[[#All],[Claims: Hospital Outpatient]],TM[[#All],[Reporting Year]],2024,TM[[#All],[Insurance Category Code]],'Data Validation Checks'!A58,TM[[#All],[Large Provider Entity Code]],100))/'Data Validation Checks'!B113),"NA") -> NA | D58: =IF(B113<>0,((SUMIFS(TM[[#All],[Claims: Professional, Primary Care Providers]],TM[[#All],[Reporting Year]],2024,TM[[#All],[Insurance Category Code]],'Data Validation Checks'!A58,TM[[#All],[Large Provider Entity Code]],100))/'Data Validation Checks'!B113),"NA") -> NA | E58: =IF(B113<>0,((SUMIFS(TM[[#All],[Claims: Professional, Specialty Providers]],TM[[#All],[Reporting Year]],2024,TM[[#All],[Insurance Category Code]],'Data Validation Checks'!A58,TM[[#All],[Large Provider Entity Code]],100))/'Data Validation Checks'!B113),"NA") -> NA | F58: =IF(B113<>0,((SUMIFS(TM[[#All],[Claims: Professional, Other Providers]],TM[[#All],[Reporting Year]],2024,TM[[#All],[Insurance Category Code]],'Data Validation Checks'!A58,TM[[#All],[Large Provider Entity Code]],100))/'Data Validation Checks'!B113),"NA") -> NA | G58: =IF(B113<>0,((SUMIFS(TM[[#All],[Claims: Long-Term Care]],TM[[#All],[Reporting Year]],2024,TM[[#All],[Insurance Category Code]],'Data Validation Checks'!A58,TM[[#All],[Large Provider Entity Code]],100))/'Data Validation Checks'!B113),"NA") -> NA | H58: =IF(B113<>0,((SUMIFS(TM[[#All],[Claims: Retail Pharmacy]],TM[[#All],[Reporting Year]],2024,TM[[#All],[Insurance Category Code]],'Data Validation Checks'!A58,TM[[#All],[Large Provider Entity Code]],100))/'Data Validation Checks'!B113),"NA") -> NA | I58: =IF(B113<>0,((SUMIFS(TM[[#All],[Claims: Other]],TM[[#All],[Reporting Year]],2024,TM[[#All],[Insurance Category Code]],'Data Validation Checks'!A58,TM[[#All],[Large Provider Entity Code]],100))/'Data Validation Checks'!B113),"NA") -> NA | J58: =IF(B113<>0,((SUMIFS(TM[[#All],[Total Non-Claims Spending]],TM[[#All],[Reporting Year]],2024,TM[[#All],[Insurance Category Code]],'Data Validation Checks'!A58,TM[[#All],[Large Provider Entity Code]],100))/'Data Validation Checks'!B113),"NA") -> NA | K58: =IF(B113<>0,((SUMIFS(TM[[#All],[Total Non-Truncated Claims and Non-Claims Spending]],TM[[#All],[Reporting Year]],2024,TM[[#All],[Insurance Category Code]],'Data Validation Checks'!A58,TM[[#All],[Large Provider Entity Code]],100))/'Data Validation Checks'!B113),"NA") -> NA | L58: =IF(C113<>0,((SUMIFS(TM[[#All],[Claims: Hospital Inpatient]],TM[[#All],[Reporting Year]],2025,TM[[#All],[Insurance Category Code]],'Data Validation Checks'!A58,TM[[#All],[Large Provider Entity Code]],100))/'Data Validation Checks'!C113),"NA") -> NA | M58: =IF(C113<>0,((SUMIFS(TM[[#All],[Claims: Hospital Outpatient]],TM[[#All],[Reporting Year]],2025,TM[[#All],[Insurance Category Code]],'Data Validation Checks'!A58,TM[[#All],[Large Provider Entity Code]],100))/'Data Validation Checks'!C113),"NA") -> NA | N58: =IF(C113<>0,((SUMIFS(TM[[#All],[Claims: Professional, Primary Care Providers]],TM[[#All],[Reporting Year]],2025,TM[[#All],[Insurance Category Code]],'Data Validation Checks'!A58,TM[[#All],[Large Provider Entity Code]],100))/'Data Validation Checks'!C113),"NA") -> NA | O58: =IF(C113<>0,((SUMIFS(TM[[#All],[Claims: Professional, Specialty Providers]],TM[[#All],[Reporting Year]],2025,TM[[#All],[Insurance Category Code]],'Data Validation Checks'!A58,TM[[#All],[Large Provider Entity Code]],100))/'Data Validation Checks'!C113),"NA") -> NA | P58: =IF(C113<>0,((SUMIFS(TM[[#All],[Claims: Professional, Other Providers]],TM[[#All],[Reporting Year]],2025,TM[[#All],[Insurance Category Code]],'Data Validation Checks'!A58,TM[[#All],[Large Provider Entity Code]],100))/'Data Validation Checks'!C113),"NA") -> NA | Q58: =IF(C113<>0,((SUMIFS(TM[[#All],[Claims: Long-Term Care]],TM[[#All],[Reporting Year]],2025,TM[[#All],[Insurance Category Code]],'Data Validation Checks'!A58,TM[[#All],[Large Provider Entity Code]],100))/'Data Validation Checks'!C113),"NA") -> NA | R58: =IF(C113<>0,((SUMIFS(TM[[#All],[Claims: Retail Pharmacy]],TM[[#All],[Reporting Year]],2025,TM[[#All],[Insurance Category Code]],'Data Validation Checks'!A58,TM[[#All],[Large Provider Entity Code]],100))/'Data Validation Checks'!C113),"NA") -> NA | S58: =IF(C113<>0,((SUMIFS(TM[[#All],[Claims: Other]],TM[[#All],[Reporting Year]],2025,TM[[#All],[Insurance Category Code]],'Data Validation Checks'!A58,TM[[#All],[Large Provider Entity Code]],100))/'Data Validation Checks'!C113),"NA") -> NA | T58: =IF(C113<>0,((SUMIFS(TM[[#All],[Total Non-Claims Spending]],TM[[#All],[Reporting Year]],2025,TM[[#All],[Insurance Category Code]],'Data Validation Checks'!A58,TM[[#All],[Large Provider Entity Code]],100))/'Data Validation Checks'!C113),"NA") -> NA | U58: =IF(C113<>0,((SUMIFS(TM[[#All],[Total Non-Truncated Claims and Non-Claims Spending]],TM[[#All],[Reporting Year]],2025,TM[[#All],[Insurance Category Code]],'Data Validation Checks'!A58,TM[[#All],[Large Provider Entity Code]],100))/'Data Validation Checks'!C113),"NA") -> NA
A59: 4 | B59: =IF(B114<>0,((SUMIFS(TM[[#All],[Claims: Hospital Inpatient]],TM[[#All],[Reporting Year]],2024,TM[[#All],[Insurance Category Code]],'Data Validation Checks'!A59,TM[[#All],[Large Provider Entity Code]],100))/'Data Validation Checks'!B114),"NA") -> NA | C59: =IF(B114<>0,((SUMIFS(TM[[#All],[Claims: Hospital Outpatient]],TM[[#All],[Reporting Year]],2024,TM[[#All],[Insurance Category Code]],'Data Validation Checks'!A59,TM[[#All],[Large Provider Entity Code]],100))/'Data Validation Checks'!B114),"NA") -> NA | D59: =IF(B114<>0,((SUMIFS(TM[[#All],[Claims: Professional, Primary Care Providers]],TM[[#All],[Reporting Year]],2024,TM[[#All],[Insurance Category Code]],'Data Validation Checks'!A59,TM[[#All],[Large Provider Entity Code]],100))/'Data Validation Checks'!B114),"NA") -> NA | E59: =IF(B114<>0,((SUMIFS(TM[[#All],[Claims: Professional, Specialty Providers]],TM[[#All],[Reporting Year]],2024,TM[[#All],[Insurance Category Code]],'Data Validation Checks'!A59,TM[[#All],[Large Provider Entity Code]],100))/'Data Validation Checks'!B114),"NA") -> NA | F59: =IF(B114<>0,((SUMIFS(TM[[#All],[Claims: Professional, Other Providers]],TM[[#All],[Reporting Year]],2024,TM[[#All],[Insurance Category Code]],'Data Validation Checks'!A59,TM[[#All],[Large Provider Entity Code]],100))/'Data Validation Checks'!B114),"NA") -> NA | G59: =IF(B114<>0,((SUMIFS(TM[[#All],[Claims: Long-Term Care]],TM[[#All],[Reporting Year]],2024,TM[[#All],[Insurance Category Code]],'Data Validation Checks'!A59,TM[[#All],[Large Provider Entity Code]],100))/'Data Validation Checks'!B114),"NA") -> NA | H59: =IF(B114<>0,((SUMIFS(TM[[#All],[Claims: Retail Pharmacy]],TM[[#All],[Reporting Year]],2024,TM[[#All],[Insurance Category Code]],'Data Validation Checks'!A59,TM[[#All],[Large Provider Entity Code]],100))/'Data Validation Checks'!B114),"NA") -> NA | I59: =IF(B114<>0,((SUMIFS(TM[[#All],[Claims: Other]],TM[[#All],[Reporting Year]],2024,TM[[#All],[Insurance Category Code]],'Data Validation Checks'!A59,TM[[#All],[Large Provider Entity Code]],100))/'Data Validation Checks'!B114),"NA") -> NA | J59: =IF(B114<>0,((SUMIFS(TM[[#All],[Total Non-Claims Spending]],TM[[#All],[Reporting Year]],2024,TM[[#All],[Insurance Category Code]],'Data Validation Checks'!A59,TM[[#All],[Large Provider Entity Code]],100))/'Data Validation Checks'!B114),"NA") -> NA | K59: =IF(B114<>0,((SUMIFS(TM[[#All],[Total Non-Truncated Claims and Non-Claims Spending]],TM[[#All],[Reporting Year]],2024,TM[[#All],[Insurance Category Code]],'Data Validation Checks'!A59,TM[[#All],[Large Provider Entity Code]],100))/'Data Validation Checks'!B114),"NA") -> NA | L59: =IF(C114<>0,((SUMIFS(TM[[#All],[Claims: Hospital Inpatient]],TM[[#All],[Reporting Year]],2025,TM[[#All],[Insurance Category Code]],'Data Validation Checks'!A59,TM[[#All],[Large Provider Entity Code]],100))/'Data Validation Checks'!C114),"NA") -> NA | M59: =IF(C114<>0,((SUMIFS(TM[[#All],[Claims: Hospital Outpatient]],TM[[#All],[Reporting Year]],2025,TM[[#All],[Insurance Category Code]],'Data Validation Checks'!A59,TM[[#All],[Large Provider Entity Code]],100))/'Data Validation Checks'!C114),"NA") -> NA | N59: =IF(C114<>0,((SUMIFS(TM[[#All],[Claims: Professional, Primary Care Providers]],TM[[#All],[Reporting Year]],2025,TM[[#All],[Insurance Category Code]],'Data Validation Checks'!A59,TM[[#All],[Large Provider Entity Code]],100))/'Data Validation Checks'!C114),"NA") -> NA | O59: =IF(C114<>0,((SUMIFS(TM[[#All],[Claims: Professional, Specialty Providers]],TM[[#All],[Reporting Year]],2025,TM[[#All],[Insurance Category Code]],'Data Validation Checks'!A59,TM[[#All],[Large Provider Entity Code]],100))/'Data Validation Checks'!C114),"NA") -> NA | P59: =IF(C114<>0,((SUMIFS(TM[[#All],[Claims: Professional, Other Providers]],TM[[#All],[Reporting Year]],2025,TM[[#All],[Insurance Category Code]],'Data Validation Checks'!A59,TM[[#All],[Large Provider Entity Code]],100))/'Data Validation Checks'!C114),"NA") -> NA | Q59: =IF(C114<>0,((SUMIFS(TM[[#All],[Claims: Long-Term Care]],TM[[#All],[Reporting Year]],2025,TM[[#All],[Insurance Category Code]],'Data Validation Checks'!A59,TM[[#All],[Large Provider Entity Code]],100))/'Data Validation Checks'!C114),"NA") -> NA | R59: =IF(C114<>0,((SUMIFS(TM[[#All],[Claims: Retail Pharmacy]],TM[[#All],[Reporting Year]],2025,TM[[#All],[Insurance Category Code]],'Data Validation Checks'!A59,TM[[#All],[Large Provider Entity Code]],100))/'Data Validation Checks'!C114),"NA") -> NA | S59: =IF(C114<>0,((SUMIFS(TM[[#All],[Claims: Other]],TM[[#All],[Reporting Year]],2025,TM[[#All],[Insurance Category Code]],'Data Validation Checks'!A59,TM[[#All],[Large Provider Entity Code]],100))/'Data Validation Checks'!C114),"NA") -> NA | T59: =IF(C114<>0,((SUMIFS(TM[[#All],[Total Non-Claims Spending]],TM[[#All],[Reporting Year]],2025,TM[[#All],[Insurance Category Code]],'Data Validation Checks'!A59,TM[[#All],[Large Provider Entity Code]],100))/'Data Validation Checks'!C114),"NA") -> NA | U59: =IF(C114<>0,((SUMIFS(TM[[#All],[Total Non-Truncated Claims and Non-Claims Spending]],TM[[#All],[Reporting Year]],2025,TM[[#All],[Insurance Category Code]],'Data Validation Checks'!A59,TM[[#All],[Large Provider Entity Code]],100))/'Data Validation Checks'!C114),"NA") -> NA
A60: 5 | B60: =IF(B115<>0,((SUMIFS(TM[[#All],[Claims: Hospital Inpatient]],TM[[#All],[Reporting Year]],2024,TM[[#All],[Insurance Category Code]],'Data Validation Checks'!A60,TM[[#All],[Large Provider Entity Code]],100))/'Data Validation Checks'!B115),"NA") -> NA | C60: =IF(B115<>0,((SUMIFS(TM[[#All],[Claims: Hospital Outpatient]],TM[[#All],[Reporting Year]],2024,TM[[#All],[Insurance Category Code]],'Data Validation Checks'!A60,TM[[#All],[Large Provider Entity Code]],100))/'Data Validation Checks'!B115),"NA") -> NA | D60: =IF(B115<>0,((SUMIFS(TM[[#All],[Claims: Professional, Primary Care Providers]],TM[[#All],[Reporting Year]],2024,TM[[#All],[Insurance Category Code]],'Data Validation Checks'!A60,TM[[#All],[Large Provider Entity Code]],100))/'Data Validation Checks'!B115),"NA") -> NA | E60: =IF(B115<>0,((SUMIFS(TM[[#All],[Claims: Professional, Specialty Providers]],TM[[#All],[Reporting Year]],2024,TM[[#All],[Insurance Category Code]],'Data Validation Checks'!A60,TM[[#All],[Large Provider Entity Code]],100))/'Data Validation Checks'!B115),"NA") -> NA | F60: =IF(B115<>0,((SUMIFS(TM[[#All],[Claims: Professional, Other Providers]],TM[[#All],[Reporting Year]],2024,TM[[#All],[Insurance Category Code]],'Data Validation Checks'!A60,TM[[#All],[Large Provider Entity Code]],100))/'Data Validation Checks'!B115),"NA") -> NA | G60: =IF(B115<>0,((SUMIFS(TM[[#All],[Claims: Long-Term Care]],TM[[#All],[Reporting Year]],2024,TM[[#All],[Insurance Category Code]],'Data Validation Checks'!A60,TM[[#All],[Large Provider Entity Code]],100))/'Data Validation Checks'!B115),"NA") -> NA | H60: =IF(B115<>0,((SUMIFS(TM[[#All],[Claims: Retail Pharmacy]],TM[[#All],[Reporting Year]],2024,TM[[#All],[Insurance Category Code]],'Data Validation Checks'!A60,TM[[#All],[Large Provider Entity Code]],100))/'Data Validation Checks'!B115),"NA") -> NA | I60: =IF(B115<>0,((SUMIFS(TM[[#All],[Claims: Other]],TM[[#All],[Reporting Year]],2024,TM[[#All],[Insurance Category Code]],'Data Validation Checks'!A60,TM[[#All],[Large Provider Entity Code]],100))/'Data Validation Checks'!B115),"NA") -> NA | J60: =IF(B115<>0,((SUMIFS(TM[[#All],[Total Non-Claims Spending]],TM[[#All],[Reporting Year]],2024,TM[[#All],[Insurance Category Code]],'Data Validation Checks'!A60,TM[[#All],[Large Provider Entity Code]],100))/'Data Validation Checks'!B115),"NA") -> NA | K60: =IF(B115<>0,((SUMIFS(TM[[#All],[Total Non-Truncated Claims and Non-Claims Spending]],TM[[#All],[Reporting Year]],2024,TM[[#All],[Insurance Category Code]],'Data Validation Checks'!A60,TM[[#All],[Large Provider Entity Code]],100))/'Data Validation Checks'!B115),"NA") -> NA | L60: =IF(C115<>0,((SUMIFS(TM[[#All],[Claims: Hospital Inpatient]],TM[[#All],[Reporting Year]],2025,TM[[#All],[Insurance Category Code]],'Data Validation Checks'!A60,TM[[#All],[Large Provider Entity Code]],100))/'Data Validation Checks'!C115),"NA") -> NA | M60: =IF(C115<>0,((SUMIFS(TM[[#All],[Claims: Hospital Outpatient]],TM[[#All],[Reporting Year]],2025,TM[[#All],[Insurance Category Code]],'Data Validation Checks'!A60,TM[[#All],[Large Provider Entity Code]],100))/'Data Validation Checks'!C115),"NA") -> NA | N60: =IF(C115<>0,((SUMIFS(TM[[#All],[Claims: Professional, Primary Care Providers]],TM[[#All],[Reporting Year]],2025,TM[[#All],[Insurance Category Code]],'Data Validation Checks'!A60,TM[[#All],[Large Provider Entity Code]],100))/'Data Validation Checks'!C115),"NA") -> NA | O60: =IF(C115<>0,((SUMIFS(TM[[#All],[Claims: Professional, Specialty Providers]],TM[[#All],[Reporting Year]],2025,TM[[#All],[Insurance Category Code]],'Data Validation Checks'!A60,TM[[#All],[Large Provider Entity Code]],100))/'Data Validation Checks'!C115),"NA") -> NA | P60: =IF(C115<>0,((SUMIFS(TM[[#All],[Claims: Professional, Other Providers]],TM[[#All],[Reporting Year]],2025,TM[[#All],[Insurance Category Code]],'Data Validation Checks'!A60,TM[[#All],[Large Provider Entity Code]],100))/'Data Validation Checks'!C115),"NA") -> NA | Q60: =IF(C115<>0,((SUMIFS(TM[[#All],[Claims: Long-Term Care]],TM[[#All],[Reporting Year]],2025,TM[[#All],[Insurance Category Code]],'Data Validation Checks'!A60,TM[[#All],[Large Provider Entity Code]],100))/'Data Validation Checks'!C115),"NA") -> NA | R60: =IF(C115<>0,((SUMIFS(TM[[#All],[Claims: Retail Pharmacy]],TM[[#All],[Reporting Year]],2025,TM[[#All],[Insurance Category Code]],'Data Validation Checks'!A60,TM[[#All],[Large Provider Entity Code]],100))/'Data Validation Checks'!C115),"NA") -> NA | S60: =IF(C115<>0,((SUMIFS(TM[[#All],[Claims: Other]],TM[[#All],[Reporting Year]],2025,TM[[#All],[Insurance Category Code]],'Data Validation Checks'!A60,TM[[#All],[Large Provider Entity Code]],100))/'Data Validation Checks'!C115),"NA") -> NA | T60: =IF(C115<>0,((SUMIFS(TM[[#All],[Total Non-Claims Spending]],TM[[#All],[Reporting Year]],2025,TM[[#All],[Insurance Category Code]],'Data Validation Checks'!A60,TM[[#All],[Large Provider Entity Code]],100))/'Data Validation Checks'!C115),"NA") -> NA | U60: =IF(C115<>0,((SUMIFS(TM[[#All],[Total Non-Truncated Claims and Non-Claims Spending]],TM[[#All],[Reporting Year]],2025,TM[[#All],[Insurance Category Code]],'Data Validation Checks'!A60,TM[[#All],[Large Provider Entity Code]],100))/'Data Validation Checks'!C115),"NA") -> NA
A61: 6 | B61: =IF(B116<>0,((SUMIFS(TM[[#All],[Claims: Hospital Inpatient]],TM[[#All],[Reporting Year]],2024,TM[[#All],[Insurance Category Code]],'Data Validation Checks'!A61,TM[[#All],[Large Provider Entity Code]],100))/'Data Validation Checks'!B116),"NA") -> NA | C61: =IF(B116<>0,((SUMIFS(TM[[#All],[Claims: Hospital Outpatient]],TM[[#All],[Reporting Year]],2024,TM[[#All],[Insurance Category Code]],'Data Validation Checks'!A61,TM[[#All],[Large Provider Entity Code]],100))/'Data Validation Checks'!B116),"NA") -> NA | D61: =IF(B116<>0,((SUMIFS(TM[[#All],[Claims: Professional, Primary Care Providers]],TM[[#All],[Reporting Year]],2024,TM[[#All],[Insurance Category Code]],'Data Validation Checks'!A61,TM[[#All],[Large Provider Entity Code]],100))/'Data Validation Checks'!B116),"NA") -> NA | E61: =IF(B116<>0,((SUMIFS(TM[[#All],[Claims: Professional, Specialty Providers]],TM[[#All],[Reporting Year]],2024,TM[[#All],[Insurance Category Code]],'Data Validation Checks'!A61,TM[[#All],[Large Provider Entity Code]],100))/'Data Validation Checks'!B116),"NA") -> NA | F61: =IF(B116<>0,((SUMIFS(TM[[#All],[Claims: Professional, Other Providers]],TM[[#All],[Reporting Year]],2024,TM[[#All],[Insurance Category Code]],'Data Validation Checks'!A61,TM[[#All],[Large Provider Entity Code]],100))/'Data Validation Checks'!B116),"NA") -> NA | G61: =IF(B116<>0,((SUMIFS(TM[[#All],[Claims: Long-Term Care]],TM[[#All],[Reporting Year]],2024,TM[[#All],[Insurance Category Code]],'Data Validation Checks'!A61,TM[[#All],[Large Provider Entity Code]],100))/'Data Validation Checks'!B116),"NA") -> NA | H61: =IF(B116<>0,((SUMIFS(TM[[#All],[Claims: Retail Pharmacy]],TM[[#All],[Reporting Year]],2024,TM[[#All],[Insurance Category Code]],'Data Validation Checks'!A61,TM[[#All],[Large Provider Entity Code]],100))/'Data Validation Checks'!B116),"NA") -> NA | I61: =IF(B116<>0,((SUMIFS(TM[[#All],[Claims: Other]],TM[[#All],[Reporting Year]],2024,TM[[#All],[Insurance Category Code]],'Data Validation Checks'!A61,TM[[#All],[Large Provider Entity Code]],100))/'Data Validation Checks'!B116),"NA") -> NA | J61: =IF(B116<>0,((SUMIFS(TM[[#All],[Total Non-Claims Spending]],TM[[#All],[Reporting Year]],2024,TM[[#All],[Insurance Category Code]],'Data Validation Checks'!A61,TM[[#All],[Large Provider Entity Code]],100))/'Data Validation Checks'!B116),"NA") -> NA | K61: =IF(B116<>0,((SUMIFS(TM[[#All],[Total Non-Truncated Claims and Non-Claims Spending]],TM[[#All],[Reporting Year]],2024,TM[[#All],[Insurance Category Code]],'Data Validation Checks'!A61,TM[[#All],[Large Provider Entity Code]],100))/'Data Validation Checks'!B116),"NA") -> NA | L61: =IF(C116<>0,((SUMIFS(TM[[#All],[Claims: Hospital Inpatient]],TM[[#All],[Reporting Year]],2025,TM[[#All],[Insurance Category Code]],'Data Validation Checks'!A61,TM[[#All],[Large Provider Entity Code]],100))/'Data Validation Checks'!C116),"NA") -> NA | M61: =IF(C116<>0,((SUMIFS(TM[[#All],[Claims: Hospital Outpatient]],TM[[#All],[Reporting Year]],2025,TM[[#All],[Insurance Category Code]],'Data Validation Checks'!A61,TM[[#All],[Large Provider Entity Code]],100))/'Data Validation Checks'!C116),"NA") -> NA | N61: =IF(C116<>0,((SUMIFS(TM[[#All],[Claims: Professional, Primary Care Providers]],TM[[#All],[Reporting Year]],2025,TM[[#All],[Insurance Category Code]],'Data Validation Checks'!A61,TM[[#All],[Large Provider Entity Code]],100))/'Data Validation Checks'!C116),"NA") -> NA | O61: =IF(C116<>0,((SUMIFS(TM[[#All],[Claims: Professional, Specialty Providers]],TM[[#All],[Reporting Year]],2025,TM[[#All],[Insurance Category Code]],'Data Validation Checks'!A61,TM[[#All],[Large Provider Entity Code]],100))/'Data Validation Checks'!C116),"NA") -> NA | P61: =IF(C116<>0,((SUMIFS(TM[[#All],[Claims: Professional, Other Providers]],TM[[#All],[Reporting Year]],2025,TM[[#All],[Insurance Category Code]],'Data Validation Checks'!A61,TM[[#All],[Large Provider Entity Code]],100))/'Data Validation Checks'!C116),"NA") -> NA | Q61: =IF(C116<>0,((SUMIFS(TM[[#All],[Claims: Long-Term Care]],TM[[#All],[Reporting Year]],2025,TM[[#All],[Insurance Category Code]],'Data Validation Checks'!A61,TM[[#All],[Large Provider Entity Code]],100))/'Data Validation Checks'!C116),"NA") -> NA | R61: =IF(C116<>0,((SUMIFS(TM[[#All],[Claims: Retail Pharmacy]],TM[[#All],[Reporting Year]],2025,TM[[#All],[Insurance Category Code]],'Data Validation Checks'!A61,TM[[#All],[Large Provider Entity Code]],100))/'Data Validation Checks'!C116),"NA") -> NA | S61: =IF(C116<>0,((SUMIFS(TM[[#All],[Claims: Other]],TM[[#All],[Reporting Year]],2025,TM[[#All],[Insurance Category Code]],'Data Validation Checks'!A61,TM[[#All],[Large Provider Entity Code]],100))/'Data Validation Checks'!C116),"NA") -> NA | T61: =IF(C116<>0,((SUMIFS(TM[[#All],[Total Non-Claims Spending]],TM[[#All],[Reporting Year]],2025,TM[[#All],[Insurance Category Code]],'Data Validation Checks'!A61,TM[[#All],[Large Provider Entity Code]],100))/'Data Validation Checks'!C116),"NA") -> NA | U61: =IF(C116<>0,((SUMIFS(TM[[#All],[Total Non-Truncated Claims and Non-Claims Spending]],TM[[#All],[Reporting Year]],2025,TM[[#All],[Insurance Category Code]],'Data Validation Checks'!A61,TM[[#All],[Large Provider Entity Code]],100))/'Data Validation Checks'!C116),"NA") -> NA
A62: 7 | B62: =IF(B117<>0,((SUMIFS(TM[[#All],[Claims: Hospital Inpatient]],TM[[#All],[Reporting Year]],2024,TM[[#All],[Insurance Category Code]],'Data Validation Checks'!A62,TM[[#All],[Large Provider Entity Code]],100))/'Data Validation Checks'!B117),"NA") -> NA | C62: =IF(B117<>0,((SUMIFS(TM[[#All],[Claims: Hospital Outpatient]],TM[[#All],[Reporting Year]],2024,TM[[#All],[Insurance Category Code]],'Data Validation Checks'!A62,TM[[#All],[Large Provider Entity Code]],100))/'Data Validation Checks'!B117),"NA") -> NA | D62: =IF(B117<>0,((SUMIFS(TM[[#All],[Claims: Professional, Primary Care Providers]],TM[[#All],[Reporting Year]],2024,TM[[#All],[Insurance Category Code]],'Data Validation Checks'!A62,TM[[#All],[Large Provider Entity Code]],100))/'Data Validation Checks'!B117),"NA") -> NA | E62: =IF(B117<>0,((SUMIFS(TM[[#All],[Claims: Professional, Specialty Providers]],TM[[#All],[Reporting Year]],2024,TM[[#All],[Insurance Category Code]],'Data Validation Checks'!A62,TM[[#All],[Large Provider Entity Code]],100))/'Data Validation Checks'!B117),"NA") -> NA | F62: =IF(B117<>0,((SUMIFS(TM[[#All],[Claims: Professional, Other Providers]],TM[[#All],[Reporting Year]],2024,TM[[#All],[Insurance Category Code]],'Data Validation Checks'!A62,TM[[#All],[Large Provider Entity Code]],100))/'Data Validation Checks'!B117),"NA") -> NA | G62: =IF(B117<>0,((SUMIFS(TM[[#All],[Claims: Long-Term Care]],TM[[#All],[Reporting Year]],2024,TM[[#All],[Insurance Category Code]],'Data Validation Checks'!A62,TM[[#All],[Large Provider Entity Code]],100))/'Data Validation Checks'!B117),"NA") -> NA | H62: =IF(B117<>0,((SUMIFS(TM[[#All],[Claims: Retail Pharmacy]],TM[[#All],[Reporting Year]],2024,TM[[#All],[Insurance Category Code]],'Data Validation Checks'!A62,TM[[#All],[Large Provider Entity Code]],100))/'Data Validation Checks'!B117),"NA") -> NA | I62: =IF(B117<>0,((SUMIFS(TM[[#All],[Claims: Other]],TM[[#All],[Reporting Year]],2024,TM[[#All],[Insurance Category Code]],'Data Validation Checks'!A62,TM[[#All],[Large Provider Entity Code]],100))/'Data Validation Checks'!B117),"NA") -> NA | J62: =IF(B117<>0,((SUMIFS(TM[[#All],[Total Non-Claims Spending]],TM[[#All],[Reporting Year]],2024,TM[[#All],[Insurance Category Code]],'Data Validation Checks'!A62,TM[[#All],[Large Provider Entity Code]],100))/'Data Validation Checks'!B117),"NA") -> NA | K62: =IF(B117<>0,((SUMIFS(TM[[#All],[Total Non-Truncated Claims and Non-Claims Spending]],TM[[#All],[Reporting Year]],2024,TM[[#All],[Insurance Category Code]],'Data Validation Checks'!A62,TM[[#All],[Large Provider Entity Code]],100))/'Data Validation Checks'!B117),"NA") -> NA | L62: =IF(C117<>0,((SUMIFS(TM[[#All],[Claims: Hospital Inpatient]],TM[[#All],[Reporting Year]],2025,TM[[#All],[Insurance Category Code]],'Data Validation Checks'!A62,TM[[#All],[Large Provider Entity Code]],100))/'Data Validation Checks'!C117),"NA") -> NA | M62: =IF(C117<>0,((SUMIFS(TM[[#All],[Claims: Hospital Outpatient]],TM[[#All],[Reporting Year]],2025,TM[[#All],[Insurance Category Code]],'Data Validation Checks'!A62,TM[[#All],[Large Provider Entity Code]],100))/'Data Validation Checks'!C117),"NA") -> NA | N62: =IF(C117<>0,((SUMIFS(TM[[#All],[Claims: Professional, Primary Care Providers]],TM[[#All],[Reporting Year]],2025,TM[[#All],[Insurance Category Code]],'Data Validation Checks'!A62,TM[[#All],[Large Provider Entity Code]],100))/'Data Validation Checks'!C117),"NA") -> NA | O62: =IF(C117<>0,((SUMIFS(TM[[#All],[Claims: Professional, Specialty Providers]],TM[[#All],[Reporting Year]],2025,TM[[#All],[Insurance Category Code]],'Data Validation Checks'!A62,TM[[#All],[Large Provider Entity Code]],100))/'Data Validation Checks'!C117),"NA") -> NA | P62: =IF(C117<>0,((SUMIFS(TM[[#All],[Claims: Professional, Other Providers]],TM[[#All],[Reporting Year]],2025,TM[[#All],[Insurance Category Code]],'Data Validation Checks'!A62,TM[[#All],[Large Provider Entity Code]],100))/'Data Validation Checks'!C117),"NA") -> NA | Q62: =IF(C117<>0,((SUMIFS(TM[[#All],[Claims: Long-Term Care]],TM[[#All],[Reporting Year]],2025,TM[[#All],[Insurance Category Code]],'Data Validation Checks'!A62,TM[[#All],[Large Provider Entity Code]],100))/'Data Validation Checks'!C117),"NA") -> NA | R62: =IF(C117<>0,((SUMIFS(TM[[#All],[Claims: Retail Pharmacy]],TM[[#All],[Reporting Year]],2025,TM[[#All],[Insurance Category Code]],'Data Validation Checks'!A62,TM[[#All],[Large Provider Entity Code]],100))/'Data Validation Checks'!C117),"NA") -> NA | S62: =IF(C117<>0,((SUMIFS(TM[[#All],[Claims: Other]],TM[[#All],[Reporting Year]],2025,TM[[#All],[Insurance Category Code]],'Data Validation Checks'!A62,TM[[#All],[Large Provider Entity Code]],100))/'Data Validation Checks'!C117),"NA") -> NA | T62: =IF(C117<>0,((SUMIFS(TM[[#All],[Total Non-Claims Spending]],TM[[#All],[Reporting Year]],2025,TM[[#All],[Insurance Category Code]],'Data Validation Checks'!A62,TM[[#All],[Large Provider Entity Code]],100))/'Data Validation Checks'!C117),"NA") -> NA | U62: =IF(C117<>0,((SUMIFS(TM[[#All],[Total Non-Truncated Claims and Non-Claims Spending]],TM[[#All],[Reporting Year]],2025,TM[[#All],[Insurance Category Code]],'Data Validation Checks'!A62,TM[[#All],[Large Provider Entity Code]],100))/'Data Validation Checks'!C117),"NA") -> NA
A63: 8 | B63: =IF(B118<>0,((SUMIFS(TM[[#All],[Claims: Hospital Inpatient]],TM[[#All],[Reporting Year]],2024,TM[[#All],[Insurance Category Code]],'Data Validation Checks'!A63,TM[[#All],[Large Provider Entity Code]],100))/'Data Validation Checks'!B118),"NA") -> NA | C63: =IF(B118<>0,((SUMIFS(TM[[#All],[Claims: Hospital Outpatient]],TM[[#All],[Reporting Year]],2024,TM[[#All],[Insurance Category Code]],'Data Validation Checks'!A63,TM[[#All],[Large Provider Entity Code]],100))/'Data Validation Checks'!B118),"NA") -> NA | D63: =IF(B118<>0,((SUMIFS(TM[[#All],[Claims: Professional, Primary Care Providers]],TM[[#All],[Reporting Year]],2024,TM[[#All],[Insurance Category Code]],'Data Validation Checks'!A63,TM[[#All],[Large Provider Entity Code]],100))/'Data Validation Checks'!B118),"NA") -> NA | E63: =IF(B118<>0,((SUMIFS(TM[[#All],[Claims: Professional, Specialty Providers]],TM[[#All],[Reporting Year]],2024,TM[[#All],[Insurance Category Code]],'Data Validation Checks'!A63,TM[[#All],[Large Provider Entity Code]],100))/'Data Validation Checks'!B118),"NA") -> NA | F63: =IF(B118<>0,((SUMIFS(TM[[#All],[Claims: Professional, Other Providers]],TM[[#All],[Reporting Year]],2024,TM[[#All],[Insurance Category Code]],'Data Validation Checks'!A63,TM[[#All],[Large Provider Entity Code]],100))/'Data Validation Checks'!B118),"NA") -> NA | G63: =IF(B118<>0,((SUMIFS(TM[[#All],[Claims: Long-Term Care]],TM[[#All],[Reporting Year]],2024,TM[[#All],[Insurance Category Code]],'Data Validation Checks'!A63,TM[[#All],[Large Provider Entity Code]],100))/'Data Validation Checks'!B118),"NA") -> NA | H63: =IF(B118<>0,((SUMIFS(TM[[#All],[Claims: Retail Pharmacy]],TM[[#All],[Reporting Year]],2024,TM[[#All],[Insurance Category Code]],'Data Validation Checks'!A63,TM[[#All],[Large Provider Entity Code]],100))/'Data Validation Checks'!B118),"NA") -> NA | I63: =IF(B118<>0,((SUMIFS(TM[[#All],[Claims: Other]],TM[[#All],[Reporting Year]],2024,TM[[#All],[Insurance Category Code]],'Data Validation Checks'!A63,TM[[#All],[Large Provider Entity Code]],100))/'Data Validation Checks'!B118),"NA") -> NA | J63: =IF(B118<>0,((SUMIFS(TM[[#All],[Total Non-Claims Spending]],TM[[#All],[Reporting Year]],2024,TM[[#All],[Insurance Category Code]],'Data Validation Checks'!A63,TM[[#All],[Large Provider Entity Code]],100))/'Data Validation Checks'!B118),"NA") -> NA | K63: =IF(B118<>0,((SUMIFS(TM[[#All],[Total Non-Truncated Claims and Non-Claims Spending]],TM[[#All],[Reporting Year]],2024,TM[[#All],[Insurance Category Code]],'Data Validation Checks'!A63,TM[[#All],[Large Provider Entity Code]],100))/'Data Validation Checks'!B118),"NA") -> NA | L63: =IF(C118<>0,((SUMIFS(TM[[#All],[Claims: Hospital Inpatient]],TM[[#All],[Reporting Year]],2025,TM[[#All],[Insurance Category Code]],'Data Validation Checks'!A63,TM[[#All],[Large Provider Entity Code]],100))/'Data Validation Checks'!C118),"NA") -> NA | M63: =IF(C118<>0,((SUMIFS(TM[[#All],[Claims: Hospital Outpatient]],TM[[#All],[Reporting Year]],2025,TM[[#All],[Insurance Category Code]],'Data Validation Checks'!A63,TM[[#All],[Large Provider Entity Code]],100))/'Data Validation Checks'!C118),"NA") -> NA | N63: =IF(C118<>0,((SUMIFS(TM[[#All],[Claims: Professional, Primary Care Providers]],TM[[#All],[Reporting Year]],2025,TM[[#All],[Insurance Category Code]],'Data Validation Checks'!A63,TM[[#All],[Large Provider Entity Code]],100))/'Data Validation Checks'!C118),"NA") -> NA | O63: =IF(C118<>0,((SUMIFS(TM[[#All],[Claims: Professional, Specialty Providers]],TM[[#All],[Reporting Year]],2025,TM[[#All],[Insurance Category Code]],'Data Validation Checks'!A63,TM[[#All],[Large Provider Entity Code]],100))/'Data Validation Checks'!C118),"NA") -> NA | P63: =IF(C118<>0,((SUMIFS(TM[[#All],[Claims: Professional, Other Providers]],TM[[#All],[Reporting Year]],2025,TM[[#All],[Insurance Category Code]],'Data Validation Checks'!A63,TM[[#All],[Large Provider Entity Code]],100))/'Data Validation Checks'!C118),"NA") -> NA | Q63: =IF(C118<>0,((SUMIFS(TM[[#All],[Claims: Long-Term Care]],TM[[#All],[Reporting Year]],2025,TM[[#All],[Insurance Category Code]],'Data Validation Checks'!A63,TM[[#All],[Large Provider Entity Code]],100))/'Data Validation Checks'!C118),"NA") -> NA | R63: =IF(C118<>0,((SUMIFS(TM[[#All],[Claims: Retail Pharmacy]],TM[[#All],[Reporting Year]],2025,TM[[#All],[Insurance Category Code]],'Data Validation Checks'!A63,TM[[#All],[Large Provider Entity Code]],100))/'Data Validation Checks'!C118),"NA") -> NA | S63: =IF(C118<>0,((SUMIFS(TM[[#All],[Claims: Other]],TM[[#All],[Reporting Year]],2025,TM[[#All],[Insurance Category Code]],'Data Validation Checks'!A63,TM[[#All],[Large Provider Entity Code]],100))/'Data Validation Checks'!C118),"NA") -> NA | T63: =IF(C118<>0,((SUMIFS(TM[[#All],[Total Non-Claims Spending]],TM[[#All],[Reporting Year]],2025,TM[[#All],[Insurance Category Code]],'Data Validation Checks'!A63,TM[[#All],[Large Provider Entity Code]],100))/'Data Validation Checks'!C118),"NA") -> NA | U63: =IF(C118<>0,((SUMIFS(TM[[#All],[Total Non-Truncated Claims and Non-Claims Spending]],TM[[#All],[Reporting Year]],2025,TM[[#All],[Insurance Category Code]],'Data Validation Checks'!A63,TM[[#All],[Large Provider Entity Code]],100))/'Data Validation Checks'!C118),"NA") -> NA
A64: Percentage change between categories 3+4 | B64: =IFERROR(ABS(B59/B58-1),"NA") -> NA | C64: =IFERROR(ABS(C59/C58-1),"NA") -> NA | D64: =IFERROR(ABS(D59/D58-1),"NA") -> NA | E64: =IFERROR(ABS(E59/E58-1),"NA") -> NA | F64: =IFERROR(ABS(F59/F58-1),"NA") -> NA | G64: =IFERROR(ABS(G59/G58-1),"NA") -> NA | H64: =IFERROR(ABS(H59/H58-1),"NA") -> NA | I64: =IFERROR(ABS(I59/I58-1),"NA") -> NA | ... U64: =IFERROR(ABS(U59/U58-1),"NA") -> NA
A65: Less than 50% difference between categories 3+4? | B65: =IFERROR(IF(ABS(B59/B58-1)<50%,"Yes","No"),"NA") -> NA | C65: =IFERROR(IF(ABS(C59/C58-1)<50%,"Yes","No"),"NA") -> NA | D65: =IFERROR(IF(ABS(D59/D58-1)<50%,"Yes","No"),"NA") -> NA | E65: =IFERROR(IF(ABS(E59/E58-1)<50%,"Yes","No"),"NA") -> NA | F65: =IFERROR(IF(ABS(F59/F58-1)<50%,"Yes","No"),"NA") -> NA | G65: =IFERROR(IF(ABS(G59/G58-1)<50%,"Yes","No"),"NA") -> NA | H65: =IFERROR(IF(ABS(H59/H58-1)<50%,"Yes","No"),"NA") -> NA | I65: =IFERROR(IF(ABS(I59/I58-1)<50%,"Yes","No"),"NA") -> NA | ... U65: =IFERROR(IF(ABS(U59/U58-1)<50%,"Yes","No"),"NA") -> NA
A68: Table 6. Reasonableness of Member Sex for Carrier Overall (Large Provider Entity Code 100)
A69: Red cells indicate any of the following potential errors that the carrier must either notify DOBI that data are accurate or correct in the applicable input tab(s); note that you can ignore red cells where value is "NA":
A70: • Less than 40% and/or more than 70% of members were female in the respective group; and/or • Less than 30% and/or more than 60% of members were male in the respective group
A71: Group | B71: 2024 | E71: 2025
B72: Member Count (Member Months Divided by 12) | C72: Percentage of Female Members (Sex Code 1) | D72: Percentage of Male Members (Sex Code 2) | E72: Member Count (Member Months Divided by 12) | F72: Percentage of Female Members (Sex Code 1) | G72: Percentage of Male Members (Sex Code 2)
A73: MA non-dual eligible members (Insurance Category Codes 1+8) | B73: =(B124+B131)/12 -> 0 | C73: =IFERROR((J124+J131)/12/B73,"NA") -> NA | D73: =IFERROR((L124+L131)/12/B73,"NA") -> NA | E73: =(C124+C131)/12 -> 0 | F73: =IFERROR((K124+K131)/12/E73,"NA") -> NA | G73: =IFERROR((M124+M131)/12/E73,"NA") -> NA
A74: Dual eligible members (Insurance Category Codes 5+6) | B74: =(B128+B129)/12 -> 0 | C74: =IFERROR((J128+J129)/12/B74,"NA") -> NA | D74: =IFERROR((L128+L129)/12/B74,"NA") -> NA | E74: =(C128+C129)/12 -> 0 | F74: =IFERROR((K128+K129)/12/E74,"NA") -> NA | G74: =IFERROR((M128+M129)/12/E74,"NA") -> NA
A75: Medicaid MCO non-dual eligible members (Insurance Category Code 2) | B75: =B125/12 -> 0 | C75: =IFERROR((J125/12)/B75,"NA") -> NA | D75: =IFERROR((L125/12)/B75,"NA") -> NA | E75: =C125/12 -> 0 | F75: =IFERROR((K125/12)/E75,"NA") -> NA | G75: =IFERROR((M125/12)/E75,"NA") -> NA
A76: Commercial members (Insurance Category Codes 3+4+7) | B76: =(B126+B127+B130)/12 -> 0 | C76: =IFERROR((J126+J127+J130)/12/B76,"NA") -> NA | D76: =IFERROR((L126+L127+L130)/12/B76,"NA") -> NA | E76: =(C126+C127+C130)/12 -> 0 | F76: =IFERROR((K126+K127+K130)/12/E76,"NA") -> NA | G76: =IFERROR((M126+M127+M130)/12/E76,"NA") -> NA
A79: Table 7. Reasonableness of Member Age for Carrier Overall (Large Provider Entity Code 100)
A80: Red cells indicate any of the following potential errors that the carrier must either notify DOBI that data are accurate or correct in the applicable input tab(s); note that you can ignore red cells where value is "NA":
A81: • More than 20% of MA non-dual eligible members were under 65 years old; and/or • More than 60% of dual eligible members were under 65 years old; and/or • Less than 80% of Medicaid MCO non-dual and/or commercial members were under 65 years old
A82: Group | B82: 2024 | D82: 2025
B83: Member Count (Member Months Divided by 12) | C83: Percentage of Members Under 65 Years Old (Age Band Codes 1+2+3+4+5) | D83: Member Count (Member Months Divided by 12) | E83: Percentage of Members Under 65 Years Old (Age Band Codes 1+2+3+4+5)
A84: MA non-dual eligible members (Insurance Category Codes 1+8) | B84: =(B124+B131)/12 -> 0 | C84: =IFERROR((V137+V144)/12/B84,"NA") -> NA | D84: =(C124+C131)/12 -> 0 | E84: =IFERROR((W137+W144)/12/D84,"NA") -> NA
A85: Dual eligible members (Insurance Category Codes 5+6) | B85: =(B128+B129)/12 -> 0 | C85: =IFERROR((V141+V142)/12/B85,"NA") -> NA | D85: =(C128+C129)/12 -> 0 | E85: =IFERROR((W141+W142)/12/D85,"NA") -> NA
A86: Medicaid MCO non-dual eligible members (Insurance Category Code 2) | B86: =B125/12 -> 0 | C86: =IFERROR((V138/12)/B86,"NA") -> NA | D86: =C125/12 -> 0 | E86: =IFERROR((W138/12)/D86,"NA") -> NA
A87: Commercial members (Insurance Category Codes 3+4+7) | B87: =(B126+B127+B130)/12 -> 0 | C87: =IFERROR((V139+V140+V143)/12/B87,"NA") -> NA | D87: =(C126+C127+C130)/12 -> 0 | E87: =IFERROR((W139+W140+W143)/12/D87,"NA") -> NA
A88: Sources for reasonableness thresholds: https://www.cms.gov/files/document/medicaremedicaiddualenrollmenteverenrolledtrendsdatabrief.pdf; https://www.kff.org/medicare/issue-brief/a-profile-of-medicare-medicaid-enrollees-dual-eligibles; https://aspe.hhs.gov/sites/default/files/documents/f81aafbba0b331c71c6e8bc66512e25d/medicare-beneficiary-enrollment-ib.pdf
A91: Table 8. Total Non-Truncated Claims Spending PMPM by Age Band & Sex Codes for Carrier Overall (Large Provider Entity Code 100)
A92: Insurance Category Code | B92: 2024 | L92: 2025
B93: 0 to 1 Year Old (Age Band Code 1) Total Non-Truncated Claims Spending PMPM | C93: 2 to 18 Years Old (Age Band Code 2) Total Non-Truncated Claims Spending PMPM | D93: 19 to 39 Years Old (Age Band Code 3) Total Non-Truncated Claims Spending PMPM | E93: Female (Sex Code 1) 19 to 39 Years Old (Age Band Code 3) Total Non-Truncated Claims Spending | F93: Male (Sex Code 2) 19 to 39 Years Old (Age Band Code 3) Total Non-Truncated Claims Spending | G93: 40 to 54 Years Old (Age Band Code 4) Total Non-Truncated Claims Spending PMPM | H93: 55 to 64 Years Old (Age Band Code 5) Total Non-Truncated Claims Spending PMPM | I93: 65 to 74 Years Old (Age Band Code 6) Total Non-Truncated Claims Spending PMPM | J93: 75 to 84 Years Old (Age Band Code 7) Total Non-Truncated Claims Spending PMPM | K93: 85+ Years Old (Age Band Code 8) Total Non-Truncated Claims Spending PMPM | L93: 0 to 1 Year Old (Age Band Code 1) Total Non-Truncated Claims Spending PMPM | M93: 2 to 18 Years Old (Age Band Code 2) Total Non-Truncated Claims Spending PMPM | N93: 19 to 39 Years Old (Age Band Code 3) Total Non-Truncated Claims Spending PMPM | O93: Female (Sex Code 1) 19 to 39 Years Old (Age Band Code 3) Total Non-Truncated Claims Spending | P93: Male (Sex Code 2) 19 to 39 Years Old (Age Band Code 3) Total Non-Truncated Claims Spending | Q93: 40 to 54 Years Old (Age Band Code 4) Total Non-Truncated Claims Spending PMPM | R93: 55 to 64 Years Old (Age Band Code 5) Total Non-Truncated Claims Spending PMPM | S93: 65 to 74 Years Old (Age Band Code 6) Total Non-Truncated Claims Spending PMPM | T93: 75 to 84 Years Old (Age Band Code 7) Total Non-Truncated Claims Spending PMPM | U93: 85+ Years Old (Age Band Code 8) Total Non-Truncated Claims Spending PMPM
A94: 1 | B94: =IFERROR((B150/B137),"NA") -> NA | C94: =IFERROR((D150/D137),"NA") -> NA | D94: =IFERROR((F150/F137),"NA") -> NA | E94: =IFERROR((H150/H137),"NA") -> NA | F94: =IFERROR((J150/J137),"NA") -> NA | G94: =IFERROR((L150/L137),"NA") -> NA | H94: =IFERROR((N150/N137),"NA") -> NA | I94: =IFERROR((P150/P137),"NA") -> NA | J94: =IFERROR((R150/R137),"NA") -> NA | K94: =IFERROR((T150/T137),"NA") -> NA | L94: =IFERROR((C150/C137),"NA") -> NA | M94: =IFERROR((E150/E137),"NA") -> NA | N94: =IFERROR((G150/G137),"NA") -> NA | O94: =IFERROR((I150/I137),"NA") -> NA | P94: =IFERROR((K150/K137),"NA") -> NA | Q94: =IFERROR((M150/M137),"NA") -> NA | R94: =IFERROR((O150/O137),"NA") -> NA | S94: =IFERROR((Q150/Q137),"NA") -> NA | T94: =IFERROR((S150/S137),"NA") -> NA | U94: =IFERROR((U150/U137),"NA") -> NA
A95: 2 | B95: =IFERROR((B151/B138),"NA") -> NA | C95: =IFERROR((D151/D138),"NA") -> NA | D95: =IFERROR((F151/F138),"NA") -> NA | E95: =IFERROR((H151/H138),"NA") -> NA | F95: =IFERROR((J151/J138),"NA") -> NA | G95: =IFERROR((L151/L138),"NA") -> NA | H95: =IFERROR((N151/N138),"NA") -> NA | I95: =IFERROR((P151/P138),"NA") -> NA | J95: =IFERROR((R151/R138),"NA") -> NA | K95: =IFERROR((T151/T138),"NA") -> NA | L95: =IFERROR((C151/C138),"NA") -> NA | M95: =IFERROR((E151/E138),"NA") -> NA | N95: =IFERROR((G151/G138),"NA") -> NA | O95: =IFERROR((I151/I138),"NA") -> NA | P95: =IFERROR((K151/K138),"NA") -> NA | Q95: =IFERROR((M151/M138),"NA") -> NA | R95: =IFERROR((O151/O138),"NA") -> NA | S95: =IFERROR((Q151/Q138),"NA") -> NA | T95: =IFERROR((S151/S138),"NA") -> NA | U95: =IFERROR((U151/U138),"NA") -> NA
A96: 3 | B96: =IFERROR((B152/B139),"NA") -> NA | C96: =IFERROR((D152/D139),"NA") -> NA | D96: =IFERROR((F152/F139),"NA") -> NA | E96: =IFERROR((H152/H139),"NA") -> NA | F96: =IFERROR((J152/J139),"NA") -> NA | G96: =IFERROR((L152/L139),"NA") -> NA | H96: =IFERROR((N152/N139),"NA") -> NA | I96: =IFERROR((P152/P139),"NA") -> NA | J96: =IFERROR((R152/R139),"NA") -> NA | K96: =IFERROR((T152/T139),"NA") -> NA | L96: =IFERROR((C152/C139),"NA") -> NA | M96: =IFERROR((E152/E139),"NA") -> NA | N96: =IFERROR((G152/G139),"NA") -> NA | O96: =IFERROR((I152/I139),"NA") -> NA | P96: =IFERROR((K152/K139),"NA") -> NA | Q96: =IFERROR((M152/M139),"NA") -> NA | R96: =IFERROR((O152/O139),"NA") -> NA | S96: =IFERROR((Q152/Q139),"NA") -> NA | T96: =IFERROR((S152/S139),"NA") -> NA | U96: =IFERROR((U152/U139),"NA") -> NA
A97: 4 | B97: =IFERROR((B153/B140),"NA") -> NA | C97: =IFERROR((D153/D140),"NA") -> NA | D97: =IFERROR((F153/F140),"NA") -> NA | E97: =IFERROR((H153/H140),"NA") -> NA | F97: =IFERROR((J153/J140),"NA") -> NA | G97: =IFERROR((L153/L140),"NA") -> NA | H97: =IFERROR((N153/N140),"NA") -> NA | I97: =IFERROR((P153/P140),"NA") -> NA | J97: =IFERROR((R153/R140),"NA") -> NA | K97: =IFERROR((T153/T140),"NA") -> NA | L97: =IFERROR((C153/C140),"NA") -> NA | M97: =IFERROR((E153/E140),"NA") -> NA | N97: =IFERROR((G153/G140),"NA") -> NA | O97: =IFERROR((I153/I140),"NA") -> NA | P97: =IFERROR((K153/K140),"NA") -> NA | Q97: =IFERROR((M153/M140),"NA") -> NA | R97: =IFERROR((O153/O140),"NA") -> NA | S97: =IFERROR((Q153/Q140),"NA") -> NA | T97: =IFERROR((S153/S140),"NA") -> NA | U97: =IFERROR((U153/U140),"NA") -> NA
A98: 5 | B98: =IFERROR((B154/B141),"NA") -> NA | C98: =IFERROR((D154/D141),"NA") -> NA | D98: =IFERROR((F154/F141),"NA") -> NA | E98: =IFERROR((H154/H141),"NA") -> NA | F98: =IFERROR((J154/J141),"NA") -> NA | G98: =IFERROR((L154/L141),"NA") -> NA | H98: =IFERROR((N154/N141),"NA") -> NA | I98: =IFERROR((P154/P141),"NA") -> NA | J98: =IFERROR((R154/R141),"NA") -> NA | K98: =IFERROR((T154/T141),"NA") -> NA | L98: =IFERROR((C154/C141),"NA") -> NA | M98: =IFERROR((E154/E141),"NA") -> NA | N98: =IFERROR((G154/G141),"NA") -> NA | O98: =IFERROR((I154/I141),"NA") -> NA | P98: =IFERROR((K154/K141),"NA") -> NA | Q98: =IFERROR((M154/M141),"NA") -> NA | R98: =IFERROR((O154/O141),"NA") -> NA | S98: =IFERROR((Q154/Q141),"NA") -> NA | T98: =IFERROR((S154/S141),"NA") -> NA | U98: =IFERROR((U154/U141),"NA") -> NA
A99: 6 | B99: =IFERROR((B155/B142),"NA") -> NA | C99: =IFERROR((D155/D142),"NA") -> NA | D99: =IFERROR((F155/F142),"NA") -> NA | E99: =IFERROR((H155/H142),"NA") -> NA | F99: =IFERROR((J155/J142),"NA") -> NA | G99: =IFERROR((L155/L142),"NA") -> NA | H99: =IFERROR((N155/N142),"NA") -> NA | I99: =IFERROR((P155/P142),"NA") -> NA | J99: =IFERROR((R155/R142),"NA") -> NA | K99: =IFERROR((T155/T142),"NA") -> NA | L99: =IFERROR((C155/C142),"NA") -> NA | M99: =IFERROR((E155/E142),"NA") -> NA | N99: =IFERROR((G155/G142),"NA") -> NA | O99: =IFERROR((I155/I142),"NA") -> NA | P99: =IFERROR((K155/K142),"NA") -> NA | Q99: =IFERROR((M155/M142),"NA") -> NA | R99: =IFERROR((O155/O142),"NA") -> NA | S99: =IFERROR((Q155/Q142),"NA") -> NA | T99: =IFERROR((S155/S142),"NA") -> NA | U99: =IFERROR((U155/U142),"NA") -> NA
A100: 7 | B100: =IFERROR((B156/B143),"NA") -> NA | C100: =IFERROR((D156/D143),"NA") -> NA | D100: =IFERROR((F156/F143),"NA") -> NA | E100: =IFERROR((H156/H143),"NA") -> NA | F100: =IFERROR((J156/J143),"NA") -> NA | G100: =IFERROR((L156/L143),"NA") -> NA | H100: =IFERROR((N156/N143),"NA") -> NA | I100: =IFERROR((P156/P143),"NA") -> NA | J100: =IFERROR((R156/R143),"NA") -> NA | K100: =IFERROR((T156/T143),"NA") -> NA | L100: =IFERROR((C156/C143),"NA") -> NA | M100: =IFERROR((E156/E143),"NA") -> NA | N100: =IFERROR((G156/G143),"NA") -> NA | O100: =IFERROR((I156/I143),"NA") -> NA | P100: =IFERROR((K156/K143),"NA") -> NA | Q100: =IFERROR((M156/M143),"NA") -> NA | R100: =IFERROR((O156/O143),"NA") -> NA | S100: =IFERROR((Q156/Q143),"NA") -> NA | T100: =IFERROR((S156/S143),"NA") -> NA | U100: =IFERROR((U156/U143),"NA") -> NA
A101: 8 | B101: =IFERROR((B157/B144),"NA") -> NA | C101: =IFERROR((D157/D144),"NA") -> NA | D101: =IFERROR((F157/F144),"NA") -> NA | E101: =IFERROR((H157/H144),"NA") -> NA | F101: =IFERROR((J157/J144),"NA") -> NA | G101: =IFERROR((L157/L144),"NA") -> NA | H101: =IFERROR((N157/N144),"NA") -> NA | I101: =IFERROR((P157/P144),"NA") -> NA | J101: =IFERROR((R157/R144),"NA") -> NA | K101: =IFERROR((T157/T144),"NA") -> NA | L101: =IFERROR((C157/C144),"NA") -> NA | M101: =IFERROR((E157/E144),"NA") -> NA | N101: =IFERROR((G157/G144),"NA") -> NA | O101: =IFERROR((I157/I144),"NA") -> NA | P101: =IFERROR((K157/K144),"NA") -> NA | Q101: =IFERROR((M157/M144),"NA") -> NA | R101: =IFERROR((O157/O144),"NA") -> NA | S101: =IFERROR((Q157/Q144),"NA") -> NA | T101: =IFERROR((S157/S144),"NA") -> NA | U101: =IFERROR((U157/U144),"NA") -> NA
A102: MA (Insurance Category Codes 1+5+8) | B102: =IFERROR((B150+B154+B157)/(B137+B141+B144),"NA") -> NA | C102: NA | D102: NA | E102: NA | F102: NA | G102: NA | H102: NA | I102: NA | J102: NA | K102: NA | L102: =IFERROR((C150+C154+C157)/(C137+C141+C144),"NA") -> NA | M102: NA | N102: NA | O102: NA | P102: NA | Q102: NA | R102: NA | S102: NA | T102: NA | U102: NA
A103: Medicaid MCO (Insurance Category Codes 2+6) | B103: =IFERROR(((B151+B155)/(B138+B142)),"NA") -> NA | C103: NA | D103: NA | E103: NA | F103: NA | G103: NA | H103: NA | I103: NA | J103: NA | K103: NA | L103: =IFERROR(((C151+C155)/(C138+C142)),"NA") -> NA | M103: NA | N103: NA | O103: NA | P103: NA | Q103: NA | R103: NA | S103: NA | T103: NA | U103: NA
A104: Commercial (Insurance Category Codes 3+4+7) | B104: =IFERROR(((B152+B153+B156)/(B139+B140+B143)),"NA") -> NA | C104: NA | D104: NA | E104: NA | F104: NA | G104: NA | H104: NA | I104: NA | J104: NA | K104: NA | L104: =IFERROR(((C152+C153+C156)/(C139+C140+C143)),"NA") -> NA | M104: NA | N104: NA | O104: NA | P104: NA | Q104: NA | R104: NA | S104: NA | T104: NA | U104: NA
A105: Dual eligibles (Insurance Category Codes 5+6) | B105: =IFERROR(((B154+B155)/(B141+B142)),"NA") -> NA | C105: NA | D105: NA | E105: NA | F105: NA | G105: NA | H105: NA | I105: NA | J105: NA | K105: NA | L105: =IFERROR(((C154+C155)/(C141+C142)),"NA") -> NA | M105: NA | N105: NA | O105: NA | P105: NA | Q105: NA | R105: NA | S105: NA | T105: NA | U105: NA
A108: Table 9. TME Tab Fields for Carrier Overall (Large Provider Entity Code 100)
A109: Insurance Category Code | B109: 2024 | C109: 2025 | D109: 2024 | E109: 2025 | F109: 2024 | G109: 2025 | H109: 2024 | I109: 2025 | J109: 2024 | K109: 2025 | L109: 2024 | M109: 2025 | N109: 2024 | O109: 2025 | P109: 2024 | Q109: 2025
B110: Member Months | D110: Member Count with Truncated Claims | F110: Total Non-Truncated Claims Spending | H110: Total Non-Claims Spending | J110: Total Non-Truncated Claims and Non-Claims Spending | L110: Total Truncated Claims Spending | N110: Total Truncated Expenses | P110: Claims Amount Excluded Due to Truncation
A111: 1 | B111: =SUMIFS(TM[[#All],[Member Months]],TM[[#All],[Reporting Year]],2024,TM[[#All],[Insurance Category Code]],A111,TM[[#All],[Large Provider Entity Code]],100) -> 0 | C111: =SUMIFS(TM[[#All],[Member Months]],TM[[#All],[Reporting Year]],2025,TM[[#All],[Insurance Category Code]],A111,TM[[#All],[Large Provider Entity Code]],100) -> 0 | D111: =SUMIFS(TM[[#All],[Member Count with Truncated Claims]],TM[[#All],[Reporting Year]],2024,TM[[#All],[Insurance Category Code]],A111,TM[[#All],[Large Provider Entity Code]],100) -> 0 | E111: =SUMIFS(TM[[#All],[Member Count with Truncated Claims]],TM[[#All],[Reporting Year]],2025,TM[[#All],[Insurance Category Code]],A111,TM[[#All],[Large Provider Entity Code]],100) -> 0 | F111: =SUMIFS(TM[[#All],[Total Non-Truncated Claims Spending]],TM[[#All],[Reporting Year]],2024,TM[[#All],[Insurance Category Code]],A111,TM[[#All],[Large Provider Entity Code]],100) -> 0 | G111: =SUMIFS(TM[[#All],[Total Non-Truncated Claims Spending]],TM[[#All],[Reporting Year]],2025,TM[[#All],[Insurance Category Code]],A111,TM[[#All],[Large Provider Entity Code]],100) -> 0 | H111: =SUMIFS(TM[[#All],[Total Non-Claims Spending]],TM[[#All],[Reporting Year]],2024,TM[[#All],[Insurance Category Code]],A111,TM[[#All],[Large Provider Entity Code]],100) -> 0 | I111: =SUMIFS(TM[[#All],[Total Non-Claims Spending]],TM[[#All],[Reporting Year]],2025,TM[[#All],[Insurance Category Code]],A111,TM[[#All],[Large Provider Entity Code]],100) -> 0 | J111: =SUMIFS(TM[[#All],[Total Non-Truncated Claims and Non-Claims Spending]],TM[[#All],[Reporting Year]],2024,TM[[#All],[Insurance Category Code]],A111,TM[[#All],[Large Provider Entity Code]],100) -> 0 | K111: =SUMIFS(TM[[#All],[Total Non-Truncated Claims and Non-Claims Spending]],TM[[#All],[Reporting Year]],2025,TM[[#All],[Insurance Category Code]],A111,TM[[#All],[Large Provider Entity Code]],100) -> 0 | L111: =SUMIFS(TM[[#All],[Total Truncated Claims Spending]],TM[[#All],[Reporting Year]],2024,TM[[#All],[Insurance Category Code]],A111,TM[[#All],[Large Provider Entity Code]],100) -> 0 | M111: =SUMIFS(TM[[#All],[Total Truncated Claims Spending]],TM[[#All],[Reporting Year]],2025,TM[[#All],[Insurance Category Code]],A111,TM[[#All],[Large Provider Entity Code]],100) -> 0 | N111: =SUMIFS(TM[[#All],[Total Truncated Expenses]],TM[[#All],[Reporting Year]],2024,TM[[#All],[Insurance Category Code]],A111,TM[[#All],[Large Provider Entity Code]],100) -> 0 | O111: =SUMIFS(TM[[#All],[Total Truncated Expenses]],TM[[#All],[Reporting Year]],2025,TM[[#All],[Insurance Category Code]],A111,TM[[#All],[Large Provider Entity Code]],100) -> 0 | P111: =SUMIFS(TM[[#All],[Claims Amount Excluded Due to Truncation]],TM[[#All],[Reporting Year]],2024,TM[[#All],[Insurance Category Code]],A111,TM[[#All],[Large Provider Entity Code]],100) -> 0 | Q111: =SUMIFS(TM[[#All],[Claims Amount Excluded Due to Truncation]],TM[[#All],[Reporting Year]],2025,TM[[#All],[Insurance Category Code]],A111,TM[[#All],[Large Provider Entity Code]],100) -> 0
A112: 2 | B112: =SUMIFS(TM[[#All],[Member Months]],TM[[#All],[Reporting Year]],2024,TM[[#All],[Insurance Category Code]],A112,TM[[#All],[Large Provider Entity Code]],100) -> 0 | C112: =SUMIFS(TM[[#All],[Member Months]],TM[[#All],[Reporting Year]],2025,TM[[#All],[Insurance Category Code]],A112,TM[[#All],[Large Provider Entity Code]],100) -> 0 | D112: =SUMIFS(TM[[#All],[Member Count with Truncated Claims]],TM[[#All],[Reporting Year]],2024,TM[[#All],[Insurance Category Code]],A112,TM[[#All],[Large Provider Entity Code]],100) -> 0 | E112: =SUMIFS(TM[[#All],[Member Count with Truncated Claims]],TM[[#All],[Reporting Year]],2025,TM[[#All],[Insurance Category Code]],A112,TM[[#All],[Large Provider Entity Code]],100) -> 0 | F112: =SUMIFS(TM[[#All],[Total Non-Truncated Claims Spending]],TM[[#All],[Reporting Year]],2024,TM[[#All],[Insurance Category Code]],A112,TM[[#All],[Large Provider Entity Code]],100) -> 0 | G112: =SUMIFS(TM[[#All],[Total Non-Truncated Claims Spending]],TM[[#All],[Reporting Year]],2025,TM[[#All],[Insurance Category Code]],A112,TM[[#All],[Large Provider Entity Code]],100) -> 0 | H112: =SUMIFS(TM[[#All],[Total Non-Claims Spending]],TM[[#All],[Reporting Year]],2024,TM[[#All],[Insurance Category Code]],A112,TM[[#All],[Large Provider Entity Code]],100) -> 0 | I112: =SUMIFS(TM[[#All],[Total Non-Claims Spending]],TM[[#All],[Reporting Year]],2025,TM[[#All],[Insurance Category Code]],A112,TM[[#All],[Large Provider Entity Code]],100) -> 0 | J112: =SUMIFS(TM[[#All],[Total Non-Truncated Claims and Non-Claims Spending]],TM[[#All],[Reporting Year]],2024,TM[[#All],[Insurance Category Code]],A112,TM[[#All],[Large Provider Entity Code]],100) -> 0 | K112: =SUMIFS(TM[[#All],[Total Non-Truncated Claims and Non-Claims Spending]],TM[[#All],[Reporting Year]],2025,TM[[#All],[Insurance Category Code]],A112,TM[[#All],[Large Provider Entity Code]],100) -> 0 | L112: =SUMIFS(TM[[#All],[Total Truncated Claims Spending]],TM[[#All],[Reporting Year]],2024,TM[[#All],[Insurance Category Code]],A112,TM[[#All],[Large Provider Entity Code]],100) -> 0 | M112: =SUMIFS(TM[[#All],[Total Truncated Claims Spending]],TM[[#All],[Reporting Year]],2025,TM[[#All],[Insurance Category Code]],A112,TM[[#All],[Large Provider Entity Code]],100) -> 0 | N112: =SUMIFS(TM[[#All],[Total Truncated Expenses]],TM[[#All],[Reporting Year]],2024,TM[[#All],[Insurance Category Code]],A112,TM[[#All],[Large Provider Entity Code]],100) -> 0 | O112: =SUMIFS(TM[[#All],[Total Truncated Expenses]],TM[[#All],[Reporting Year]],2025,TM[[#All],[Insurance Category Code]],A112,TM[[#All],[Large Provider Entity Code]],100) -> 0 | P112: =SUMIFS(TM[[#All],[Claims Amount Excluded Due to Truncation]],TM[[#All],[Reporting Year]],2024,TM[[#All],[Insurance Category Code]],A112,TM[[#All],[Large Provider Entity Code]],100) -> 0 | Q112: =SUMIFS(TM[[#All],[Claims Amount Excluded Due to Truncation]],TM[[#All],[Reporting Year]],2025,TM[[#All],[Insurance Category Code]],A112,TM[[#All],[Large Provider Entity Code]],100) -> 0
A113: 3 | B113: =SUMIFS(TM[[#All],[Member Months]],TM[[#All],[Reporting Year]],2024,TM[[#All],[Insurance Category Code]],A113,TM[[#All],[Large Provider Entity Code]],100) -> 0 | C113: =SUMIFS(TM[[#All],[Member Months]],TM[[#All],[Reporting Year]],2025,TM[[#All],[Insurance Category Code]],A113,TM[[#All],[Large Provider Entity Code]],100) -> 0 | D113: =SUMIFS(TM[[#All],[Member Count with Truncated Claims]],TM[[#All],[Reporting Year]],2024,TM[[#All],[Insurance Category Code]],A113,TM[[#All],[Large Provider Entity Code]],100) -> 0 | E113: =SUMIFS(TM[[#All],[Member Count with Truncated Claims]],TM[[#All],[Reporting Year]],2025,TM[[#All],[Insurance Category Code]],A113,TM[[#All],[Large Provider Entity Code]],100) -> 0 | F113: =SUMIFS(TM[[#All],[Total Non-Truncated Claims Spending]],TM[[#All],[Reporting Year]],2024,TM[[#All],[Insurance Category Code]],A113,TM[[#All],[Large Provider Entity Code]],100) -> 0 | G113: =SUMIFS(TM[[#All],[Total Non-Truncated Claims Spending]],TM[[#All],[Reporting Year]],2025,TM[[#All],[Insurance Category Code]],A113,TM[[#All],[Large Provider Entity Code]],100) -> 0 | H113: =SUMIFS(TM[[#All],[Total Non-Claims Spending]],TM[[#All],[Reporting Year]],2024,TM[[#All],[Insurance Category Code]],A113,TM[[#All],[Large Provider Entity Code]],100) -> 0 | I113: =SUMIFS(TM[[#All],[Total Non-Claims Spending]],TM[[#All],[Reporting Year]],2025,TM[[#All],[Insurance Category Code]],A113,TM[[#All],[Large Provider Entity Code]],100) -> 0 | J113: =SUMIFS(TM[[#All],[Total Non-Truncated Claims and Non-Claims Spending]],TM[[#All],[Reporting Year]],2024,TM[[#All],[Insurance Category Code]],A113,TM[[#All],[Large Provider Entity Code]],100) -> 0 | K113: =SUMIFS(TM[[#All],[Total Non-Truncated Claims and Non-Claims Spending]],TM[[#All],[Reporting Year]],2025,TM[[#All],[Insurance Category Code]],A113,TM[[#All],[Large Provider Entity Code]],100) -> 0 | L113: =SUMIFS(TM[[#All],[Total Truncated Claims Spending]],TM[[#All],[Reporting Year]],2024,TM[[#All],[Insurance Category Code]],A113,TM[[#All],[Large Provider Entity Code]],100) -> 0 | M113: =SUMIFS(TM[[#All],[Total Truncated Claims Spending]],TM[[#All],[Reporting Year]],2025,TM[[#All],[Insurance Category Code]],A113,TM[[#All],[Large Provider Entity Code]],100) -> 0 | N113: =SUMIFS(TM[[#All],[Total Truncated Expenses]],TM[[#All],[Reporting Year]],2024,TM[[#All],[Insurance Category Code]],A113,TM[[#All],[Large Provider Entity Code]],100) -> 0 | O113: =SUMIFS(TM[[#All],[Total Truncated Expenses]],TM[[#All],[Reporting Year]],2025,TM[[#All],[Insurance Category Code]],A113,TM[[#All],[Large Provider Entity Code]],100) -> 0 | P113: =SUMIFS(TM[[#All],[Claims Amount Excluded Due to Truncation]],TM[[#All],[Reporting Year]],2024,TM[[#All],[Insurance Category Code]],A113,TM[[#All],[Large Provider Entity Code]],100) -> 0 | Q113: =SUMIFS(TM[[#All],[Claims Amount Excluded Due to Truncation]],TM[[#All],[Reporting Year]],2025,TM[[#All],[Insurance Category Code]],A113,TM[[#All],[Large Provider Entity Code]],100) -> 0
A114: 4 | B114: =SUMIFS(TM[[#All],[Member Months]],TM[[#All],[Reporting Year]],2024,TM[[#All],[Insurance Category Code]],A114,TM[[#All],[Large Provider Entity Code]],100) -> 0 | C114: =SUMIFS(TM[[#All],[Member Months]],TM[[#All],[Reporting Year]],2025,TM[[#All],[Insurance Category Code]],A114,TM[[#All],[Large Provider Entity Code]],100) -> 0 | D114: =SUMIFS(TM[[#All],[Member Count with Truncated Claims]],TM[[#All],[Reporting Year]],2024,TM[[#All],[Insurance Category Code]],A114,TM[[#All],[Large Provider Entity Code]],100) -> 0 | E114: =SUMIFS(TM[[#All],[Member Count with Truncated Claims]],TM[[#All],[Reporting Year]],2025,TM[[#All],[Insurance Category Code]],A114,TM[[#All],[Large Provider Entity Code]],100) -> 0 | F114: =SUMIFS(TM[[#All],[Total Non-Truncated Claims Spending]],TM[[#All],[Reporting Year]],2024,TM[[#All],[Insurance Category Code]],A114,TM[[#All],[Large Provider Entity Code]],100) -> 0 | G114: =SUMIFS(TM[[#All],[Total Non-Truncated Claims Spending]],TM[[#All],[Reporting Year]],2025,TM[[#All],[Insurance Category Code]],A114,TM[[#All],[Large Provider Entity Code]],100) -> 0 | H114: =SUMIFS(TM[[#All],[Total Non-Claims Spending]],TM[[#All],[Reporting Year]],2024,TM[[#All],[Insurance Category Code]],A114,TM[[#All],[Large Provider Entity Code]],100) -> 0 | I114: =SUMIFS(TM[[#All],[Total Non-Claims Spending]],TM[[#All],[Reporting Year]],2025,TM[[#All],[Insurance Category Code]],A114,TM[[#All],[Large Provider Entity Code]],100) -> 0 | J114: =SUMIFS(TM[[#All],[Total Non-Truncated Claims and Non-Claims Spending]],TM[[#All],[Reporting Year]],2024,TM[[#All],[Insurance Category Code]],A114,TM[[#All],[Large Provider Entity Code]],100) -> 0 | K114: =SUMIFS(TM[[#All],[Total Non-Truncated Claims and Non-Claims Spending]],TM[[#All],[Reporting Year]],2025,TM[[#All],[Insurance Category Code]],A114,TM[[#All],[Large Provider Entity Code]],100) -> 0 | L114: =SUMIFS(TM[[#All],[Total Truncated Claims Spending]],TM[[#All],[Reporting Year]],2024,TM[[#All],[Insurance Category Code]],A114,TM[[#All],[Large Provider Entity Code]],100) -> 0 | M114: =SUMIFS(TM[[#All],[Total Truncated Claims Spending]],TM[[#All],[Reporting Year]],2025,TM[[#All],[Insurance Category Code]],A114,TM[[#All],[Large Provider Entity Code]],100) -> 0 | N114: =SUMIFS(TM[[#All],[Total Truncated Expenses]],TM[[#All],[Reporting Year]],2024,TM[[#All],[Insurance Category Code]],A114,TM[[#All],[Large Provider Entity Code]],100) -> 0 | O114: =SUMIFS(TM[[#All],[Total Truncated Expenses]],TM[[#All],[Reporting Year]],2025,TM[[#All],[Insurance Category Code]],A114,TM[[#All],[Large Provider Entity Code]],100) -> 0 | P114: =SUMIFS(TM[[#All],[Claims Amount Excluded Due to Truncation]],TM[[#All],[Reporting Year]],2024,TM[[#All],[Insurance Category Code]],A114,TM[[#All],[Large Provider Entity Code]],100) -> 0 | Q114: =SUMIFS(TM[[#All],[Claims Amount Excluded Due to Truncation]],TM[[#All],[Reporting Year]],2025,TM[[#All],[Insurance Category Code]],A114,TM[[#All],[Large Provider Entity Code]],100) -> 0
A115: 5 | B115: =SUMIFS(TM[[#All],[Member Months]],TM[[#All],[Reporting Year]],2024,TM[[#All],[Insurance Category Code]],A115,TM[[#All],[Large Provider Entity Code]],100) -> 0 | C115: =SUMIFS(TM[[#All],[Member Months]],TM[[#All],[Reporting Year]],2025,TM[[#All],[Insurance Category Code]],A115,TM[[#All],[Large Provider Entity Code]],100) -> 0 | D115: =SUMIFS(TM[[#All],[Member Count with Truncated Claims]],TM[[#All],[Reporting Year]],2024,TM[[#All],[Insurance Category Code]],A115,TM[[#All],[Large Provider Entity Code]],100) -> 0 | E115: =SUMIFS(TM[[#All],[Member Count with Truncated Claims]],TM[[#All],[Reporting Year]],2025,TM[[#All],[Insurance Category Code]],A115,TM[[#All],[Large Provider Entity Code]],100) -> 0 | F115: =SUMIFS(TM[[#All],[Total Non-Truncated Claims Spending]],TM[[#All],[Reporting Year]],2024,TM[[#All],[Insurance Category Code]],A115,TM[[#All],[Large Provider Entity Code]],100) -> 0 | G115: =SUMIFS(TM[[#All],[Total Non-Truncated Claims Spending]],TM[[#All],[Reporting Year]],2025,TM[[#All],[Insurance Category Code]],A115,TM[[#All],[Large Provider Entity Code]],100) -> 0 | H115: =SUMIFS(TM[[#All],[Total Non-Claims Spending]],TM[[#All],[Reporting Year]],2024,TM[[#All],[Insurance Category Code]],A115,TM[[#All],[Large Provider Entity Code]],100) -> 0 | I115: =SUMIFS(TM[[#All],[Total Non-Claims Spending]],TM[[#All],[Reporting Year]],2025,TM[[#All],[Insurance Category Code]],A115,TM[[#All],[Large Provider Entity Code]],100) -> 0 | J115: =SUMIFS(TM[[#All],[Total Non-Truncated Claims and Non-Claims Spending]],TM[[#All],[Reporting Year]],2024,TM[[#All],[Insurance Category Code]],A115,TM[[#All],[Large Provider Entity Code]],100) -> 0 | K115: =SUMIFS(TM[[#All],[Total Non-Truncated Claims and Non-Claims Spending]],TM[[#All],[Reporting Year]],2025,TM[[#All],[Insurance Category Code]],A115,TM[[#All],[Large Provider Entity Code]],100) -> 0 | L115: =SUMIFS(TM[[#All],[Total Truncated Claims Spending]],TM[[#All],[Reporting Year]],2024,TM[[#All],[Insurance Category Code]],A115,TM[[#All],[Large Provider Entity Code]],100) -> 0 | M115: =SUMIFS(TM[[#All],[Total Truncated Claims Spending]],TM[[#All],[Reporting Year]],2025,TM[[#All],[Insurance Category Code]],A115,TM[[#All],[Large Provider Entity Code]],100) -> 0 | N115: =SUMIFS(TM[[#All],[Total Truncated Expenses]],TM[[#All],[Reporting Year]],2024,TM[[#All],[Insurance Category Code]],A115,TM[[#All],[Large Provider Entity Code]],100) -> 0 | O115: =SUMIFS(TM[[#All],[Total Truncated Expenses]],TM[[#All],[Reporting Year]],2025,TM[[#All],[Insurance Category Code]],A115,TM[[#All],[Large Provider Entity Code]],100) -> 0 | P115: =SUMIFS(TM[[#All],[Claims Amount Excluded Due to Truncation]],TM[[#All],[Reporting Year]],2024,TM[[#All],[Insurance Category Code]],A115,TM[[#All],[Large Provider Entity Code]],100) -> 0 | Q115: =SUMIFS(TM[[#All],[Claims Amount Excluded Due to Truncation]],TM[[#All],[Reporting Year]],2025,TM[[#All],[Insurance Category Code]],A115,TM[[#All],[Large Provider Entity Code]],100) -> 0
A116: 6 | B116: =SUMIFS(TM[[#All],[Member Months]],TM[[#All],[Reporting Year]],2024,TM[[#All],[Insurance Category Code]],A116,TM[[#All],[Large Provider Entity Code]],100) -> 0 | C116: =SUMIFS(TM[[#All],[Member Months]],TM[[#All],[Reporting Year]],2025,TM[[#All],[Insurance Category Code]],A116,TM[[#All],[Large Provider Entity Code]],100) -> 0 | D116: =SUMIFS(TM[[#All],[Member Count with Truncated Claims]],TM[[#All],[Reporting Year]],2024,TM[[#All],[Insurance Category Code]],A116,TM[[#All],[Large Provider Entity Code]],100) -> 0 | E116: =SUMIFS(TM[[#All],[Member Count with Truncated Claims]],TM[[#All],[Reporting Year]],2025,TM[[#All],[Insurance Category Code]],A116,TM[[#All],[Large Provider Entity Code]],100) -> 0 | F116: =SUMIFS(TM[[#All],[Total Non-Truncated Claims Spending]],TM[[#All],[Reporting Year]],2024,TM[[#All],[Insurance Category Code]],A116,TM[[#All],[Large Provider Entity Code]],100) -> 0 | G116: =SUMIFS(TM[[#All],[Total Non-Truncated Claims Spending]],TM[[#All],[Reporting Year]],2025,TM[[#All],[Insurance Category Code]],A116,TM[[#All],[Large Provider Entity Code]],100) -> 0 | H116: =SUMIFS(TM[[#All],[Total Non-Claims Spending]],TM[[#All],[Reporting Year]],2024,TM[[#All],[Insurance Category Code]],A116,TM[[#All],[Large Provider Entity Code]],100) -> 0 | I116: =SUMIFS(TM[[#All],[Total Non-Claims Spending]],TM[[#All],[Reporting Year]],2025,TM[[#All],[Insurance Category Code]],A116,TM[[#All],[Large Provider Entity Code]],100) -> 0 | J116: =SUMIFS(TM[[#All],[Total Non-Truncated Claims and Non-Claims Spending]],TM[[#All],[Reporting Year]],2024,TM[[#All],[Insurance Category Code]],A116,TM[[#All],[Large Provider Entity Code]],100) -> 0 | K116: =SUMIFS(TM[[#All],[Total Non-Truncated Claims and Non-Claims Spending]],TM[[#All],[Reporting Year]],2025,TM[[#All],[Insurance Category Code]],A116,TM[[#All],[Large Provider Entity Code]],100) -> 0 | L116: =SUMIFS(TM[[#All],[Total Truncated Claims Spending]],TM[[#All],[Reporting Year]],2024,TM[[#All],[Insurance Category Code]],A116,TM[[#All],[Large Provider Entity Code]],100) -> 0 | M116: =SUMIFS(TM[[#All],[Total Truncated Claims Spending]],TM[[#All],[Reporting Year]],2025,TM[[#All],[Insurance Category Code]],A116,TM[[#All],[Large Provider Entity Code]],100) -> 0 | N116: =SUMIFS(TM[[#All],[Total Truncated Expenses]],TM[[#All],[Reporting Year]],2024,TM[[#All],[Insurance Category Code]],A116,TM[[#All],[Large Provider Entity Code]],100) -> 0 | O116: =SUMIFS(TM[[#All],[Total Truncated Expenses]],TM[[#All],[Reporting Year]],2025,TM[[#All],[Insurance Category Code]],A116,TM[[#All],[Large Provider Entity Code]],100) -> 0 | P116: =SUMIFS(TM[[#All],[Claims Amount Excluded Due to Truncation]],TM[[#All],[Reporting Year]],2024,TM[[#All],[Insurance Category Code]],A116,TM[[#All],[Large Provider Entity Code]],100) -> 0 | Q116: =SUMIFS(TM[[#All],[Claims Amount Excluded Due to Truncation]],TM[[#All],[Reporting Year]],2025,TM[[#All],[Insurance Category Code]],A116,TM[[#All],[Large Provider Entity Code]],100) -> 0
A117: 7 | B117: =SUMIFS(TM[[#All],[Member Months]],TM[[#All],[Reporting Year]],2024,TM[[#All],[Insurance Category Code]],A117,TM[[#All],[Large Provider Entity Code]],100) -> 0 | C117: =SUMIFS(TM[[#All],[Member Months]],TM[[#All],[Reporting Year]],2025,TM[[#All],[Insurance Category Code]],A117,TM[[#All],[Large Provider Entity Code]],100) -> 0 | D117: =SUMIFS(TM[[#All],[Member Count with Truncated Claims]],TM[[#All],[Reporting Year]],2024,TM[[#All],[Insurance Category Code]],A117,TM[[#All],[Large Provider Entity Code]],100) -> 0 | E117: =SUMIFS(TM[[#All],[Member Count with Truncated Claims]],TM[[#All],[Reporting Year]],2025,TM[[#All],[Insurance Category Code]],A117,TM[[#All],[Large Provider Entity Code]],100) -> 0 | F117: =SUMIFS(TM[[#All],[Total Non-Truncated Claims Spending]],TM[[#All],[Reporting Year]],2024,TM[[#All],[Insurance Category Code]],A117,TM[[#All],[Large Provider Entity Code]],100) -> 0 | G117: =SUMIFS(TM[[#All],[Total Non-Truncated Claims Spending]],TM[[#All],[Reporting Year]],2025,TM[[#All],[Insurance Category Code]],A117,TM[[#All],[Large Provider Entity Code]],100) -> 0 | H117: =SUMIFS(TM[[#All],[Total Non-Claims Spending]],TM[[#All],[Reporting Year]],2024,TM[[#All],[Insurance Category Code]],A117,TM[[#All],[Large Provider Entity Code]],100) -> 0 | I117: =SUMIFS(TM[[#All],[Total Non-Claims Spending]],TM[[#All],[Reporting Year]],2025,TM[[#All],[Insurance Category Code]],A117,TM[[#All],[Large Provider Entity Code]],100) -> 0 | J117: =SUMIFS(TM[[#All],[Total Non-Truncated Claims and Non-Claims Spending]],TM[[#All],[Reporting Year]],2024,TM[[#All],[Insurance Category Code]],A117,TM[[#All],[Large Provider Entity Code]],100) -> 0 | K117: =SUMIFS(TM[[#All],[Total Non-Truncated Claims and Non-Claims Spending]],TM[[#All],[Reporting Year]],2025,TM[[#All],[Insurance Category Code]],A117,TM[[#All],[Large Provider Entity Code]],100) -> 0 | L117: =SUMIFS(TM[[#All],[Total Truncated Claims Spending]],TM[[#All],[Reporting Year]],2024,TM[[#All],[Insurance Category Code]],A117,TM[[#All],[Large Provider Entity Code]],100) -> 0 | M117: =SUMIFS(TM[[#All],[Total Truncated Claims Spending]],TM[[#All],[Reporting Year]],2025,TM[[#All],[Insurance Category Code]],A117,TM[[#All],[Large Provider Entity Code]],100) -> 0 | N117: =SUMIFS(TM[[#All],[Total Truncated Expenses]],TM[[#All],[Reporting Year]],2024,TM[[#All],[Insurance Category Code]],A117,TM[[#All],[Large Provider Entity Code]],100) -> 0 | O117: =SUMIFS(TM[[#All],[Total Truncated Expenses]],TM[[#All],[Reporting Year]],2025,TM[[#All],[Insurance Category Code]],A117,TM[[#All],[Large Provider Entity Code]],100) -> 0 | P117: =SUMIFS(TM[[#All],[Claims Amount Excluded Due to Truncation]],TM[[#All],[Reporting Year]],2024,TM[[#All],[Insurance Category Code]],A117,TM[[#All],[Large Provider Entity Code]],100) -> 0 | Q117: =SUMIFS(TM[[#All],[Claims Amount Excluded Due to Truncation]],TM[[#All],[Reporting Year]],2025,TM[[#All],[Insurance Category Code]],A117,TM[[#All],[Large Provider Entity Code]],100) -> 0
A118: 8 | B118: =SUMIFS(TM[[#All],[Member Months]],TM[[#All],[Reporting Year]],2024,TM[[#All],[Insurance Category Code]],A118,TM[[#All],[Large Provider Entity Code]],100) -> 0 | C118: =SUMIFS(TM[[#All],[Member Months]],TM[[#All],[Reporting Year]],2025,TM[[#All],[Insurance Category Code]],A118,TM[[#All],[Large Provider Entity Code]],100) -> 0 | D118: =SUMIFS(TM[[#All],[Member Count with Truncated Claims]],TM[[#All],[Reporting Year]],2024,TM[[#All],[Insurance Category Code]],A118,TM[[#All],[Large Provider Entity Code]],100) -> 0 | E118: =SUMIFS(TM[[#All],[Member Count with Truncated Claims]],TM[[#All],[Reporting Year]],2025,TM[[#All],[Insurance Category Code]],A118,TM[[#All],[Large Provider Entity Code]],100) -> 0 | F118: =SUMIFS(TM[[#All],[Total Non-Truncated Claims Spending]],TM[[#All],[Reporting Year]],2024,TM[[#All],[Insurance Category Code]],A118,TM[[#All],[Large Provider Entity Code]],100) -> 0 | G118: =SUMIFS(TM[[#All],[Total Non-Truncated Claims Spending]],TM[[#All],[Reporting Year]],2025,TM[[#All],[Insurance Category Code]],A118,TM[[#All],[Large Provider Entity Code]],100) -> 0 | H118: =SUMIFS(TM[[#All],[Total Non-Claims Spending]],TM[[#All],[Reporting Year]],2024,TM[[#All],[Insurance Category Code]],A118,TM[[#All],[Large Provider Entity Code]],100) -> 0 | I118: =SUMIFS(TM[[#All],[Total Non-Claims Spending]],TM[[#All],[Reporting Year]],2025,TM[[#All],[Insurance Category Code]],A118,TM[[#All],[Large Provider Entity Code]],100) -> 0 | J118: =SUMIFS(TM[[#All],[Total Non-Truncated Claims and Non-Claims Spending]],TM[[#All],[Reporting Year]],2024,TM[[#All],[Insurance Category Code]],A118,TM[[#All],[Large Provider Entity Code]],100) -> 0 | K118: =SUMIFS(TM[[#All],[Total Non-Truncated Claims and Non-Claims Spending]],TM[[#All],[Reporting Year]],2025,TM[[#All],[Insurance Category Code]],A118,TM[[#All],[Large Provider Entity Code]],100) -> 0 | L118: =SUMIFS(TM[[#All],[Total Truncated Claims Spending]],TM[[#All],[Reporting Year]],2024,TM[[#All],[Insurance Category Code]],A118,TM[[#All],[Large Provider Entity Code]],100) -> 0 | M118: =SUMIFS(TM[[#All],[Total Truncated Claims Spending]],TM[[#All],[Reporting Year]],2025,TM[[#All],[Insurance Category Code]],A118,TM[[#All],[Large Provider Entity Code]],100) -> 0 | N118: =SUMIFS(TM[[#All],[Total Truncated Expenses]],TM[[#All],[Reporting Year]],2024,TM[[#All],[Insurance Category Code]],A118,TM[[#All],[Large Provider Entity Code]],100) -> 0 | O118: =SUMIFS(TM[[#All],[Total Truncated Expenses]],TM[[#All],[Reporting Year]],2025,TM[[#All],[Insurance Category Code]],A118,TM[[#All],[Large Provider Entity Code]],100) -> 0 | P118: =SUMIFS(TM[[#All],[Claims Amount Excluded Due to Truncation]],TM[[#All],[Reporting Year]],2024,TM[[#All],[Insurance Category Code]],A118,TM[[#All],[Large Provider Entity Code]],100) -> 0 | Q118: =SUMIFS(TM[[#All],[Claims Amount Excluded Due to Truncation]],TM[[#All],[Reporting Year]],2025,TM[[#All],[Insurance Category Code]],A118,TM[[#All],[Large Provider Entity Code]],100) -> 0
...

Sheet Validation by Market
A1: Validation by Market
A2: This tab uses data from the TME and Pharmacy Rebates tabs to calculate member months and per member per month (PMPM) spending trends by payment service category for each market and insurance category. Please review the data in this tab prior to submission to ensure that you are comfortable with the PMPM values and trends reflected in the tables below.
A5: Table 1. Member Months by Insurance Category & Market | F5: Table 2. Total Truncated Expenses (Gross of Rebates) Trends by Insurance Category & Market | K5: Table 3. Total Truncated Expenses (Gross of Rebates) PMPM Trends by Insurance Category & Market
A6: Red cells indicate market-level trend increased or decreased by more than 30%, potentially indicating an error that the carrier must either notify DOBI that data are accurate or correct in the applicable input tab(s); note that you can ignore red cells where value is "NA". | K6: Red cells indicate trend increased or decreased by more than 10%, potentially indicating an error that the carrier must either notify DOBI that data are accurate or correct in the applicable input tab(s); note that you can ignore red cells where value is "NA".
A7: Insurance Category | B7: 2024 | C7: 2025 | D7: Trend | F7: Insurance Category | G7: 2024 | H7: 2025 | I7: Trend | K7: Insurance Category | L7: 2024 | M7: 2025 | N7: Trend
A8: Medicare market total | B8: =SUM(B9:B11) -> 0 | C8: =SUM(C9:C11) -> 0 | D8: =IFERROR(Table147[[#This Row],[2025]]/Table147[[#This Row],[2024]]-1,"NA") -> NA | F8: Medicare market total | G8: =SUM(G9:G11) -> 0 | H8: =SUM(H9:H11) -> 0 | I8: =IFERROR(Table174159[[#This Row],[2025]]/Table174159[[#This Row],[2024]]-1,"NA") -> NA | K8: Medicare market total | L8: =IFERROR(Table174159[[#This Row],[2024]]/Table147[[#This Row],[2024]],"NA") -> NA | M8: =IFERROR(Table174159[[#This Row],[2025]]/Table147[[#This Row],[2025]],"NA") -> NA | N8: =IFERROR(Table1784260[[#This Row],[2025]]/Table1784260[[#This Row],[2024]]-1,"NA") -> NA
A9: MA non-dual eligibles, excluding SHBP & SEHBP (Insurance Category Code 1) | B9: =SUMIFS(TM[[#All],[Member Months]],TM[[#All],[Reporting Year]],Table147[[#Headers],[2024]],TM[[#All],[Insurance Category Code]],1,TM[[#All],[Large Provider Entity Code]],100) -> 0 | C9: =SUMIFS(TM[[#All],[Member Months]],TM[[#All],[Reporting Year]],Table147[[#Headers],[2025]],TM[[#All],[Insurance Category Code]],1,TM[[#All],[Large Provider Entity Code]],100) -> 0 | D9: =IFERROR(Table147[[#This Row],[2025]]/Table147[[#This Row],[2024]]-1,"NA") -> NA | F9: MA non-dual eligibles, excluding SHBP & SEHBP (Insurance Category Code 1) | G9: =SUMIFS(TM[[#All],[Total Truncated Expenses]],TM[[#All],[Reporting Year]],Table174159[[#Headers],[2024]],TM[[#All],[Insurance Category Code]],1,TM[[#All],[Large Provider Entity Code]],100) -> 0 | H9: =SUMIFS(TM[[#All],[Total Truncated Expenses]],TM[[#All],[Reporting Year]],Table174159[[#Headers],[2025]],TM[[#All],[Insurance Category Code]],1,TM[[#All],[Large Provider Entity Code]],100) -> 0 | I9: =IFERROR(Table174159[[#This Row],[2025]]/Table174159[[#This Row],[2024]]-1,"NA") -> NA | K9: MA non-dual eligibles, excluding SHBP & SEHBP (Insurance Category Code 1) | L9: =IFERROR(Table174159[[#This Row],[2024]]/Table147[[#This Row],[2024]],"NA") -> NA | M9: =IFERROR(Table174159[[#This Row],[2025]]/Table147[[#This Row],[2025]],"NA") -> NA | N9: =IFERROR(Table1784260[[#This Row],[2025]]/Table1784260[[#This Row],[2024]]-1,"NA") -> NA
A10: MA dual eligibles (Insurance Category Code 5) | B10: =SUMIFS(TM[[#All],[Member Months]],TM[[#All],[Reporting Year]],Table147[[#Headers],[2024]],TM[[#All],[Insurance Category Code]],5,TM[[#All],[Large Provider Entity Code]],100) -> 0 | C10: =SUMIFS(TM[[#All],[Member Months]],TM[[#All],[Reporting Year]],Table147[[#Headers],[2025]],TM[[#All],[Insurance Category Code]],5,TM[[#All],[Large Provider Entity Code]],100) -> 0 | D10: =IFERROR(Table147[[#This Row],[2025]]/Table147[[#This Row],[2024]]-1,"NA") -> NA | F10: MA dual eligibles (Insurance Category Code 5) | G10: =SUMIFS(TM[[#All],[Total Truncated Expenses]],TM[[#All],[Reporting Year]],Table174159[[#Headers],[2024]],TM[[#All],[Insurance Category Code]],5,TM[[#All],[Large Provider Entity Code]],100) -> 0 | H10: =SUMIFS(TM[[#All],[Total Truncated Expenses]],TM[[#All],[Reporting Year]],Table174159[[#Headers],[2025]],TM[[#All],[Insurance Category Code]],5,TM[[#All],[Large Provider Entity Code]],100) -> 0 | I10: =IFERROR(Table174159[[#This Row],[2025]]/Table174159[[#This Row],[2024]]-1,"NA") -> NA | K10: MA dual eligibles (Insurance Category Code 5) | L10: =IFERROR(Table174159[[#This Row],[2024]]/Table147[[#This Row],[2024]],"NA") -> NA | M10: =IFERROR(Table174159[[#This Row],[2025]]/Table147[[#This Row],[2025]],"NA") -> NA | N10: =IFERROR(Table1784260[[#This Row],[2025]]/Table1784260[[#This Row],[2024]]-1,"NA") -> NA
A11: MA SHBP & SEHBP (Insurance Category Code 8) | B11: =SUMIFS(TM[[#All],[Member Months]],TM[[#All],[Reporting Year]],Table147[[#Headers],[2024]],TM[[#All],[Insurance Category Code]],8,TM[[#All],[Large Provider Entity Code]],100) -> 0 | C11: =SUMIFS(TM[[#All],[Member Months]],TM[[#All],[Reporting Year]],Table147[[#Headers],[2025]],TM[[#All],[Insurance Category Code]],8,TM[[#All],[Large Provider Entity Code]],100) -> 0 | D11: =IFERROR(Table147[[#This Row],[2025]]/Table147[[#This Row],[2024]]-1,"NA") -> NA | F11: MA SHBP & SEHBP (Insurance Category Code 8) | G11: =SUMIFS(TM[[#All],[Total Truncated Expenses]],TM[[#All],[Reporting Year]],Table174159[[#Headers],[2024]],TM[[#All],[Insurance Category Code]],8,TM[[#All],[Large Provider Entity Code]],100) -> 0 | H11: =SUMIFS(TM[[#All],[Total Truncated Expenses]],TM[[#All],[Reporting Year]],Table174159[[#Headers],[2025]],TM[[#All],[Insurance Category Code]],8,TM[[#All],[Large Provider Entity Code]],100) -> 0 | I11: =IFERROR(Table174159[[#This Row],[2025]]/Table174159[[#This Row],[2024]]-1,"NA") -> NA | K11: MA SHBP & SEHBP (Insurance Category Code 8) | L11: =IFERROR(Table174159[[#This Row],[2024]]/Table147[[#This Row],[2024]],"NA") -> NA | M11: =IFERROR(Table174159[[#This Row],[2025]]/Table147[[#This Row],[2025]],"NA") -> NA | N11: =IFERROR(Table1784260[[#This Row],[2025]]/Table1784260[[#This Row],[2024]]-1,"NA") -> NA
A12: Medicaid market total | B12: =SUM(B13:B14) -> 0 | C12: =SUM(C13:C14) -> 0 | D12: =IFERROR(Table147[[#This Row],[2025]]/Table147[[#This Row],[2024]]-1,"NA") -> NA | F12: Medicaid market total | G12: =SUM(G13:G14) -> 0 | H12: =SUM(H13:H14) -> 0 | I12: =IFERROR(Table174159[[#This Row],[2025]]/Table174159[[#This Row],[2024]]-1,"NA") -> NA | K12: Medicaid market total | L12: =IFERROR(Table174159[[#This Row],[2024]]/Table147[[#This Row],[2024]],"NA") -> NA | M12: =IFERROR(Table174159[[#This Row],[2025]]/Table147[[#This Row],[2025]],"NA") -> NA | N12: =IFERROR(Table1784260[[#This Row],[2025]]/Table1784260[[#This Row],[2024]]-1,"NA") -> NA
A13: Medicaid MCO non-dual eligibles (Insurance Category Code 2) | B13: =SUMIFS(TM[[#All],[Member Months]],TM[[#All],[Reporting Year]],Table147[[#Headers],[2024]],TM[[#All],[Insurance Category Code]],2,TM[[#All],[Large Provider Entity Code]],100) -> 0 | C13: =SUMIFS(TM[[#All],[Member Months]],TM[[#All],[Reporting Year]],Table147[[#Headers],[2025]],TM[[#All],[Insurance Category Code]],2,TM[[#All],[Large Provider Entity Code]],100) -> 0 | D13: =IFERROR(Table147[[#This Row],[2025]]/Table147[[#This Row],[2024]]-1,"NA") -> NA | F13: Medicaid MCO non-dual eligibles (Insurance Category Code 2) | G13: =SUMIFS(TM[[#All],[Total Truncated Expenses]],TM[[#All],[Reporting Year]],Table174159[[#Headers],[2024]],TM[[#All],[Insurance Category Code]],2,TM[[#All],[Large Provider Entity Code]],100) -> 0 | H13: =SUMIFS(TM[[#All],[Total Truncated Expenses]],TM[[#All],[Reporting Year]],Table174159[[#Headers],[2025]],TM[[#All],[Insurance Category Code]],2,TM[[#All],[Large Provider Entity Code]],100) -> 0 | I13: =IFERROR(Table174159[[#This Row],[2025]]/Table174159[[#This Row],[2024]]-1,"NA") -> NA | K13: Medicaid MCO non-dual eligibles (Insurance Category Code 2) | L13: =IFERROR(Table174159[[#This Row],[2024]]/Table147[[#This Row],[2024]],"NA") -> NA | M13: =IFERROR(Table174159[[#This Row],[2025]]/Table147[[#This Row],[2025]],"NA") -> NA | N13: =IFERROR(Table1784260[[#This Row],[2025]]/Table1784260[[#This Row],[2024]]-1,"NA") -> NA
A14: Medicaid MCO dual eligibles (Insurance Category Code 6) | B14: =SUMIFS(TM[[#All],[Member Months]],TM[[#All],[Reporting Year]],Table147[[#Headers],[2024]],TM[[#All],[Insurance Category Code]],6,TM[[#All],[Large Provider Entity Code]],100) -> 0 | C14: =SUMIFS(TM[[#All],[Member Months]],TM[[#All],[Reporting Year]],Table147[[#Headers],[2025]],TM[[#All],[Insurance Category Code]],6,TM[[#All],[Large Provider Entity Code]],100) -> 0 | D14: =IFERROR(Table147[[#This Row],[2025]]/Table147[[#This Row],[2024]]-1,"NA") -> NA | F14: Medicaid MCO dual eligibles (Insurance Category Code 6) | G14: =SUMIFS(TM[[#All],[Total Truncated Expenses]],TM[[#All],[Reporting Year]],Table174159[[#Headers],[2024]],TM[[#All],[Insurance Category Code]],6,TM[[#All],[Large Provider Entity Code]],100) -> 0 | H14: =SUMIFS(TM[[#All],[Total Truncated Expenses]],TM[[#All],[Reporting Year]],Table174159[[#Headers],[2025]],TM[[#All],[Insurance Category Code]],6,TM[[#All],[Large Provider Entity Code]],100) -> 0 | I14: =IFERROR(Table174159[[#This Row],[2025]]/Table174159[[#This Row],[2024]]-1,"NA") -> NA | K14: Medicaid MCO dual eligibles (Insurance Category Code 6) | L14: =IFERROR(Table174159[[#This Row],[2024]]/Table147[[#This Row],[2024]],"NA") -> NA | M14: =IFERROR(Table174159[[#This Row],[2025]]/Table147[[#This Row],[2025]],"NA") -> NA | N14: =IFERROR(Table1784260[[#This Row],[2025]]/Table1784260[[#This Row],[2024]]-1,"NA") -> NA
A15: Commercial market total | B15: =SUM(B16:B18) -> 0 | C15: =SUM(C16:C18) -> 0 | D15: =IFERROR(Table147[[#This Row],[2025]]/Table147[[#This Row],[2024]]-1,"NA") -> NA | F15: Commercial market total | G15: =SUM(G16:G18) -> 0 | H15: =SUM(H16:H18) -> 0 | I15: =IFERROR(Table174159[[#This Row],[2025]]/Table174159[[#This Row],[2024]]-1,"NA") -> NA | K15: Commercial market total | L15: =IFERROR(Table174159[[#This Row],[2024]]/Table147[[#This Row],[2024]],"NA") -> NA | M15: =IFERROR(Table174159[[#This Row],[2025]]/Table147[[#This Row],[2025]],"NA") -> NA | N15: =IFERROR(Table1784260[[#This Row],[2025]]/Table1784260[[#This Row],[2024]]-1,"NA") -> NA
A16: Commercial full claims, excluding SHBP & SEHBP (Insurance Category Code 3) | B16: =SUMIFS(TM[[#All],[Member Months]],TM[[#All],[Reporting Year]],Table147[[#Headers],[2024]],TM[[#All],[Insurance Category Code]],3,TM[[#All],[Large Provider Entity Code]],100) -> 0 | C16: =SUMIFS(TM[[#All],[Member Months]],TM[[#All],[Reporting Year]],Table147[[#Headers],[2025]],TM[[#All],[Insurance Category Code]],3,TM[[#All],[Large Provider Entity Code]],100) -> 0 | D16: =IFERROR(Table147[[#This Row],[2025]]/Table147[[#This Row],[2024]]-1,"NA") -> NA | F16: Commercial full claims, excluding SHBP & SEHBP (Insurance Category Code 3) | G16: =SUMIFS(TM[[#All],[Total Truncated Expenses]],TM[[#All],[Reporting Year]],Table174159[[#Headers],[2024]],TM[[#All],[Insurance Category Code]],3,TM[[#All],[Large Provider Entity Code]],100) -> 0 | H16: =SUMIFS(TM[[#All],[Total Truncated Expenses]],TM[[#All],[Reporting Year]],Table174159[[#Headers],[2025]],TM[[#All],[Insurance Category Code]],3,TM[[#All],[Large Provider Entity Code]],100) -> 0 | I16: =IFERROR(Table174159[[#This Row],[2025]]/Table174159[[#This Row],[2024]]-1,"NA") -> NA | K16: Commercial full claims, excluding SHBP & SEHBP (Insurance Category Code 3) | L16: =IFERROR(Table174159[[#This Row],[2024]]/Table147[[#This Row],[2024]],"NA") -> NA | M16: =IFERROR(Table174159[[#This Row],[2025]]/Table147[[#This Row],[2025]],"NA") -> NA | N16: =IFERROR(Table1784260[[#This Row],[2025]]/Table1784260[[#This Row],[2024]]-1,"NA") -> NA
A17: Commercial partial claims, excluding SHBP & SEHBP (Insurance Category Code 4) | B17: =SUMIFS(TM[[#All],[Member Months]],TM[[#All],[Reporting Year]],Table147[[#Headers],[2024]],TM[[#All],[Insurance Category Code]],4,TM[[#All],[Large Provider Entity Code]],100) -> 0 | C17: =SUMIFS(TM[[#All],[Member Months]],TM[[#All],[Reporting Year]],Table147[[#Headers],[2025]],TM[[#All],[Insurance Category Code]],4,TM[[#All],[Large Provider Entity Code]],100) -> 0 | D17: =IFERROR(Table147[[#This Row],[2025]]/Table147[[#This Row],[2024]]-1,"NA") -> NA | F17: Commercial partial claims, excluding SHBP & SEHBP (Insurance Category Code 4) | G17: =SUMIFS(TM[[#All],[Total Truncated Expenses]],TM[[#All],[Reporting Year]],Table174159[[#Headers],[2024]],TM[[#All],[Insurance Category Code]],4,TM[[#All],[Large Provider Entity Code]],100) -> 0 | H17: =SUMIFS(TM[[#All],[Total Truncated Expenses]],TM[[#All],[Reporting Year]],Table174159[[#Headers],[2025]],TM[[#All],[Insurance Category Code]],4,TM[[#All],[Large Provider Entity Code]],100) -> 0 | I17: =IFERROR(Table174159[[#This Row],[2025]]/Table174159[[#This Row],[2024]]-1,"NA") -> NA | K17: Commercial partial claims, excluding SHBP & SEHBP (Insurance Category Code 4) | L17: =IFERROR(Table174159[[#This Row],[2024]]/Table147[[#This Row],[2024]],"NA") -> NA | M17: =IFERROR(Table174159[[#This Row],[2025]]/Table147[[#This Row],[2025]],"NA") -> NA | N17: =IFERROR(Table1784260[[#This Row],[2025]]/Table1784260[[#This Row],[2024]]-1,"NA") -> NA
A18: Commercial SHBP & SEHBP (Insurance Category Code 7) | B18: =SUMIFS(TM[[#All],[Member Months]],TM[[#All],[Reporting Year]],Table147[[#Headers],[2024]],TM[[#All],[Insurance Category Code]],7,TM[[#All],[Large Provider Entity Code]],100) -> 0 | C18: =SUMIFS(TM[[#All],[Member Months]],TM[[#All],[Reporting Year]],Table147[[#Headers],[2025]],TM[[#All],[Insurance Category Code]],7,TM[[#All],[Large Provider Entity Code]],100) -> 0 | D18: =IFERROR(Table147[[#This Row],[2025]]/Table147[[#This Row],[2024]]-1,"NA") -> NA | F18: Commercial SHBP & SEHBP (Insurance Category Code 7) | G18: =SUMIFS(TM[[#All],[Total Truncated Expenses]],TM[[#All],[Reporting Year]],Table174159[[#Headers],[2024]],TM[[#All],[Insurance Category Code]],7,TM[[#All],[Large Provider Entity Code]],100) -> 0 | H18: =SUMIFS(TM[[#All],[Total Truncated Expenses]],TM[[#All],[Reporting Year]],Table174159[[#Headers],[2025]],TM[[#All],[Insurance Category Code]],7,TM[[#All],[Large Provider Entity Code]],100) -> 0 | I18: =IFERROR(Table174159[[#This Row],[2025]]/Table174159[[#This Row],[2024]]-1,"NA") -> NA | K18: Commercial SHBP & SEHBP (Insurance Category Code 7) | L18: =IFERROR(Table174159[[#This Row],[2024]]/Table147[[#This Row],[2024]],"NA") -> NA | M18: =IFERROR(Table174159[[#This Row],[2025]]/Table147[[#This Row],[2025]],"NA") -> NA | N18: =IFERROR(Table1784260[[#This Row],[2025]]/Table1784260[[#This Row],[2024]]-1,"NA") -> NA
A19: Total | B19: =SUM(B8,B12,B15) -> 0 | C19: =SUM(C8,C12,C15) -> 0 | D19: =IFERROR(Table147[[#This Row],[2025]]/Table147[[#This Row],[2024]]-1,"NA") -> NA | F19: Total | G19: =SUM(G15,G8,G12) -> 0 | H19: =SUM(H15,H8,H12) -> 0 | I19: =IFERROR(Table174159[[#This Row],[2025]]/Table174159[[#This Row],[2024]]-1,"NA") -> NA | K19: Total | L19: =IFERROR(Table174159[[#This Row],[2024]]/B19,"NA") -> NA | M19: =IFERROR(Table174159[[#This Row],[2025]]/Table147[[#This Row],[2025]],"NA") -> NA | N19: =IFERROR(Table1784260[[#This Row],[2025]]/Table1784260[[#This Row],[2024]]-1,"NA") -> NA
A21: Table 4. Commercial Total (Insurance Category Codes 3+4+7) - TME PMPM Trends | F21: Table 5. Commercial Full Claims Members (Insurance Category Code 3) - TME PMPM Trends | K21: Table 6. Commercial Partial Claims Members (Insurance Category Code 4) - TME PMPM Trends | P21: Table 7. Commercial SHBP & SEHBP Members (Insurance Category Code 7) - TME PMPM Trends
A22: Red cells indicate any of the following potential errors that the carrier must either notify DOBI that data are accurate or correct in the applicable input tab(s); note that you can ignore red cells where value is "NA": | F22: Red cells indicate any of the following potential errors that the carrier must either notify DOBI that data are accurate or correct in the applicable input tab(s); note that you can ignore red cells where value is "NA": | K22: Red cells indicate any of the following potential errors that the carrier must either notify DOBI that data are accurate or correct in the applicable input tab(s); note that you can ignore red cells where value is "NA": | P22: Red cells indicate any of the following potential errors that the carrier must either notify DOBI that data are accurate or correct in the applicable input tab(s); note that you can ignore red cells where value is "NA":
A23: • TM05 through TM20 PMPM trend increased or decreased by more than 30%; and/or • Rebates as a proportion of pharmacy spending (RX07/TM12) is greater than 100% | F23: • TM05 through TM20 PMPM trend increased or decreased by more than 30%; and/or • Rebates as a proportion of pharmacy spending (RX07/TM12) is greater than 100% | K23: • TM05 through TM20 PMPM trend increased or decreased by more than 30%; and/or • Rebates as a proportion of pharmacy spending (RX07/TM12) is greater than 100% | P23: • TM05 through TM20 PMPM trend increased or decreased by more than 30%; and/or • Rebates as a proportion of pharmacy spending (RX07/TM12) is greater than 100%
A24: Service Category | B24: 2024 | C24: 2025 | D24: Trend | F24: Service Category | G24: 2024 | H24: 2025 | I24: Trend | K24: Service Category | L24: 2024 | M24: 2025 | N24: Trend | P24: Service Category | Q24: 2024 | R24: 2025 | S24: Trend
A25: Member Months (TM05) | B25: =SUM(G25,L25, Q25) -> 0 | C25: =SUM(H25,M25,R25) -> 0 | D25: =IFERROR(Table948[[#This Row],[2025]]/Table948[[#This Row],[2024]]-1,"NA") -> NA | F25: Member Months (TM05) | G25: =SUMIFS(TM[[#All],[Member Months]],TM[[#All],[Reporting Year]],2024,TM[[#All],[Insurance Category Code]],3,TM[[#All],[Large Provider Entity Code]],100) -> 0 | H25: =SUMIFS(TM[[#All],[Member Months]],TM[[#All],[Reporting Year]],2025,TM[[#All],[Insurance Category Code]],3,TM[[#All],[Large Provider Entity Code]],100) -> 0 | I25: =IFERROR(Table91149[[#This Row],[2025]]/Table91149[[#This Row],[2024]]-1,"NA") -> NA | K25: Member Months (TM05) | L25: =SUMIFS(TM[[#All],[Member Months]],TM[[#All],[Reporting Year]],2024,TM[[#All],[Insurance Category Code]],4,TM[[#All],[Large Provider Entity Code]],100) -> 0 | M25: =SUMIFS(TM[[#All],[Member Months]],TM[[#All],[Reporting Year]],2025,TM[[#All],[Insurance Category Code]],4,TM[[#All],[Large Provider Entity Code]],100) -> 0 | N25: =IFERROR(M25/L25-1,"NA") -> NA | P25: Member Months (TM05) | Q25: =SUMIFS(TM[[#All],[Member Months]],TM[[#All],[Reporting Year]],2024,TM[[#All],[Insurance Category Code]],7,TM[[#All],[Large Provider Entity Code]],100) -> 0 | R25: =SUMIFS(TM[[#All],[Member Months]],TM[[#All],[Reporting Year]],2025,TM[[#All],[Insurance Category Code]],7,TM[[#All],[Large Provider Entity Code]],100) -> 0 | S25: =IFERROR(Table911122757[[#This Row],[2025]]/Table911122757[[#This Row],[2024]]-1,"NA") -> NA
A26: Claims: Hospital Inpatient (TM06/TM05) | B26: =IFERROR((SUMPRODUCT(ICC3_MemberMonths_2024,G26)+SUMPRODUCT(ICC4_MemberMonths_2024,L26)+SUMPRODUCT(ICC7_MemberMonths_2024,Q26))/Commercial_MemberMonths_2024,"NA") -> NA | C26: {=IFERROR((SUMPRODUCT(H25,H26)+SUMPRODUCT(ICC4_MemberMonths_2025,M26)+SUMPRODUCT(ICC7_MemberMonths_2025,R26))/Commercial_MemberMonths_2025,"NA")} -> NA | D26: =IFERROR(Table948[[#This Row],[2025]]/Table948[[#This Row],[2024]]-1,"NA") -> NA | F26: Claims: Hospital Inpatient (TM06/TM05) | G26: =IFERROR((SUMIFS(TM[[#All],[Claims: Hospital Inpatient]],TM[[#All],[Reporting Year]],2024,TM[[#All],[Insurance Category Code]],3,TM[[#All],[Large Provider Entity Code]],100))/ICC3_MemberMonths_2024,"NA") -> NA | H26: =IFERROR((SUMIFS(TM[[#All],[Claims: Hospital Inpatient]],TM[[#All],[Reporting Year]],2025,TM[[#All],[Insurance Category Code]],3,TM[[#All],[Large Provider Entity Code]],100))/H25,"NA") -> NA | I26: =IFERROR(Table91149[[#This Row],[2025]]/Table91149[[#This Row],[2024]]-1,"NA") -> NA | K26: Claims: Hospital Inpatient (TM06/TM05) | L26: =IFERROR((SUMIFS(TM[[#All],[Claims: Hospital Inpatient]],TM[[#All],[Reporting Year]],2024,TM[[#All],[Insurance Category Code]],4,TM[[#All],[Large Provider Entity Code]],100))/ICC4_MemberMonths_2024,"NA") -> NA | M26: {=IFERROR((SUMIFS(TM[[#All],[Claims: Hospital Inpatient]],TM[[#All],[Reporting Year]],2025,TM[[#All],[Insurance Category Code]],4,TM[[#All],[Large Provider Entity Code]],100))/ICC4_MemberMonths_2025,"NA")} -> NA | N26: =IFERROR(M26/L26-1,"NA") -> NA | P26: Claims: Hospital Inpatient (TM06/TM05) | Q26: =IFERROR((SUMIFS(TM[[#All],[Claims: Hospital Inpatient]],TM[[#All],[Reporting Year]],2024,TM[[#All],[Insurance Category Code]],7,TM[[#All],[Large Provider Entity Code]],100))/ICC7_MemberMonths_2024,"NA") -> NA | R26: {=IFERROR((SUMIFS(TM[[#All],[Claims: Hospital Inpatient]],TM[[#All],[Reporting Year]],2025,TM[[#All],[Insurance Category Code]],7,TM[[#All],[Large Provider Entity Code]],100))/ICC7_MemberMonths_2025,"NA")} -> NA | S26: =IFERROR(Table911122757[[#This Row],[2025]]/Table911122757[[#This Row],[2024]]-1,"NA") -> NA
A27: Claims: Hospital Outpatient (TM07/TM05) | B27: =IFERROR((SUMPRODUCT(ICC3_MemberMonths_2024,G27)+SUMPRODUCT(ICC4_MemberMonths_2024,L27)+SUMPRODUCT(ICC7_MemberMonths_2024,Q27))/Commercial_MemberMonths_2024,"NA") -> NA | C27: {=IFERROR((SUMPRODUCT(H25,H27)+SUMPRODUCT(ICC4_MemberMonths_2025,M27)+SUMPRODUCT(ICC7_MemberMonths_2025,R27))/Commercial_MemberMonths_2025,"NA")} -> NA | D27: =IFERROR(Table948[[#This Row],[2025]]/Table948[[#This Row],[2024]]-1,"NA") -> NA | F27: Claims: Hospital Outpatient (TM07/TM05) | G27: =IFERROR((SUMIFS(TM[[#All],[Claims: Hospital Outpatient]],TM[[#All],[Reporting Year]],2024,TM[[#All],[Insurance Category Code]],3,TM[[#All],[Large Provider Entity Code]],100))/ICC3_MemberMonths_2024,"NA") -> NA | H27: =IFERROR((SUMIFS(TM[[#All],[Claims: Hospital Outpatient]],TM[[#All],[Reporting Year]],2025,TM[[#All],[Insurance Category Code]],3,TM[[#All],[Large Provider Entity Code]],100))/H25,"NA") -> NA | I27: =IFERROR(Table91149[[#This Row],[2025]]/Table91149[[#This Row],[2024]]-1,"NA") -> NA | K27: Claims: Hospital Outpatient (TM07/TM05) | L27: =IFERROR((SUMIFS(TM[[#All],[Claims: Hospital Outpatient]],TM[[#All],[Reporting Year]],2024,TM[[#All],[Insurance Category Code]],4,TM[[#All],[Large Provider Entity Code]],100))/ICC4_MemberMonths_2024,"NA") -> NA | M27: {=IFERROR((SUMIFS(TM[[#All],[Claims: Hospital Outpatient]],TM[[#All],[Reporting Year]],2025,TM[[#All],[Insurance Category Code]],4,TM[[#All],[Large Provider Entity Code]],100))/ICC4_MemberMonths_2025,"NA")} -> NA | N27: =IFERROR(M27/L27-1,"NA") -> NA | P27: Claims: Hospital Outpatient (TM07/TM05) | Q27: =IFERROR((SUMIFS(TM[[#All],[Claims: Hospital Outpatient]],TM[[#All],[Reporting Year]],2024,TM[[#All],[Insurance Category Code]],7,TM[[#All],[Large Provider Entity Code]],100))/ICC7_MemberMonths_2024,"NA") -> NA | R27: {=IFERROR((SUMIFS(TM[[#All],[Claims: Hospital Outpatient]],TM[[#All],[Reporting Year]],2025,TM[[#All],[Insurance Category Code]],7,TM[[#All],[Large Provider Entity Code]],100))/ICC7_MemberMonths_2025,"NA")} -> NA | S27: =IFERROR(Table911122757[[#This Row],[2025]]/Table911122757[[#This Row],[2024]]-1,"NA") -> NA
A28: Claims: Professional, Primary Care Providers (TM08/TM05) | B28: =IFERROR((SUMPRODUCT(ICC3_MemberMonths_2024,G28)+SUMPRODUCT(ICC4_MemberMonths_2024,L28)+SUMPRODUCT(ICC7_MemberMonths_2024,Q28))/Commercial_MemberMonths_2024,"NA") -> NA | C28: {=IFERROR((SUMPRODUCT(H25,H28)+SUMPRODUCT(ICC4_MemberMonths_2025,M28)+SUMPRODUCT(ICC7_MemberMonths_2025,R28))/Commercial_MemberMonths_2025,"NA")} -> NA | D28: =IFERROR(Table948[[#This Row],[2025]]/Table948[[#This Row],[2024]]-1,"NA") -> NA | F28: Claims: Professional, Primary Care Providers (TM08/TM05) | G28: =IFERROR((SUMIFS(TM[[#All],[Claims: Professional, Primary Care Providers]],TM[[#All],[Reporting Year]],2024,TM[[#All],[Insurance Category Code]],3,TM[[#All],[Large Provider Entity Code]],100))/ICC3_MemberMonths_2024,"NA") -> NA | H28: =IFERROR((SUMIFS(TM[[#All],[Claims: Professional, Primary Care Providers]],TM[[#All],[Reporting Year]],2025,TM[[#All],[Insurance Category Code]],3,TM[[#All],[Large Provider Entity Code]],100))/H25,"NA") -> NA | I28: =IFERROR(Table91149[[#This Row],[2025]]/Table91149[[#This Row],[2024]]-1,"NA") -> NA | K28: Claims: Professional, Primary Care Providers (TM08/TM05) | L28: =IFERROR((SUMIFS(TM[[#All],[Claims: Professional, Primary Care Providers]],TM[[#All],[Reporting Year]],2024,TM[[#All],[Insurance Category Code]],4,TM[[#All],[Large Provider Entity Code]],100))/ICC4_MemberMonths_2024,"NA") -> NA | M28: {=IFERROR((SUMIFS(TM[[#All],[Claims: Professional, Primary Care Providers]],TM[[#All],[Reporting Year]],2025,TM[[#All],[Insurance Category Code]],4,TM[[#All],[Large Provider Entity Code]],100))/ICC4_MemberMonths_2025,"NA")} -> NA | N28: =IFERROR(M28/L28-1,"NA") -> NA | P28: Claims: Professional, Primary Care Providers (TM08/TM05) | Q28: =IFERROR((SUMIFS(TM[[#All],[Claims: Professional, Primary Care Providers]],TM[[#All],[Reporting Year]],2024,TM[[#All],[Insurance Category Code]],7,TM[[#All],[Large Provider Entity Code]],100))/ICC7_MemberMonths_2024,"NA") -> NA | R28: {=IFERROR((SUMIFS(TM[[#All],[Claims: Professional, Primary Care Providers]],TM[[#All],[Reporting Year]],2025,TM[[#All],[Insurance Category Code]],7,TM[[#All],[Large Provider Entity Code]],100))/ICC7_MemberMonths_2025,"NA")} -> NA | S28: =IFERROR(Table911122757[[#This Row],[2025]]/Table911122757[[#This Row],[2024]]-1,"NA") -> NA
A29: Claims: Professional, Specialty Providers (TM09/TM05) | B29: =IFERROR((SUMPRODUCT(ICC3_MemberMonths_2024,G29)+SUMPRODUCT(ICC4_MemberMonths_2024,L29)+SUMPRODUCT(ICC7_MemberMonths_2024,Q29))/Commercial_MemberMonths_2024,"NA") -> NA | C29: {=IFERROR((SUMPRODUCT(H25,H29)+SUMPRODUCT(ICC4_MemberMonths_2025,M29)+SUMPRODUCT(ICC7_MemberMonths_2025,R29))/Commercial_MemberMonths_2025,"NA")} -> NA | D29: =IFERROR(Table948[[#This Row],[2025]]/Table948[[#This Row],[2024]]-1,"NA") -> NA | F29: Claims: Professional, Specialty Providers (TM09/TM05) | G29: =IFERROR((SUMIFS(TM[[#All],[Claims: Professional, Specialty Providers]],TM[[#All],[Reporting Year]],2024,TM[[#All],[Insurance Category Code]],3,TM[[#All],[Large Provider Entity Code]],100))/ICC3_MemberMonths_2024,"NA") -> NA | H29: =IFERROR((SUMIFS(TM[[#All],[Claims: Professional, Specialty Providers]],TM[[#All],[Reporting Year]],2025,TM[[#All],[Insurance Category Code]],3,TM[[#All],[Large Provider Entity Code]],100))/H25,"NA") -> NA | I29: =IFERROR(Table91149[[#This Row],[2025]]/Table91149[[#This Row],[2024]]-1,"NA") -> NA | K29: Claims: Professional, Specialty Providers (TM09/TM05) | L29: =IFERROR((SUMIFS(TM[[#All],[Claims: Professional, Specialty Providers]],TM[[#All],[Reporting Year]],2024,TM[[#All],[Insurance Category Code]],4,TM[[#All],[Large Provider Entity Code]],100))/ICC4_MemberMonths_2024,"NA") -> NA | M29: {=IFERROR((SUMIFS(TM[[#All],[Claims: Professional, Specialty Providers]],TM[[#All],[Reporting Year]],2025,TM[[#All],[Insurance Category Code]],4,TM[[#All],[Large Provider Entity Code]],100))/ICC4_MemberMonths_2025,"NA")} -> NA | N29: =IFERROR(M29/L29-1,"NA") -> NA | P29: Claims: Professional, Specialty Providers (TM09/TM05) | Q29: =IFERROR((SUMIFS(TM[[#All],[Claims: Professional, Specialty Providers]],TM[[#All],[Reporting Year]],2024,TM[[#All],[Insurance Category Code]],7,TM[[#All],[Large Provider Entity Code]],100))/ICC7_MemberMonths_2024,"NA") -> NA | R29: {=IFERROR((SUMIFS(TM[[#All],[Claims: Professional, Specialty Providers]],TM[[#All],[Reporting Year]],2025,TM[[#All],[Insurance Category Code]],7,TM[[#All],[Large Provider Entity Code]],100))/ICC7_MemberMonths_2025,"NA")} -> NA | S29: =IFERROR(Table911122757[[#This Row],[2025]]/Table911122757[[#This Row],[2024]]-1,"NA") -> NA
A30: Claims: Professional, Other Providers (TM10/TM05) | B30: =IFERROR((SUMPRODUCT(ICC3_MemberMonths_2024,G30)+SUMPRODUCT(ICC4_MemberMonths_2024,L30)+SUMPRODUCT(ICC7_MemberMonths_2024,Q30))/Commercial_MemberMonths_2024,"NA") -> NA | C30: {=IFERROR((SUMPRODUCT(H25,H30)+SUMPRODUCT(ICC4_MemberMonths_2025,M30)+SUMPRODUCT(ICC7_MemberMonths_2025,R30))/Commercial_MemberMonths_2025,"NA")} -> NA | D30: =IFERROR(Table948[[#This Row],[2025]]/Table948[[#This Row],[2024]]-1,"NA") -> NA | F30: Claims: Professional, Other Providers (TM10/TM05) | G30: =IFERROR((SUMIFS(TM[[#All],[Claims: Professional, Other Providers]],TM[[#All],[Reporting Year]],2024,TM[[#All],[Insurance Category Code]],3,TM[[#All],[Large Provider Entity Code]],100))/ICC3_MemberMonths_2024,"NA") -> NA | H30: =IFERROR((SUMIFS(TM[[#All],[Claims: Professional, Other Providers]],TM[[#All],[Reporting Year]],2025,TM[[#All],[Insurance Category Code]],3,TM[[#All],[Large Provider Entity Code]],100))/H25,"NA") -> NA | I30: =IFERROR(Table91149[[#This Row],[2025]]/Table91149[[#This Row],[2024]]-1,"NA") -> NA | K30: Claims: Professional, Other Providers (TM10/TM05) | L30: =IFERROR((SUMIFS(TM[[#All],[Claims: Professional, Other Providers]],TM[[#All],[Reporting Year]],2024,TM[[#All],[Insurance Category Code]],4,TM[[#All],[Large Provider Entity Code]],100))/ICC4_MemberMonths_2024,"NA") -> NA | M30: {=IFERROR((SUMIFS(TM[[#All],[Claims: Professional, Other Providers]],TM[[#All],[Reporting Year]],2025,TM[[#All],[Insurance Category Code]],4,TM[[#All],[Large Provider Entity Code]],100))/ICC4_MemberMonths_2025,"NA")} -> NA | N30: =IFERROR(M30/L30-1,"NA") -> NA | P30: Claims: Professional, Other Providers (TM10/TM05) | Q30: =IFERROR((SUMIFS(TM[[#All],[Claims: Professional, Other Providers]],TM[[#All],[Reporting Year]],2024,TM[[#All],[Insurance Category Code]],7,TM[[#All],[Large Provider Entity Code]],100))/ICC7_MemberMonths_2024,"NA") -> NA | R30: {=IFERROR((SUMIFS(TM[[#All],[Claims: Professional, Other Providers]],TM[[#All],[Reporting Year]],2025,TM[[#All],[Insurance Category Code]],7,TM[[#All],[Large Provider Entity Code]],100))/ICC7_MemberMonths_2025,"NA")} -> NA | S30: =IFERROR(Table911122757[[#This Row],[2025]]/Table911122757[[#This Row],[2024]]-1,"NA") -> NA
A31: Claims: Long-Term Care (TM11/TM05) | B31: =IFERROR((SUMPRODUCT(ICC3_MemberMonths_2024,G31)+SUMPRODUCT(ICC4_MemberMonths_2024,L31)+SUMPRODUCT(ICC7_MemberMonths_2024,Q31))/Commercial_MemberMonths_2024,"NA") -> NA | C31: {=IFERROR((SUMPRODUCT(H25,H31)+SUMPRODUCT(ICC4_MemberMonths_2025,M31)+SUMPRODUCT(ICC7_MemberMonths_2025,R31))/Commercial_MemberMonths_2025,"NA")} -> NA | D31: =IFERROR(Table948[[#This Row],[2025]]/Table948[[#This Row],[2024]]-1,"NA") -> NA | F31: Claims: Long-Term Care (TM11/TM05) | G31: =IFERROR((SUMIFS(TM[[#All],[Claims: Long-Term Care]],TM[[#All],[Reporting Year]],2024,TM[[#All],[Insurance Category Code]],3,TM[[#All],[Large Provider Entity Code]],100))/ICC3_MemberMonths_2024,"NA") -> NA | H31: =IFERROR((SUMIFS(TM[[#All],[Claims: Long-Term Care]],TM[[#All],[Reporting Year]],2025,TM[[#All],[Insurance Category Code]],3,TM[[#All],[Large Provider Entity Code]],100))/H25,"NA") -> NA | I31: =IFERROR(Table91149[[#This Row],[2025]]/Table91149[[#This Row],[2024]]-1,"NA") -> NA | K31: Claims: Long-Term Care (TM11/TM05) | L31: =IFERROR((SUMIFS(TM[[#All],[Claims: Long-Term Care]],TM[[#All],[Reporting Year]],2024,TM[[#All],[Insurance Category Code]],4,TM[[#All],[Large Provider Entity Code]],100))/ICC4_MemberMonths_2024,"NA") -> NA | M31: {=IFERROR((SUMIFS(TM[[#All],[Claims: Long-Term Care]],TM[[#All],[Reporting Year]],2025,TM[[#All],[Insurance Category Code]],4,TM[[#All],[Large Provider Entity Code]],100))/ICC4_MemberMonths_2025,"NA")} -> NA | N31: =IFERROR(M31/L31-1,"NA") -> NA | P31: Claims: Long-Term Care (TM11/TM05) | Q31: =IFERROR((SUMIFS(TM[[#All],[Claims: Long-Term Care]],TM[[#All],[Reporting Year]],2024,TM[[#All],[Insurance Category Code]],7,TM[[#All],[Large Provider Entity Code]],100))/ICC7_MemberMonths_2024,"NA") -> NA | R31: {=IFERROR((SUMIFS(TM[[#All],[Claims: Long-Term Care]],TM[[#All],[Reporting Year]],2025,TM[[#All],[Insurance Category Code]],7,TM[[#All],[Large Provider Entity Code]],100))/ICC7_MemberMonths_2025,"NA")} -> NA | S31: =IFERROR(Table911122757[[#This Row],[2025]]/Table911122757[[#This Row],[2024]]-1,"NA") -> NA
A32: Claims: Retail Pharmacy (Gross of Rebates) (TM12/TM05) | B32: =IFERROR((SUMPRODUCT(ICC3_MemberMonths_2024,G32)+SUMPRODUCT(ICC4_MemberMonths_2024,L32)+SUMPRODUCT(ICC7_MemberMonths_2024,Q32))/Commercial_MemberMonths_2024,"NA") -> NA | C32: {=IFERROR((SUMPRODUCT(H25,H32)+SUMPRODUCT(ICC4_MemberMonths_2025,M32)+SUMPRODUCT(ICC7_MemberMonths_2025,R32))/Commercial_MemberMonths_2025,"NA")} -> NA | D32: =IFERROR(Table948[[#This Row],[2025]]/Table948[[#This Row],[2024]]-1,"NA") -> NA | F32: Claims: Retail Pharmacy (Gross of Rebates) (TM12/TM05) | G32: =IFERROR((SUMIFS(TM[[#All],[Claims: Retail Pharmacy]],TM[[#All],[Reporting Year]],2024,TM[[#All],[Insurance Category Code]],3,TM[[#All],[Large Provider Entity Code]],100))/ICC3_MemberMonths_2024,"NA") -> NA | H32: =IFERROR((SUMIFS(TM[[#All],[Claims: Retail Pharmacy]],TM[[#All],[Reporting Year]],2025,TM[[#All],[Insurance Category Code]],3,TM[[#All],[Large Provider Entity Code]],100))/H25,"NA") -> NA | I32: =IFERROR(Table91149[[#This Row],[2025]]/Table91149[[#This Row],[2024]]-1,"NA") -> NA | K32: Claims: Retail Pharmacy (Gross of Rebates) (TM12/TM05) | L32: =IFERROR((SUMIFS(TM[[#All],[Claims: Retail Pharmacy]],TM[[#All],[Reporting Year]],2024,TM[[#All],[Insurance Category Code]],4,TM[[#All],[Large Provider Entity Code]],100))/ICC4_MemberMonths_2024,"NA") -> NA | M32: {=IFERROR((SUMIFS(TM[[#All],[Claims: Retail Pharmacy]],TM[[#All],[Reporting Year]],2025,TM[[#All],[Insurance Category Code]],4,TM[[#All],[Large Provider Entity Code]],100))/ICC4_MemberMonths_2025,"NA")} -> NA | N32: =IFERROR(M32/L32-1,"NA") -> NA | P32: Claims: Retail Pharmacy (Gross of Rebates) (TM12/TM05) | Q32: =IFERROR((SUMIFS(TM[[#All],[Claims: Retail Pharmacy]],TM[[#All],[Reporting Year]],2024,TM[[#All],[Insurance Category Code]],7,TM[[#All],[Large Provider Entity Code]],100))/ICC7_MemberMonths_2024,"NA") -> NA | R32: {=IFERROR((SUMIFS(TM[[#All],[Claims: Retail Pharmacy]],TM[[#All],[Reporting Year]],2025,TM[[#All],[Insurance Category Code]],7,TM[[#All],[Large Provider Entity Code]],100))/ICC7_MemberMonths_2025,"NA")} -> NA | S32: =IFERROR(Table911122757[[#This Row],[2025]]/Table911122757[[#This Row],[2024]]-1,"NA") -> NA
A33: Claims: Retail Pharmacy (Net of Pharmacy Rebate Amount) (TM12+RX07/TM05) | B33: =IFERROR((SUMPRODUCT(ICC3_MemberMonths_2024,G33)+SUMPRODUCT(ICC4_MemberMonths_2024,L33)+SUMPRODUCT(ICC7_MemberMonths_2024,Q33))/Commercial_MemberMonths_2024,"NA") -> NA | C33: {=IFERROR((SUMPRODUCT(H25,H33)+SUMPRODUCT(ICC4_MemberMonths_2025,M33)+SUMPRODUCT(ICC7_MemberMonths_2025,R33))/Commercial_MemberMonths_2025,"NA")} -> NA | D33: =IFERROR(Table948[[#This Row],[2025]]/Table948[[#This Row],[2024]]-1,"NA") -> NA | F33: Claims: Retail Pharmacy (Net of Pharmacy Rebate Amount) (TM12+RX07/TM05) | G33: =IFERROR(((SUMIFS(TM[[#All],[Claims: Retail Pharmacy]],TM[[#All],[Reporting Year]],2024,TM[[#All],[Insurance Category Code]],3,TM[[#All],[Large Provider Entity Code]],100))-ABS(SUMIFS(RX[[#All],[Total Medical and Retail Pharmacy Rebate Amount]],RX[[#All],[Reporting Year]],2024,RX[[#All],[Insurance Category Code]],3)))/ICC3_MemberMonths_2024,"NA") -> NA | H33: =IFERROR(((SUMIFS(TM[[#All],[Claims: Retail Pharmacy]],TM[[#All],[Reporting Year]],2025,TM[[#All],[Insurance Category Code]],3,TM[[#All],[Large Provider Entity Code]],100))-ABS(SUMIFS(RX[[#All],[Total Medical and Retail Pharmacy Rebate Amount]],RX[[#All],[Reporting Year]],2025,RX[[#All],[Insurance Category Code]],3)))/H25,"NA") -> NA | I33: =IFERROR(Table91149[[#This Row],[2025]]/Table91149[[#This Row],[2024]]-1,"NA") -> NA | K33: Claims: Retail Pharmacy (Net of Pharmacy Rebate Amount) (TM12+RX07/TM05) | L33: =IFERROR(((SUMIFS(TM[[#All],[Claims: Retail Pharmacy]],TM[[#All],[Reporting Year]],2024,TM[[#All],[Insurance Category Code]],4,TM[[#All],[Large Provider Entity Code]],100))-ABS(SUMIFS(RX[[#All],[Total Medical and Retail Pharmacy Rebate Amount]],RX[[#All],[Reporting Year]],2024,RX[[#All],[Insurance Category Code]],4)))/ICC4_MemberMonths_2024,"NA") -> NA | M33: {=IFERROR(((SUMIFS(TM[[#All],[Claims: Retail Pharmacy]],TM[[#All],[Reporting Year]],2025,TM[[#All],[Insurance Category Code]],4,TM[[#All],[Large Provider Entity Code]],100))-ABS(SUMIFS(RX[[#All],[Total Medical and Retail Pharmacy Rebate Amount]],RX[[#All],[Reporting Year]],2025,RX[[#All],[Insurance Category Code]],4)))/ICC4_MemberMonths_2025,"NA")} -> NA | N33: =IFERROR(M33/L33-1,"NA") -> NA | P33: Claims: Retail Pharmacy (Net of Pharmacy Rebate Amount) (TM12+RX07/TM05) | Q33: =IFERROR(((SUMIFS(TM[[#All],[Claims: Retail Pharmacy]],TM[[#All],[Reporting Year]],2024,TM[[#All],[Insurance Category Code]],7,TM[[#All],[Large Provider Entity Code]],100))-ABS(SUMIFS(RX[[#All],[Total Medical and Retail Pharmacy Rebate Amount]],RX[[#All],[Reporting Year]],2024,RX[[#All],[Insurance Category Code]],7)))/ICC7_MemberMonths_2024,"NA") -> NA | R33: {=IFERROR(((SUMIFS(TM[[#All],[Claims: Retail Pharmacy]],TM[[#All],[Reporting Year]],2025,TM[[#All],[Insurance Category Code]],7,TM[[#All],[Large Provider Entity Code]],100))-ABS(SUMIFS(RX[[#All],[Total Medical and Retail Pharmacy Rebate Amount]],RX[[#All],[Reporting Year]],2025,RX[[#All],[Insurance Category Code]],7)))/ICC7_MemberMonths_2025,"NA")} -> NA | S33: =IFERROR(Table911122757[[#This Row],[2025]]/Table911122757[[#This Row],[2024]]-1,"NA") -> NA
A34: Total Medical and Retail Pharmacy Rebate Amount (RX07/TM05) | B34: =IFERROR((SUMPRODUCT(ICC3_MemberMonths_2024,G34)+SUMPRODUCT(ICC4_MemberMonths_2024,L34)+SUMPRODUCT(ICC7_MemberMonths_2024,Q34))/Commercial_MemberMonths_2024,"NA") -> NA | C34: {=IFERROR((SUMPRODUCT(H25,H34)+SUMPRODUCT(ICC4_MemberMonths_2025,M34)+SUMPRODUCT(ICC7_MemberMonths_2025,R34))/Commercial_MemberMonths_2025,"NA")} -> NA | D34: =IFERROR(Table948[[#This Row],[2025]]/Table948[[#This Row],[2024]]-1,"NA") -> NA | F34: Total Medical and Retail Pharmacy Rebate Amount (RX07/TM05) | G34: =IFERROR(SUMIFS(RX[[#All],[Total Medical and Retail Pharmacy Rebate Amount]],RX[[#All],[Reporting Year]],2024,RX[[#All],[Insurance Category Code]],3)/ICC3_MemberMonths_2024,"NA") -> NA | H34: =IFERROR(SUMIFS(RX[[#All],[Total Medical and Retail Pharmacy Rebate Amount]],RX[[#All],[Reporting Year]],2025,RX[[#All],[Insurance Category Code]],3)/H25,"NA") -> NA | I34: =IFERROR(Table91149[[#This Row],[2025]]/Table91149[[#This Row],[2024]]-1,"NA") -> NA | K34: Total Medical and Retail Pharmacy Rebate Amount (RX07/TM05) | L34: =IFERROR(SUMIFS(RX[[#All],[Total Medical and Retail Pharmacy Rebate Amount]],RX[[#All],[Reporting Year]],2024,RX[[#All],[Insurance Category Code]],4)/ICC4_MemberMonths_2024,"NA") -> NA | M34: {=IFERROR(SUMIFS(RX[[#All],[Total Medical and Retail Pharmacy Rebate Amount]],RX[[#All],[Reporting Year]],2025,RX[[#All],[Insurance Category Code]],4)/ICC4_MemberMonths_2025,"NA")} -> NA | N34: =IFERROR(M34/L34-1,"NA") -> NA | P34: Total Medical and Retail Pharmacy Rebate Amount (RX07/TM05) | Q34: =IFERROR(SUMIFS(RX[[#All],[Total Medical and Retail Pharmacy Rebate Amount]],RX[[#All],[Reporting Year]],2024,RX[[#All],[Insurance Category Code]],7)/ICC7_MemberMonths_2024,"NA") -> NA | R34: {=IFERROR(-ABS(SUMIFS(RX[[#All],[Total Medical and Retail Pharmacy Rebate Amount]],RX[[#All],[Reporting Year]],2025,RX[[#All],[Insurance Category Code]],7))/ICC7_MemberMonths_2025,"NA")} -> NA | S34: =IFERROR(Table911122757[[#This Row],[2025]]/Table911122757[[#This Row],[2024]]-1,"NA") -> NA
A35: Rebates as a proportion of pharmacy spending (RX07/TM12) | B35: =IFERROR(ABS(B34/B32),"NA") -> NA | C35: =IFERROR(ABS(C34/C32),"NA") -> NA | D35: NA | F35: Rebates as a proportion of pharmacy spending (RX07/TM12) | G35: =IFERROR(ABS(G34/G32),"NA") -> NA | H35: =IFERROR(ABS(H34/H32),"NA") -> NA | I35: NA | K35: Rebates as a proportion of pharmacy spending (RX07/TM12) | L35: =IFERROR(ABS(L34/L32),"NA") -> NA | M35: =IFERROR(ABS(M34/M32),"NA") -> NA | N35: NA | P35: Rebates as a proportion of pharmacy spending (RX07/TM12) | Q35: =IFERROR(ABS(Q34/Q32),"NA") -> NA | R35: =IFERROR(ABS(R34/R32),"NA") -> NA | S35: NA
